Workbook
Name Accrual_Days: [1]Flags!$B:$B
Name ACTACC: [1]PRJE!$H$1
Name Actual_Flag: [1]Flags!$A$1:$A$2
Name CHART: [2]Sheet1!$A:$B
Name DAYSTOACCRUE: #REF!
Name ENERO: #REF!
Name ENERO: #REF!
Name ENERO: #REF!
Name ENERO: #REF!
Name ENERO: #REF!
Name ENERO: #REF!
Name ENTITY: #REF!
Name LAST: #REF!
Name NMLKUPTABLE: [1]Flags!$G:$I
Name proplistshort: [2]Sheet1!$D$1:$D$24
Name PROPNAME: [1]Flags!$G:$G
Name spec: #REF!
Name TAB_MOIS: '[3]Income Statement'!#REF!
Name TAB_MOIS: #REF!
Name TAB_MOIS: '[3]Income Statement'!#REF!
Name TAB_MOIS: #REF!
Name TAB_MOIS: #REF!
Name TAB_MOIS: '[3]Income Statement'!#REF!
Name TAB_MOIS: #REF!
Name TAB_MOIS: '[3]Income Statement'!#REF!
Name TAB_MOIS: #REF!
Name TAB_MOIS: '[3]Income Statement'!#REF!
Name TAB_MOIS: #REF!
Name TAB_MOIS: '[4]Income Statement'!#REF!
Name YESNOCHOICE: [2]Sheet1!$D$1:$D$2

Sheet NOT TO USE
B1: PROPRIETORS STRATA PLAN # 50 - BUDGET 2022
B3: SUMMARY | D3: BUDGET 2022 | E3: ACTUAL 2021 | F3: BUDGET 2021 | G3: ACTUAL 2020 | H3: ACTUAL 2019 | J3: B 2022 vs Act 2021 | K3: % | M3: Act 2021 vs Bud 2021 | N3: %
B5: Revenues | D5: =+'NOT TO USE.'!D5 -> 3073618 | E5: =+'NOT TO USE.'!E5 -> 2730915.4 | F5: =+'NOT TO USE.'!G5 -> 2827475 | G5: =+'NOT TO USE.'!H5 -> 2588050 | H5: =+'NOT TO USE.'!J5 -> 3025526 | J5: =D5-E5 -> 342702.64 | K5: =+J5/E5 -> 0.12549003 | M5: =E5-F5 -> -96559.64 | N5: =+M5/F5 -> -0.034150484
B6: TOTAL REVENUES | D6: =SUM(D5) -> 3073618 | E6: =SUM(E5) -> 2730915.4 | F6: =SUM(F5) -> 2827475 | G6: =+G5 -> 2588050 | H6: =+H5 -> 3025526 | J6: =D6-E6 -> 342702.64 | K6: =+J6/E6 -> 0.12549003 | M6: =E6-F6 -> -96559.64 | N6: =+M6/F6 -> -0.034150484
J7: =+J6/E6 -> 0.12549003 | M7: =+M6/F6 -> -0.034150484
B8: Admin & General | D8: =+'NOT TO USE.'!D8 -> 1160225.9 | E8: =+'NOT TO USE.'!E8 -> 1061411 | F8: =+'NOT TO USE.'!G8 -> 1140816.9 | G8: =+'NOT TO USE.'!H8 -> 1010975 | H8: =+'NOT TO USE.'!J8 -> 1088697 | J8: =D8-E8 -> 98814.9 | K8: =+J8/E8 -> 0.093097678 | M8: =E8-F8 -> -79405.906 | N8: =+M8/F8 -> -0.069604426
B9: Maintenance | D9: =+'NOT TO USE.'!D9 -> 1170801.3 | E9: =+'NOT TO USE.'!E9 -> 917709.15 | F9: =+'NOT TO USE.'!G9 -> 1099121.3 | G9: =+'NOT TO USE.'!H9 -> 644808 | H9: =+'NOT TO USE.'!J9 -> 1099990 | J9: =D9-E9 -> 253092.13 | K9: =+J9/E9 -> 0.27578687 | M9: =E9-F9 -> -181412.19 | N9: =+M9/F9 -> -0.16505201
B10: Pool & Beach | D10: =+'NOT TO USE.'!D10 -> 431094.75 | E10: =+'NOT TO USE.'!E10 -> 364865.13 | F10: =+'NOT TO USE.'!G10 -> 378189.54 | G10: =+'NOT TO USE.'!H10 -> 223967 | H10: =+'NOT TO USE.'!J10 -> 409493 | J10: =D10-E10 -> 66229.621 | K10: =+J10/E10 -> 0.18151809 | M10: =E10-F10 -> -13324.411 | N10: =+M10/F10 -> -0.035232099
B11: Common Areas | D11: =+'NOT TO USE.'!D11 -> 82400 | E11: =+'NOT TO USE.'!E11 -> 74251.5 | F11: =+'NOT TO USE.'!G11 -> 71291.67 | G11: =+'NOT TO USE.'!H11 -> 54479 | H11: =+'NOT TO USE.'!J11 -> 63510 | J11: =D11-E11 -> 8148.5 | K11: =+J11/E11 -> 0.10974189 | M11: =E11-F11 -> 2959.83 | N11: =+M11/F11 -> 0.041517193
B12: Utilities | D12: =+'NOT TO USE.'!D12 -> 266000 | E12: =+'NOT TO USE.'!E12 -> 283692 | F12: =+'NOT TO USE.'!G12 -> 198250 | G12: =+'NOT TO USE.'!H12 -> 139546 | H12: =+'NOT TO USE.'!J12 -> 262888 | J12: =D12-E12 -> -17692 | K12: =+J12/E12 -> -0.062363408 | M12: =E12-F12 -> 85442 | N12: =+M12/F12 -> 0.43098108
B13: TOTAL EXPENSES | D13: =SUM(D8:D12) -> 3110521.9 | E13: =SUM(E8:E12) -> 2701928.8 | F13: =SUM(F8:F12) -> 2887669.5 | G13: =SUM(G8:G12) -> 2073775 | H13: =SUM(H8:H12) -> 2924578 | J13: =D13-E13 -> 408593.15 | K13: =+J13/E13 -> 0.15122277 | M13: =E13-F13 -> -185740.68 | N13: =+M13/F13 -> -0.064322001
J14: =+J13/E13 -> 0.15122277 | M14: =+M13/F13 -> -0.064322001
B15: Insurance Assessment | D15: ='NOT TO USE.'!D15 -> -1140358 | E15: ='NOT TO USE.'!E15 -> -956333 | F15: ='NOT TO USE.'!G15 -> -971514 | G15: ='NOT TO USE.'!H15 -> -870465 | H15: ='NOT TO USE.'!J15 -> -749079 | J15: =D15-E15 -> -184025 | K15: =+J15/E15 -> 0.19242774 | M15: =E15-F15 -> 15181 | N15: =+M15/F15 -> -0.015626126
B16: Insurance Expenses | D16: ='NOT TO USE.'!D16 -> 1140358 | E16: ='NOT TO USE.'!E16 -> 956333 | F16: ='NOT TO USE.'!G16 -> 971514 | G16: ='NOT TO USE.'!H16 -> 870465 | H16: ='NOT TO USE.'!J16 -> 749079 | J16: =D16-E16 -> 184025 | K16: =+J16/E16 -> 0.19242774 | M16: =E16-F16 -> -15181 | N16: =+M16/F16 -> -0.015626126
B17: Management Fee | J17: =D17-E17 -> 0 | M17: =E17-F17 -> 0
B18: TOTAL INSURANCE | D18: =SUM(D15:D17) -> 0 | E18: =SUM(E15:E17) -> 0 | F18: =SUM(G15:G17) -> 0 | G18: =SUM(J15:J17) -> 0 | H18: =SUM(K15:K17) -> 0.38485548 | J18: =D18-E18 -> 0 | M18: =E18-F18 -> 0
J19: =D19-E19 -> 0 | M19: =E19-F19 -> 0
B20: Capex Reserve Assessment | D20: =+'NOT TO USE.'!D20 -> -193608 | E20: =+'NOT TO USE.'!E20 -> -145206 | F20: =+'NOT TO USE.'!G20 -> -145206 | G20: =+'NOT TO USE.'!H20 -> -32268 | H20: =+'NOT TO USE.'!J20 -> -193608 | J20: =D20-E20 -> -48402 | K20: =+J20/E20 -> 0.33333333 | M20: =E20-F20 -> 0 | N20: =+M20/F20 -> 0
B21: Major Reserve Assessment | D21: =+'NOT TO USE.'!D21 -> -322680 | E21: =+'NOT TO USE.'!E21 -> -242010 | F21: =+'NOT TO USE.'!G21 -> -242010 | G21: =+'NOT TO USE.'!H21 -> -53780 | H21: =+'NOT TO USE.'!J21 -> -322680 | J21: =D21-E21 -> -80670 | K21: =+J21/E21 -> 0.33333333 | M21: =E21-F21 -> 0 | N21: =+M21/F21 -> 0
B22: Reserve Fund | D22: =+'NOT TO USE.'!D22 -> 516288 | E22: =+'NOT TO USE.'!E22 -> 387216 | F22: =+'NOT TO USE.'!G22 -> 387216 | G22: =+'NOT TO USE.'!H22 -> 86048 | H22: =+'NOT TO USE.'!J22 -> 516288 | J22: =D22-E22 -> 129072 | K22: =+J22/E22 -> 0.33333333 | M22: =E22-F22 -> 0 | N22: =+M22/F22 -> 0
B23: TOTAL RESERVE FUND | D23: =SUM(D20:D22) -> 0 | E23: =SUM(E20:E22) -> 0 | F23: =SUM(G20:G22) -> 0 | G23: =SUM(J20:J22) -> 0 | H23: =SUM(K20:K22) -> 1 | J23: =D23-E23 -> 0 | M23: =E23-F23 -> 0
J24: =D24-E24 -> 0 | M24: =E24-F24 -> 0
B25: INCOME/ (LOSS) | D25: =D6-D13-D18-D23 -> -36903.93 | E25: =E6-E13-E18-E23 -> 28986.581 | F25: =F6-F13-F18-F23 -> -60194.456 | G25: =G6-G13-G18-G23 -> 514275 | H25: =H6-H13-H18-H23 -> 100946.62 | J25: =D25-E25 -> -65890.511 | K25: =+J25/E25 -> -2.2731384 | M25: =E25-F25 -> 89181.037
B28: ADMIN & GENERAL
B30: REVENUES | D30: =D3 -> BUDGET 2022 | E30: =E3 -> ACTUAL 2021 | F30: =F3 -> BUDGET 2021 | G30: =G3 -> ACTUAL 2020 | H30: =H3 -> ACTUAL 2019 | J30: =+J$3 -> B 2022 vs Act 2021 | K30: =+K$3 -> % | M30: =+M$3 -> Act 2021 vs Bud 2021 | N30: =+N$3 -> %
B31: Strata Fees | D31: ='NOT TO USE.'!D31 -> 2471484 | E31: ='NOT TO USE.'!E31 -> 2286117 | F31: ='NOT TO USE.'!G31 -> 2285996.9 | G31: ='NOT TO USE.'!H31 -> 2286117 | H31: ='NOT TO USE.'!J31 -> 2447052 | J31: =D31-E31 -> 185367 | K31: =+J31/E31 -> 0.081083777 | M31: =E31-F31 -> 120.06 | N31: =+M31/F31 -> 5.2519755e-05
B32: Strata Garage Fees | D32: ='NOT TO USE.'!D32 -> 70140 | E32: ='NOT TO USE.'!E32 -> 70140 | F32: ='NOT TO USE.'!G32 -> 70140 | G32: ='NOT TO USE.'!H32 -> 70140 | H32: ='NOT TO USE.'!J32 -> 69708 | J32: =D32-E32 -> 0 | K32: =+J32/E32 -> 0 | M32: =E32-F32 -> 0 | N32: =+M32/F32 -> 0
B33: Watersport Contribution | D33: ='NOT TO USE.'!D33 -> 0 | E33: ='NOT TO USE.'!E33 -> 0 | F33: ='NOT TO USE.'!G33 -> 0 | G33: ='NOT TO USE.'!H33 -> 0 | H33: ='NOT TO USE.'!J33 -> 0 | J33: =D33-E33 -> 0 | M33: =E33-F33 -> 0
B34: Maintenance Revenue | D34: ='NOT TO USE.'!D34 -> 438000 | E34: ='NOT TO USE.'!E34 -> 285641.89 | F34: ='NOT TO USE.'!G34 -> 420083.37 | G34: ='NOT TO USE.'!H34 -> 201459 | H34: ='NOT TO USE.'!J34 -> 426574 | J34: =D34-E34 -> 152358.11 | K34: =+J34/E34 -> 0.53338854 | M34: =E34-F34 -> -134441.48 | N34: =+M34/F34 -> -0.32003523
B35: Income from water | D35: ='NOT TO USE.'!D35 -> 21840 | E35: ='NOT TO USE.'!E35 -> 18627.13 | F35: ='NOT TO USE.'!G35 -> 12850 | G35: ='NOT TO USE.'!H35 -> 9412 | H35: ='NOT TO USE.'!J35 -> 18165 | J35: =D35-E35 -> 3212.87 | K35: =+J35/E35 -> 0.17248336 | M35: =E35-F35 -> 5777.13 | N35: =+M35/F35 -> 0.4495821
B36: Income from power | D36: ='NOT TO USE.'!D36 -> 55488 | E36: ='NOT TO USE.'!E36 -> 51901.59 | F36: ='NOT TO USE.'!G36 -> 36460 | G36: ='NOT TO USE.'!H36 -> 26764 | H36: ='NOT TO USE.'!J36 -> 55457 | J36: =D36-E36 -> 3586.41 | K36: =+J36/E36 -> 0.069100195 | M36: =E36-F36 -> 15441.59 | N36: =+M36/F36 -> 0.42352139
B37: Income from cable | D37: ='NOT TO USE.'!D37 -> 14400 | E37: ='NOT TO USE.'!E37 -> 16546 | F37: ='NOT TO USE.'!G37 -> 0 | G37: ='NOT TO USE.'!H37 -> -7226 | H37: ='NOT TO USE.'!J37 -> 5782 | J37: =D37-E37 -> -2146 | K37: =+J37/E37 -> -0.12969902 | M37: =E37-F37 -> 16546 | N37: =+M37/F37 -> #DIV/0!
B38: Income from pest control | D38: ='NOT TO USE.'!D38 -> 2016 | E38: ='NOT TO USE.'!E38 -> 1820.04 | F38: ='NOT TO USE.'!G38 -> 1820 | G38: ='NOT TO USE.'!H38 -> 1193 | H38: ='NOT TO USE.'!J38 -> 486 | J38: =D38-E38 -> 195.96 | K38: =+J38/E38 -> 0.10766796 | M38: =E38-F38 -> 0.04 | N38: =+M38/F38 -> 2.1978022e-05
B39: Other Income | D39: ='NOT TO USE.'!D39 -> 0 | E39: ='NOT TO USE.'!E39 -> 0 | F39: ='NOT TO USE.'!G39 -> 0 | G39: ='NOT TO USE.'!H39 -> 0 | H39: ='NOT TO USE.'!J39 -> 0 | J39: =D39-E39 -> 0 | M39: =E39-F39 -> 0
B40: Interest Income | D40: ='NOT TO USE.'!D40 -> 250 | E40: ='NOT TO USE.'!E40 -> 121.71 | F40: ='NOT TO USE.'!G40 -> 125 | G40: ='NOT TO USE.'!H40 -> 191 | H40: ='NOT TO USE.'!J40 -> 2302 | J40: =D40-E40 -> 128.29 | K40: =+J40/E40 -> 1.0540629 | M40: =E40-F40 -> -3.29 | N40: =+M40/F40 -> -0.02632
B41: TOTAL REVENUES | D41: =SUM(D31:D40) -> 3073618 | E41: =SUM(E31:E40) -> 2730915.4 | F41: =SUM(F31:F40) -> 2827475.3 | G41: =SUM(G31:G40) -> 2588050 | H41: =SUM(H31:H40) -> 3025526 | J41: =D41-E41 -> 342702.64 | K41: =+J41/E41 -> 0.12549003 | M41: =E41-F41 -> -96559.95 | N41: =+M41/F41 -> -0.03415059
B43: PAYROLL EXPENSES
B44: Security Payroll | D44: =+'NOT TO USE.'!D44 -> 216000 | E44: =+'NOT TO USE.'!E44 -> 204053 | F44: =+'NOT TO USE.'!G44 -> 229200 | G44: =+'NOT TO USE.'!H44 -> 169941 | H44: =+'NOT TO USE.'!J44 -> 167516 | J44: =D44-E44 -> 11947 | K44: =+J44/E44 -> 0.058548514 | M44: =E44-F44 -> -25147 | N44: =+M44/F44 -> -0.1097164
B45: Supplemental pay | D45: =+'NOT TO USE.'!D45 -> 24000 | E45: =+'NOT TO USE.'!E45 -> 18740 | F45: =+'NOT TO USE.'!G45 -> 24000 | G45: =+'NOT TO USE.'!H45 -> 19384 | H45: =+'NOT TO USE.'!J45 -> 21411 | J45: =D45-E45 -> 5260 | K45: =+J45/E45 -> 0.28068303 | M45: =E45-F45 -> -5260 | N45: =+M45/F45 -> -0.21916667
B46: Employee meals | D46: =+'NOT TO USE.'!D46 -> 18000 | E46: =+'NOT TO USE.'!E46 -> 15613 | F46: =+'NOT TO USE.'!G46 -> 12600 | G46: =+'NOT TO USE.'!H46 -> 14908 | H46: =+'NOT TO USE.'!J46 -> 10743 | J46: =D46-E46 -> 2387 | K46: =+J46/E46 -> 0.15288542 | M46: =E46-F46 -> 3013 | N46: =+M46/F46 -> 0.23912698
B47: Bonus provision | D47: =+'NOT TO USE.'!D47 -> 0 | E47: =+'NOT TO USE.'!E47 -> 0 | F47: =+'NOT TO USE.'!G47 -> 0 | G47: =+'NOT TO USE.'!H47 -> 0 | H47: =+'NOT TO USE.'!J47 -> 0 | J47: =D47-E47 -> 0 | M47: =E47-F47 -> 0
B48: Employee housing | D48: =+'NOT TO USE.'!D48 -> 0 | E48: =+'NOT TO USE.'!E48 -> 0 | F48: =+'NOT TO USE.'!G48 -> 0 | G48: =+'NOT TO USE.'!H48 -> 0 | H48: =+'NOT TO USE.'!J48 -> 0 | J48: =D48-E48 -> 0 | M48: =E48-F48 -> 0
B49: Payroll taxes | D49: =+'NOT TO USE.'!D49 -> 28800 | E49: =+'NOT TO USE.'!E49 -> 23214 | F49: =+'NOT TO USE.'!G49 -> 32664 | G49: =+'NOT TO USE.'!H49 -> 19158 | H49: =+'NOT TO USE.'!J49 -> 18282 | J49: =D49-E49 -> 5586 | K49: =+J49/E49 -> 0.24063065 | M49: =E49-F49 -> -9450 | N49: =+M49/F49 -> -0.28930933
J50: =D50-E50 -> 0 | M50: =E50-F50 -> 0
B51: TOTAL PAYROLL & BENEFITS | D51: =SUM(D44:D49) -> 286800 | E51: =SUM(E44:E49) -> 261620 | F51: =SUM(F44:F49) -> 298464 | G51: =SUM(G44:G49) -> 223391 | H51: =SUM(H44:H49) -> 217952 | J51: =D51-E51 -> 25180 | K51: =+J51/E51 -> 0.096246464 | M51: =E51-F51 -> -36844 | N51: =+M51/F51 -> -0.12344537
B53: OTHER EXPENSES
B54: Bank Charges | D54: =+'NOT TO USE.'!D54 -> 1860 | E54: =+'NOT TO USE.'!E54 -> 2040 | F54: =+'NOT TO USE.'!G54 -> 1860 | G54: =+'NOT TO USE.'!H54 -> 2180 | H54: =+'NOT TO USE.'!J54 -> 1860 | J54: =D54-E54 -> -180 | K54: =+J54/E54 -> -0.088235294 | M54: =E54-F54 -> 180 | N54: =+M54/F54 -> 0.096774194
B55: Work Permits | D55: =+'NOT TO USE.'!D55 -> 30000 | E55: =+'NOT TO USE.'!E55 -> 20318 | F55: =+'NOT TO USE.'!G55 -> 30000 | G55: =+'NOT TO USE.'!H55 -> 40711 | H55: =+'NOT TO USE.'!J55 -> 26905 | J55: =D55-E55 -> 9682 | K55: =+J55/E55 -> 0.47652328 | M55: =E55-F55 -> -9682 | N55: =+M55/F55 -> -0.32273333
B56: Security Services & supplies | D56: =+'NOT TO USE.'!D56 -> 42000 | E56: =+'NOT TO USE.'!E56 -> 25953 | F56: =+'NOT TO USE.'!G56 -> 49200 | G56: =+'NOT TO USE.'!H56 -> 25231 | H56: =+'NOT TO USE.'!J56 -> 114706 | J56: =D56-E56 -> 16047 | K56: =+J56/E56 -> 0.61831002 | M56: =E56-F56 -> -23247 | N56: =+M56/F56 -> -0.4725
B57: Surveillance systems | D57: =+'NOT TO USE.'!D57 -> 0 | E57: =+'NOT TO USE.'!E57 -> 0 | F57: =+'NOT TO USE.'!G57 -> 0 | G57: =+'NOT TO USE.'!H57 -> 0 | H57: =+'NOT TO USE.'!J57 -> 0 | J57: =D57-E57 -> 0 | M57: =E57-F57 -> 0
B58: Telephone | D58: =+'NOT TO USE.'!D58 -> 549.96 | E58: =+'NOT TO USE.'!E58 -> 0 | F58: =+'NOT TO USE.'!G58 -> 550 | G58: =+'NOT TO USE.'!H58 -> 85 | H58: =+'NOT TO USE.'!J58 -> 256 | J58: =D58-E58 -> 549.96 | K58: =+J58/E58 -> #DIV/0! | M58: =E58-F58 -> -550 | N58: =+M58/F58 -> -1
B59: D & O Liability Insurance | D59: =+'NOT TO USE.'!D59 -> 21671.3 | E59: =+'NOT TO USE.'!E59 -> 18673 | F59: =+'NOT TO USE.'!G59 -> 18260.5 | G59: =+'NOT TO USE.'!H59 -> 9563 | H59: =+'NOT TO USE.'!J59 -> 9543 | J59: =D59-E59 -> 2998.3 | K59: =+J59/E59 -> 0.16056874 | M59: =E59-F59 -> 412.5 | N59: =+M59/F59 -> 0.022589743
B60: Gym | D60: =+'NOT TO USE.'!D60 -> 49440 | E60: =+'NOT TO USE.'!E60 -> 49466 | F60: =+'NOT TO USE.'!G60 -> 49440 | G60: =+'NOT TO USE.'!H60 -> 38131 | H60: =+'NOT TO USE.'!J60 -> 51627 | J60: =D60-E60 -> -26 | K60: =+J60/E60 -> -0.00052561355 | M60: =E60-F60 -> 26 | N60: =+M60/F60 -> 0.00052588997
B61: Management Fee | D61: =+'NOT TO USE.'!D61 -> 698304.6 | E61: =+'NOT TO USE.'!E61 -> 665051 | F61: =+'NOT TO USE.'!G61 -> 655057 | G61: =+'NOT TO USE.'!H61 -> 645686 | H61: =+'NOT TO USE.'!J61 -> 626880 | J61: =D61-E61 -> 33253.6 | K61: =+J61/E61 -> 0.050001579 | M61: =E61-F61 -> 9994 | N61: =+M61/F61 -> 0.015256688
B62: Other expenses | D62: =+'NOT TO USE.'!D62 -> 24000 | E62: =+'NOT TO USE.'!E62 -> 18540 | F62: =+'NOT TO USE.'!G62 -> 24000 | G62: =+'NOT TO USE.'!H62 -> 23332 | H62: =+'NOT TO USE.'!J62 -> 34168 | J62: =D62-E62 -> 5460 | K62: =+J62/E62 -> 0.29449838 | M62: =E62-F62 -> -5460 | N62: =+M62/F62 -> -0.2275
B63: Strata Lot Management Fees | D63: =+'NOT TO USE.'!D63 -> 0 | E63: =+'NOT TO USE.'!E63 -> 0 | F63: =+'NOT TO USE.'!G63 -> 0 | G63: =+'NOT TO USE.'!H63 -> 0 | H63: =+'NOT TO USE.'!J63 -> 0 | J63: =D63-E63 -> 0 | M63: =E63-F63 -> 0
B64: Travelling expenses | D64: =+'NOT TO USE.'!D64 -> 5600.04 | E64: =+'NOT TO USE.'!E64 -> -250 | F64: =+'NOT TO USE.'!G64 -> 5600 | G64: =+'NOT TO USE.'!H64 -> 2665 | H64: =+'NOT TO USE.'!J64 -> 4800 | J64: =D64-E64 -> 5850.04 | K64: =+J64/E64 -> -23.40016 | M64: =E64-F64 -> -5850 | N64: =+M64/F64 -> -1.0446429
B65: TOTAL OTHER EXPENSES | D65: =SUM(D54:D64) -> 873425.9 | E65: =SUM(E54:E64) -> 799791 | F65: =SUM(F54:F64) -> 833967.5 | G65: =SUM(G54:G64) -> 787584 | H65: =SUM(H54:H64) -> 870745 | J65: =D65-E65 -> 73634.9 | K65: =+J65/E65 -> 0.092067678 | M65: =E65-F65 -> -34176.5 | N65: =+M65/F65 -> -0.040980614
B67: DEPARTMENTAL INCOME
B68: Dpt. Income (Profit)/Loss | D68: =D41-D51-D65 -> 1913392.1 | E68: =E41-E51-E65 -> 1669504.4 | F68: =F41-F51-F65 -> 1695043.8 | G68: =J41-J51-J65 -> 243887.74 | H68: =K41-K51-K65 -> -0.062824116 | J68: =D68-E68 -> 243887.74 | K68: =+J68/E68 -> 0.14608392 | M68: =E68-F68 -> -25539.45 | N68: =+M68/F68 -> -0.015067133
B71: MAINTENANCE
B73: PAYROLL EXPENSES | D73: =D3 -> BUDGET 2022 | E73: =E3 -> ACTUAL 2021 | F73: =F3 -> BUDGET 2021 | G73: =G3 -> ACTUAL 2020 | H73: =H3 -> ACTUAL 2019 | J73: =+J$3 -> B 2022 vs Act 2021 | K73: =+K$3 -> % | M73: =+M$3 -> Act 2021 vs Bud 2021 | N73: =+N$3 -> %
B74: Maintenance | D74: =+'NOT TO USE.'!D74 -> 211200 | E74: =+'NOT TO USE.'!E74 -> 182144.05 | F74: =+'NOT TO USE.'!G74 -> 192000 | G74: =+'NOT TO USE.'!H74 -> 131734 | H74: =+'NOT TO USE.'!J74 -> 200345 | J74: =D74-E74 -> 29055.95 | K74: =+J74/E74 -> 0.15952182 | M74: =E74-F74 -> -9855.95 | N74: =+M74/F74 -> -0.051333073
B75: Grounds | D75: =+'NOT TO USE.'!D75 -> 165300 | E75: =+'NOT TO USE.'!E75 -> 148912.45 | F75: =+'NOT TO USE.'!G75 -> 162000 | G75: =+'NOT TO USE.'!H75 -> 97670 | H75: =+'NOT TO USE.'!J75 -> 150261 | J75: =D75-E75 -> 16387.55 | K75: =+J75/E75 -> 0.11004822 | M75: =E75-F75 -> -13087.55 | N75: =+M75/F75 -> -0.080787346
B76: Sewage treatment plant | D76: =+'NOT TO USE.'!D76 -> 10014 | E76: =+'NOT TO USE.'!E76 -> 10008 | F76: =+'NOT TO USE.'!G76 -> 10014 | G76: =+'NOT TO USE.'!H76 -> 10008 | H76: =+'NOT TO USE.'!J76 -> 10008 | J76: =D76-E76 -> 6 | K76: =+J76/E76 -> 0.00059952038 | M76: =E76-F76 -> -6 | N76: =+M76/F76 -> -0.00059916117
B77: Supplemental pay | D77: =+'NOT TO USE.'!D77 -> 36000 | E77: =+'NOT TO USE.'!E77 -> 33366.69 | F77: =+'NOT TO USE.'!G77 -> 36000 | G77: =+'NOT TO USE.'!H77 -> 24376 | H77: =+'NOT TO USE.'!J77 -> 38921 | J77: =D77-E77 -> 2633.31 | K77: =+J77/E77 -> 0.078920324 | M77: =E77-F77 -> -2633.31 | N77: =+M77/F77 -> -0.0731475
B78: Employee Meals | D78: =+'NOT TO USE.'!D78 -> 25200 | E78: =+'NOT TO USE.'!E78 -> 23457.16 | F78: =+'NOT TO USE.'!G78 -> 16200 | G78: =+'NOT TO USE.'!H78 -> 16667 | H78: =+'NOT TO USE.'!J78 -> 21146 | J78: =D78-E78 -> 1742.84 | K78: =+J78/E78 -> 0.074298849 | M78: =E78-F78 -> 7257.16 | N78: =+M78/F78 -> 0.44797284
B79: Bonus provision | D79: =+'NOT TO USE.'!D79 -> 10240 | E79: =+'NOT TO USE.'!E79 -> 8392.91 | F79: =+'NOT TO USE.'!G79 -> 6240 | G79: =+'NOT TO USE.'!H79 -> 1694 | H79: =+'NOT TO USE.'!J79 -> 9944 | J79: =D79-E79 -> 1847.09 | K79: =+J79/E79 -> 0.22007742 | M79: =E79-F79 -> 2152.91 | N79: =+M79/F79 -> 0.34501763
B80: Employee housing | D80: =+'NOT TO USE.'!D80 -> 60000 | E80: =+'NOT TO USE.'!E80 -> 53206.06 | F80: =+'NOT TO USE.'!G80 -> 51600 | G80: =+'NOT TO USE.'!H80 -> 56229 | H80: =+'NOT TO USE.'!J80 -> 56976 | J80: =D80-E80 -> 6793.94 | K80: =+J80/E80 -> 0.12769109 | M80: =E80-F80 -> 1606.06 | N80: =+M80/F80 -> 0.031125194
B81: Payroll taxes | D81: =+'NOT TO USE.'!D81 -> 38026.26 | E81: =+'NOT TO USE.'!E81 -> 33579.17 | F81: =+'NOT TO USE.'!G81 -> 42000 | G81: =+'NOT TO USE.'!H81 -> 23020 | H81: =+'NOT TO USE.'!J81 -> 34030 | J81: =D81-E81 -> 4447.09 | K81: =+J81/E81 -> 0.13243597 | M81: =E81-F81 -> -8420.83 | N81: =+M81/F81 -> -0.20049595
J82: =D82-E82 -> 0 | M82: =E82-F82 -> 0
B83: TOTAL PAYROLL & BENEFITS | D83: =SUM(D74:D82) -> 555980.26 | E83: =SUM(E74:E82) -> 493066.49 | F83: =SUM(F74:F82) -> 516054 | G83: =SUM(G74:G82) -> 361398 | H83: =SUM(H74:H82) -> 521631 | J83: =D83-E83 -> 62913.77 | K83: =+J83/E83 -> 0.12759693 | M83: =E83-F83 -> -22987.51 | N83: =+M83/F83 -> -0.044544776
B85: OTHER EXPENSES
B86: Automobile | D86: =+'NOT TO USE.'!D86 -> 8400 | E86: =+'NOT TO USE.'!E86 -> 9012.02 | F86: =+'NOT TO USE.'!G86 -> 12800 | G86: =+'NOT TO USE.'!H86 -> 3053 | H86: =+'NOT TO USE.'!J86 -> 9416 | J86: =D86-E86 -> -612.02 | K86: =+J86/E86 -> -0.067911523 | M86: =E86-F86 -> -3787.98 | N86: =+M86/F86 -> -0.29593594
B87: A/C related | D87: =+'NOT TO USE.'!D87 -> 12000 | E87: =+'NOT TO USE.'!E87 -> 6482.77 | F87: =+'NOT TO USE.'!G87 -> 6250 | G87: =+'NOT TO USE.'!H87 -> 21735 | H87: =+'NOT TO USE.'!J87 -> 12163 | J87: =D87-E87 -> 5517.23 | K87: =+J87/E87 -> 0.85106058 | M87: =E87-F87 -> 232.77 | N87: =+M87/F87 -> 0.0372432
B88: Maintenance supplies | D88: =+'NOT TO USE.'!D88 -> 212500 | E88: =+'NOT TO USE.'!E88 -> 131870.87 | F88: =+'NOT TO USE.'!G88 -> 236270.83 | G88: =+'NOT TO USE.'!H88 -> 69872 | H88: =+'NOT TO USE.'!J88 -> 212722 | J88: =D88-E88 -> 80629.13 | K88: =+J88/E88 -> 0.61142487 | M88: =E88-F88 -> -104399.96 | N88: =+M88/F88 -> -0.44186563
B89: Building maintenance | D89: =+'NOT TO USE.'!D89 -> 51 | E89: =+'NOT TO USE.'!E89 -> 0 | F89: =+'NOT TO USE.'!G89 -> 0 | G89: =+'NOT TO USE.'!H89 -> 0 | H89: =+'NOT TO USE.'!J89 -> 0 | J89: =D89-E89 -> 51 | K89: =+J89/E89 -> #DIV/0! | M89: =E89-F89 -> 0 | N89: =+M89/F89 -> #DIV/0!
B90: Office supplies | D90: =+'NOT TO USE.'!D90 -> 850 | E90: =+'NOT TO USE.'!E90 -> 85.32 | F90: =+'NOT TO USE.'!G90 -> 1740 | G90: =+'NOT TO USE.'!H90 -> 229 | H90: =+'NOT TO USE.'!J90 -> 2891 | J90: =D90-E90 -> 764.68 | K90: =+J90/E90 -> 8.9624941 | M90: =E90-F90 -> -1654.68 | N90: =+M90/F90 -> -0.95096552
B91: Uniforms | D91: =+'NOT TO USE.'!D91 -> 8400 | E91: =+'NOT TO USE.'!E91 -> 6272.31 | F91: =+'NOT TO USE.'!G91 -> 10500 | G91: =+'NOT TO USE.'!H91 -> 4434 | H91: =+'NOT TO USE.'!J91 -> 8074 | J91: =D91-E91 -> 2127.69 | K91: =+J91/E91 -> 0.33921952 | M91: =E91-F91 -> -4227.69 | N91: =+M91/F91 -> -0.40263714
B92: Painting & decoration | D92: =+'NOT TO USE.'!D92 -> 8400 | E92: =+'NOT TO USE.'!E92 -> 8584.42 | F92: =+'NOT TO USE.'!G92 -> 8004 | G92: =+'NOT TO USE.'!H92 -> 3190 | H92: =+'NOT TO USE.'!J92 -> 5189 | J92: =D92-E92 -> -184.42 | K92: =+J92/E92 -> -0.021483105 | M92: =E92-F92 -> 580.42 | N92: =+M92/F92 -> 0.072516242
B93: Electrical & bulbs | D93: =+'NOT TO USE.'!D93 -> 24000 | E93: =+'NOT TO USE.'!E93 -> 34979.08 | F93: =+'NOT TO USE.'!G93 -> 18571.67 | G93: =+'NOT TO USE.'!H93 -> 5206 | H93: =+'NOT TO USE.'!J93 -> 16308 | J93: =D93-E93 -> -10979.08 | K93: =+J93/E93 -> -0.31387561 | M93: =E93-F93 -> 16407.41 | N93: =+M93/F93 -> 0.88346444
B94: Locks & Keys | D94: =+'NOT TO USE.'!D94 -> 6000 | E94: =+'NOT TO USE.'!E94 -> 2427.56 | F94: =+'NOT TO USE.'!G94 -> 1800 | G94: =+'NOT TO USE.'!H94 -> 151 | H94: =+'NOT TO USE.'!J94 -> 5672 | J94: =D94-E94 -> 3572.44 | K94: =+J94/E94 -> 1.4716176 | M94: =E94-F94 -> 627.56 | N94: =+M94/F94 -> 0.34864444
B95: Hurricane | D95: =+'NOT TO USE.'!D95 -> 5500 | E95: =+'NOT TO USE.'!E95 -> 5416.24 | F95: =+'NOT TO USE.'!G95 -> 0 | G95: =+'NOT TO USE.'!H95 -> 226 | H95: =+'NOT TO USE.'!J95 -> 0 | J95: =D95-E95 -> 83.76 | K95: =+J95/E95 -> 0.015464603 | M95: =E95-F95 -> 5416.24 | N95: =+M95/F95 -> #DIV/0!
B96: Elevator | D96: =+'NOT TO USE.'!D96 -> 36000 | E96: =+'NOT TO USE.'!E96 -> 7665 | F96: =+'NOT TO USE.'!G96 -> 11250 | G96: =+'NOT TO USE.'!H96 -> 3700 | H96: =+'NOT TO USE.'!J96 -> 39600 | J96: =D96-E96 -> 28335 | K96: =+J96/E96 -> 3.6966732 | M96: =E96-F96 -> -3585 | N96: =+M96/F96 -> -0.31866667
B97: Garbage removal | D97: =+'NOT TO USE.'!D97 -> 26280 | E97: =+'NOT TO USE.'!E97 -> 17462 | F97: =+'NOT TO USE.'!G97 -> 25590 | G97: =+'NOT TO USE.'!H97 -> 13625 | H97: =+'NOT TO USE.'!J97 -> 26040 | J97: =D97-E97 -> 8818 | K97: =+J97/E97 -> 0.50498225 | M97: =E97-F97 -> -8128 | N97: =+M97/F97 -> -0.31762407
... B102: Sewage treatment | D102: =+'NOT TO USE.'!D102 -> 191000.02 | E102: =+'NOT TO USE.'!E102 -> 150312.97 | F102: =+'NOT TO USE.'!G102 -> 175166.67 | G102: =+'NOT TO USE.'!H102 -> 119993 | H102: =+'NOT TO USE.'!J102 -> 164613 | J102: =D102-E102 -> 40687.05 | K102: =+J102/E102 -> 0.27068223 | M102: =E102-F102 -> -24853.7 | N102: =+M102/F102 -> -0.14188601
B103: TOTAL OTHER EXPENSES | D103: =SUM(D86:D102) -> 614821.02 | E103: =SUM(E86:E102) -> 424642.66 | F103: =SUM(F86:F102) -> 583067.34 | G103: =SUM(G86:G102) -> 283410 | H103: =SUM(H86:H102) -> 578359 | J103: =D103-E103 -> 190178.36 | K103: =+J103/E103 -> 0.44785505 | M103: =E103-F103 -> -158424.68 | N103: =+M103/F103 -> -0.27170906
B105: DEPARTMENTAL INCOME
B106: Dpt. Income (Profit)/Loss | D106: =D83+D103 -> 1170801.3 | E106: =E83+E103 -> 917709.15 | F106: =F83+F103 -> 1099121.3 | G106: =G83+G103 -> 644808 | H106: =H83+H103 -> 1099990 | J106: =D106-E106 -> 253092.13 | K106: =+J106/E106 -> 0.27578687 | M106: =E106-F106 -> -181412.19 | N106: =+M106/F106 -> -0.16505201
B108: POOL & BEACH
B110: PAYROLL EXPENSES | D110: =D3 -> BUDGET 2022 | E110: =E3 -> ACTUAL 2021 | F110: =F3 -> BUDGET 2021 | G110: =G3 -> ACTUAL 2020 | H110: =H3 -> ACTUAL 2019 | J110: =+J$3 -> B 2022 vs Act 2021 | K110: =+K$3 -> % | M110: =+M$3 -> Act 2021 vs Bud 2021 | N110: =+N$3 -> %
B111: Pool & Beach | D111: =+'NOT TO USE.'!D111 -> 200500 | E111: =+'NOT TO USE.'!E111 -> 186520 | F111: =+'NOT TO USE.'!G111 -> 177000 | G111: =+'NOT TO USE.'!H111 -> 104799 | H111: =+'NOT TO USE.'!J111 -> 188108 | J111: =D111-E111 -> 13980 | K111: =+J111/E111 -> 0.074951748 | M111: =E111-F111 -> 9520 | N111: =+M111/F111 -> 0.053785311
B112: Supplemental pay | D112: =+'NOT TO USE.'!D112 -> 15874.5 | E112: =+'NOT TO USE.'!E112 -> 14926 | F112: =+'NOT TO USE.'!G112 -> 15874.5 | G112: =+'NOT TO USE.'!H112 -> 10846 | H112: =+'NOT TO USE.'!J112 -> 15786 | J112: =D112-E112 -> 948.5 | K112: =+J112/E112 -> 0.063546831 | M112: =E112-F112 -> -948.5 | N112: =+M112/F112 -> -0.059749913
B113: Employee Meals | D113: =+'NOT TO USE.'!D113 -> 13560 | E113: =+'NOT TO USE.'!E113 -> 11964 | F113: =+'NOT TO USE.'!G113 -> 13390 | G113: =+'NOT TO USE.'!H113 -> 8513 | H113: =+'NOT TO USE.'!J113 -> 11197 | J113: =D113-E113 -> 1596 | K113: =+J113/E113 -> 0.1334002 | M113: =E113-F113 -> -1426 | N113: =+M113/F113 -> -0.10649739
B114: Bonus provision | D114: =+'NOT TO USE.'!D114 -> 0 | E114: =+'NOT TO USE.'!E114 -> 0 | F114: =+'NOT TO USE.'!G114 -> 0 | G114: =+'NOT TO USE.'!H114 -> 0 | H114: =+'NOT TO USE.'!J114 -> 0 | J114: =D114-E114 -> 0 | M114: =E114-F114 -> 0
B115: Employee housing | D115: =+'NOT TO USE.'!D115 -> 21600 | E115: =+'NOT TO USE.'!E115 -> 21220 | F115: =+'NOT TO USE.'!G115 -> 21000 | G115: =+'NOT TO USE.'!H115 -> 25541 | H115: =+'NOT TO USE.'!J115 -> 28790 | J115: =D115-E115 -> 380 | K115: =+J115/E115 -> 0.017907634 | M115: =E115-F115 -> 220 | N115: =+M115/F115 -> 0.01047619
B116: Payroll taxes | D116: =+'NOT TO USE.'!D116 -> 22055 | E116: =+'NOT TO USE.'!E116 -> 18527 | F116: =+'NOT TO USE.'!G116 -> 20600 | G116: =+'NOT TO USE.'!H116 -> 11520 | H116: =+'NOT TO USE.'!J116 -> 18252 | J116: =D116-E116 -> 3528 | K116: =+J116/E116 -> 0.19042479 | M116: =E116-F116 -> -2073 | N116: =+M116/F116 -> -0.10063107
B117: Allocation Management Co. | D117: =+'NOT TO USE.'!D117 -> -136794.75 | E117: =+'NOT TO USE.'!E117 -> -126579 | F117: =+'NOT TO USE.'!G117 -> -123933.6 | G117: =+'NOT TO USE.'!H117 -> -80125 | H117: =+'NOT TO USE.'!J117 -> -131108 | J117: =D117-E117 -> -10215.75 | K117: =+J117/E117 -> 0.080706515 | M117: =E117-F117 -> -2645.4 | N117: =+M117/F117 -> 0.021345301
J118: =D118-E118 -> 0 | M118: =E118-F118 -> 0
B119: TOTAL PAYROLL & BENEFITS | D119: =SUM(D111:D118) -> 136794.75 | E119: =SUM(E111:E118) -> 126578 | F119: =SUM(F111:F118) -> 123930.9 | G119: =SUM(G111:G118) -> 81094 | H119: =SUM(H111:H118) -> 131025 | J119: =D119-E119 -> 10216.75 | K119: =+J119/E119 -> 0.080715053 | M119: =E119-F119 -> 2647.1 | N119: =+M119/F119 -> 0.021359483
...

Sheet NOT TO USE.
B1: PROPRIETORS STRATA PLAN # 50 - BUDGET 2022
B3: SUMMARY | D3: BUDGET 2022 | E3: ACT 2021 | F3: B 2022 vs A/B 2021 | G3: BUDGET 2021 | H3: ACTUAL 2020 | I3: B 2021 vs 2020 | J3: ACTUAL 2019 | K3: B 2021 vs A2019 | L3: ACTUAL 2018 | M3: ACTUAL 2017 | N3: ACTUAL 2016 | O3: ACTUAL 2015 | P3: ACTUAL 2014 | Q3: ACTUAL 2013 | R3: ACTUAL 2012 | S3: ACTUAL 2011 | T3: ACTUAL 2010 | U3: ACTUAL 2009 | V3: ACTUAL 2008 | X3: Var Bud-21 Actual-20
B5: Revenues | D5: =D41 -> 3073618 | E5: =E41 -> 2730915.4 | F5: =D5-E5 -> 342702.64 | G5: 2827475 | H5: =H41 -> 2588050 | I5: =G5-H5 -> 239425 | J5: 3025526 | K5: =+G5-J5 -> -198051 | L5: 2822420.1 | M5: 3031936.7 | N5: =N41 -> 2891636.4 | O5: =O41 -> 2830631 | P5: =P41 -> 2676421 | Q5: =Q41 -> 2506157 | R5: =R41 -> 2607225 | S5: =S41 -> 2540084.9 | T5: =T41 -> 2619960.1 | U5: =U41 -> 2440441.5 | V5: =V41 -> 2527094.8 | X5: =G5-H5 -> 239425 | Y5: =X5/H5 -> 0.092511737
B6: TOTAL REVENUES | D6: =SUM(D5) -> 3073618 | E6: =SUM(E5) -> 2730915.4 | F6: =D6-E6 -> 342702.64 | G6: =SUM(G5) -> 2827475 | H6: =SUM(H5) -> 2588050 | I6: =G6-H6 -> 239425 | J6: =SUM(J5) -> 3025526 | K6: =SUM(K5) -> -198051 | L6: 2822420.1 | M6: 3031936.7 | N6: =SUM(N5) -> 2891636.4 | O6: =SUM(O5) -> 2830631 | P6: =SUM(P5) -> 2676421 | Q6: =SUM(Q5) -> 2506157 | R6: =SUM(R5) -> 2607225 | S6: =SUM(S5) -> 2540084.9 | T6: =SUM(T5) -> 2619960.1 | U6: =SUM(U5) -> 2440441.5 | V6: =SUM(V5) -> 2527094.8 | X6: =G6-H6 -> 239425 | Y6: =X6/H6 -> 0.092511737
F7: =D7-E7 -> 0 | I7: =G7-H7 -> 0 | X7: =G7-H7 -> 0
B8: Admin & General | D8: =D51+D65 -> 1160225.9 | E8: =E51+E65 -> 1061411 | F8: =D8-E8 -> 98814.9 | G8: 1140816.9 | H8: =H51+H65 -> 1010975 | I8: =G8-H8 -> 129841.91 | J8: 1088697 | K8: =+G8-J8 -> 52119.906 | L8: 1034343.2 | M8: 1082722.8 | N8: =N51+N65 -> 1014329.8 | O8: =O51+O65 -> 982265 | P8: =P51+P65 -> 876903 | Q8: =Q51+Q65 -> 727173 | R8: =R51+R65 -> 712479 | S8: =S51+S65 -> 713560.68 | T8: =T51+T65 -> 716645.92 | U8: =U51+U65 -> 698327.63 | V8: =V51+V65 -> 601463.12 | X8: =G8-H8 -> 129841.91 | Y8: =X8/H8 -> 0.12843236
B9: Maintenance | D9: =D83+D103 -> 1170801.3 | E9: =E83+E103 -> 917709.15 | F9: =D9-E9 -> 253092.13 | G9: 1099121.3 | H9: =H83+H103 -> 644808 | I9: =G9-H9 -> 454313.34 | J9: 1099990 | K9: =+G9-J9 -> -868.66 | L9: 1058935.5 | M9: 1145905.9 | N9: =N83+N103 -> 1116228.8 | O9: =O83+O103 -> 1173498 | P9: =P83+P103 -> 1174476 | Q9: =Q83+Q103 -> 1183518 | R9: =R83+R103 -> 1247781 | S9: =S83+S103 -> 1301540.5 | T9: =T83+T103 -> 1227862 | U9: =U83+U103 -> 1200332.9 | V9: =V83+V103 -> 1284277.9 | X9: =G9-H9 -> 454313.34 | Y9: =X9/H9 -> 0.7045715
B10: Pool & Beach | D10: =D119+D133 -> 431094.75 | E10: =E119+E133 -> 364865.13 | F10: =D10-E10 -> 66229.621 | G10: 378189.54 | H10: =H119+H133 -> 223967 | I10: =G10-H10 -> 154222.54 | J10: 409493 | K10: =+G10-J10 -> -31303.46 | L10: 403433.67 | M10: 382443.99 | N10: =N119+N133 -> 378351.12 | O10: =O119+O133 -> 370209.5 | P10: =P119+P133 -> 365998 | Q10: =Q119+Q133 -> 321111 | R10: =R119+R133 -> 362345 | S10: =S119+S133 -> 378447.44 | T10: =T119+T133 -> 407987.87 | U10: =U119+U133 -> 372031.79 | V10: =V119+V133 -> 366324.33 | X10: =G10-H10 -> 154222.54 | Y10: =X10/H10 -> 0.68859493
B11: Common Areas | D11: =D154+D160 -> 82400 | E11: =E154+E160 -> 74251.5 | F11: =D11-E11 -> 8148.5 | G11: 71291.67 | H11: =H154+H160 -> 54479 | I11: =G11-H11 -> 16812.67 | J11: 63510 | K11: =+G11-J11 -> 7781.67 | L11: 67591.35 | M11: 61728.23 | N11: =N154+N160 -> 67931.77 | O11: =O154+O160 -> 57132 | P11: =P154+P160 -> 57299 | Q11: =Q154+Q160 -> 52477 | R11: =R154+R160 -> 38403 | S11: =S154+S160 -> 35930.61 | T11: =T154+T160 -> 48256 | U11: =U154+U160 -> 39644.18 | V11: =V154+V160 -> 44376.94 | X11: =G11-H11 -> 16812.67 | Y11: =X11/H11 -> 0.30860827
B12: Utilities | D12: =D172 -> 266000 | E12: =E172 -> 283692 | F12: =D12-E12 -> -17692 | G12: 198250 | H12: =H172 -> 139546 | I12: =G12-H12 -> 58704 | J12: 262888 | K12: =+G12-J12 -> -64638 | L12: 258116.99 | M12: 191616.54 | N12: =N172 -> 238312.47 | O12: =O172 -> 185013.5 | P12: =P172 -> 227418 | Q12: =Q172 -> 221640 | R12: =R172 -> 240211 | S12: =S172 -> 211910.53 | T12: =T172 -> 216161.23 | U12: =U172 -> 142821.57 | V12: =V172 -> 228619.82 | X12: =G12-H12 -> 58704 | Y12: =X12/H12 -> 0.42067849
B13: TOTAL EXPENSES | D13: =SUM(D8:D12) -> 3110521.9 | E13: =SUM(E8:E12) -> 2701928.8 | F13: =D13-E13 -> 408593.15 | G13: =SUM(G8:G12) -> 2887669.5 | H13: =SUM(H8:H12) -> 2073775 | I13: =G13-H13 -> 813894.46 | J13: =SUM(J8:J12) -> 2924578 | K13: =SUM(K8:K12) -> -36908.544 | L13: 2822420.8 | M13: 2864417.4 | N13: =SUM(N8:N12) -> 2815153.9 | O13: =SUM(O8:O12) -> 2768118 | P13: =SUM(P8:P12) -> 2702094 | Q13: =SUM(Q8:Q12) -> 2505919 | R13: =SUM(R8:R12) -> 2601219 | S13: =SUM(S8:S12) -> 2641389.7 | T13: =SUM(T8:T12) -> 2616913 | U13: =SUM(U8:U12) -> 2453158.1 | V13: =SUM(V8:V12) -> 2525062.1 | X13: =G13-H13 -> 813894.46 | Y13: =X13/H13 -> 0.39246999
F14: =D14-E14 -> 0 | I14: =G14-H14 -> 0 | X14: =G14-H14 -> 0
B15: Insurance Assessment | D15: -1140358 | E15: -956333 | F15: =D15-E15 -> -184025 | G15: -971514 | H15: -870465 | I15: =G15-H15 -> -101049 | J15: -749079 | K15: =+G15-J15 -> -222435 | L15: 667940 | M15: -425800.87 | N15: -495836 | O15: -562706 | P15: -588347 | Q15: -711228.57 | R15: -724315 | S15: -702283 | T15: -796448.62 | U15: -935478.66 | V15: -808439.03 | X15: =G15-H15 -> -101049 | Y15: =IF(H15=0,0,X15/H15) -> 0.11608623
B16: Insurance Expenses | D16: =-D15 -> 1140358 | E16: =-E15 -> 956333 | F16: =D16-E16 -> 184025 | G16: 971514 | H16: 870465 | I16: =G16-H16 -> 101049 | J16: 749079 | K16: =+G16-J16 -> 222435 | L16: -667940 | M16: 425800.87 | N16: =-N15 -> 495836 | O16: 562706 | P16: 588347 | Q16: 610756 | R16: 621306 | S16: 600242 | T16: 682022.52 | U16: 799741 | V16: 697490.83 | X16: =G16-H16 -> 101049 | Y16: =IF(H16=0,0,X16/H16) -> 0.11608623
B17: Management Fee | F17: =D17-E17 -> 0 | I17: =G17-H17 -> 0 | N17: =[5]Assumptions!H169 -> 0 | Q17: 100472.57 | R17: 103009 | S17: 102041 | T17: 114426 | U17: 135738 | V17: 110948 | X17: =G17-H17 -> 0 | Y17: =IF(H17=0,0,X17/H17) -> 0
B18: TOTAL INSURANCE | D18: =SUM(D15:D17) -> 0 | E18: =SUM(E15:E17) -> 0 | F18: =D18-E18 -> 0 | G18: =SUM(G15:G17) -> 0 | H18: =SUM(H15:H17) -> 0 | I18: =G18-H18 -> 0 | J18: =SUM(J15:J17) -> 0 | L18: 0 | M18: 0 | N18: =SUM(N15:N17) -> 0 | O18: =SUM(O15:O17) -> 0 | P18: =SUM(P15:P17) -> 0 | Q18: =SUM(Q15:Q17) -> -0.0011087646 | R18: =SUM(R15:R17) -> 0 | S18: =SUM(S15:S17) -> 0 | T18: =SUM(T15:T17) -> -0.1 | U18: =SUM(U15:U17) -> 0.34 | V18: =SUM(V15:V17) -> -0.2 | X18: =G18-H18 -> 0 | Y18: =IF(H18=0,0,X18/H18) -> 0
F19: =D19-E19 -> 0 | I19: =G19-H19 -> 0 | X19: =G19-H19 -> 0
B20: Capex Reserve Assessment | D20: -193608 | E20: -145206 | F20: =D20-E20 -> -48402 | G20: -145206 | H20: -32268 | I20: =G20-H20 -> -112938 | J20: -193608 | K20: =+G20-J20 -> 48402 | L20: -193608 | M20: -193608 | N20: =[5]Assumptions!H192 -> -193608 | O20: ='[5]FC 2019'!Q34 -> -193608 | P20: ='[5]FC 2019'!Q34 -> -193608 | Q20: -193608 | R20: -125780 | S20: -77328 | T20: -77328 | U20: -77328 | V20: -77328 | X20: =G20-H20 -> -112938 | Y20: =X20/H20 -> 3.5
B21: Major Reserve Assessment | D21: -322680 | E21: -242010 | F21: =D21-E21 -> -80670 | G21: -242010 | H21: -53780 | I21: =G21-H21 -> -188230 | J21: -322680 | K21: =+G21-J21 -> 80670 | L21: -322680 | M21: -322680 | N21: =[5]Assumptions!H193 -> -322680 | O21: ='[5]FC 2019'!Q35 -> -322680 | P21: ='[5]FC 2019'!Q35 -> -322680 | Q21: 0 | R21: -187201 | S21: -320916 | T21: -307026 | U21: -302484 | V21: -293388 | X21: =G21-H21 -> -188230 | Y21: =IF(H21=0,0,X21/H21) -> 3.5
B22: Reserve Fund | D22: 516288 | E22: 387216 | F22: =D22-E22 -> 129072 | G22: 387216 | H22: 86048 | I22: =G22-H22 -> 301168 | J22: 516288 | K22: =+G22-J22 -> -129072 | L22: 516288 | M22: 516288 | N22: =-N20-N21 -> 516288 | O22: ='[5]FC 2019'!Q36 -> 516288 | P22: ='[5]FC 2019'!Q36 -> 516288 | Q22: 193608 | R22: 312981 | S22: 398244 | T22: 384354 | U22: 379812 | V22: 370716 | X22: =G22-H22 -> 301168 | Y22: =X22/H22 -> 3.5
B23: TOTAL RESERVE FUND | D23: =SUM(D20:D22) -> 0 | E23: =SUM(E20:E22) -> 0 | F23: =D23-E23 -> 0 | G23: =SUM(G20:G22) -> 0 | H23: =SUM(H20:H22) -> 0 | I23: =G23-H23 -> 0 | J23: =SUM(J20:J22) -> 0 | L23: 0 | M23: 0 | N23: =SUM(N20:N22) -> 0 | O23: =SUM(O20:O22) -> 0 | P23: =SUM(P20:P22) -> 0 | Q23: =SUM(Q20:Q22) -> 0 | R23: =SUM(R20:R22) -> 0 | S23: =SUM(S20:S22) -> 0 | T23: =SUM(T20:T22) -> 0 | U23: =SUM(U20:U22) -> 0 | V23: =SUM(V20:V22) -> 0 | X23: =G23-H23 -> 0 | Y23: =IF(H23=0,0,X23/H23) -> 0
F24: =D24-E24 -> 0 | I24: =G24-H24 -> 0
B25: INCOME/ (LOSS) | D25: =D6-D13-D18-D23 -> -36903.93 | E25: =E6-E13-E18-E23 -> 28986.581 | F25: =D25-E25 -> -65890.511 | G25: =G6-G13-G18-G23 -> -60194.456 | H25: =H6-H13-H18-H23 -> 514275 | I25: =G25-H25 -> -574469.46 | J25: =J6-J13-J18-J23 -> 100948 | K25: =+G25-J25 -> -161142.46 | L25: 0.305556 | M25: 167519.3 | N25: =N6-N13-N18-N23 -> 76482.45 | O25: =O6-O13-O18-O23 -> 62513 | P25: =P6-P13-P18-P23 -> -25673 | Q25: =Q6-Q13-Q18-Q23 -> 238.00111 | R25: =R6-R13-R18-R23 -> 6006 | S25: =S6-S13-S18-S23 -> -101304.88 | T25: =T6-T13-T18-T23 -> 3047.19 | U25: =U6-U13-U18-U23 -> -12716.94 | V25: =V6-V13-V18-V23 -> 2032.96 | X25: =G25-H25 -> -574469.46 | Y25: =X25/H25 -> -1.1170472
O27: 2015-2013 BALANCE MOVED TO RESERVE IN 2016 | R27: =-92404+6006 -> -86398 | S27: Before maintenance | T27: =T25-87890 -> -84842.81 | U27: Before PPC claim reimbursement
B28: ADMIN & GENERAL | S28: allocations
B30: REVENUES | D30: =D3 -> BUDGET 2022 | E30: =E3 -> ACT 2021 | F30: B 2021 vs 2020 | G30: =G3 -> BUDGET 2021 | H30: =H3 -> ACTUAL 2020 | I30: B 2021 vs 2020 | J30: =J3 -> ACTUAL 2019 | K30: =+K3 -> B 2021 vs A2019 | L30: ACTUAL 2018 | M30: ACTUAL 2017 | N30: =N3 -> ACTUAL 2016 | O30: =O3 -> ACTUAL 2015 | P30: =P3 -> ACTUAL 2014 | Q30: =Q3 -> ACTUAL 2013 | R30: =R3 -> ACTUAL 2012 | S30: =S3 -> ACTUAL 2011 | T30: =T3 -> ACTUAL 2010 | U30: =U3 -> ACTUAL 2009 | V30: =V3 -> ACTUAL 2008 | X30: =X3 -> Var Bud-21 Actual-20
B31: Strata Fees | D31: 2471484 | E31: 2286117 | F31: =D31-E31 -> 185367 | G31: 2285996.9 | H31: 2286117 | I31: =G31-H31 -> -120.06 | J31: 2447052 | K31: =+G31-J31 -> -161055.06 | L31: 2304900 | M31: 2366257 | N31: 2312124 | O31: 2281560 | P31: 2175936 | Q31: 2037504 | R31: 2037504 | S31: 2037504 | T31: 2037504 | U31: 1985880 | V31: 1916808 | X31: =G31-H31 -> -120.06 | Y31: =X31/H31 -> -5.2516997e-05
B32: Strata Garage Fees | D32: 70140 | E32: 70140 | F32: =D32-E32 -> 0 | G32: 70140 | H32: 70140 | I32: =G32-H32 -> 0 | J32: 69708 | K32: =+G32-J32 -> 432 | L32: 62368 | M32: 66708 | N32: 65868 | O32: 64968 | P32: 62345 | Q32: 57428 | R32: 57420 | S32: 57420 | T32: 57420 | U32: 56592 | V32: 56592 | X32: =G32-H32 -> 0 | Y32: =X32/H32 -> 0
B33: Watersport Contribution | D33: 0 | E33: 0 | F33: =D33-E33 -> 0 | G33: 0 | H33: 0 | I33: =G33-H33 -> 0 | J33: 0 | K33: =+G33-J33 -> 0 | M33: 0 | N33: 0 | O33: ='[5]FC 2019'!Q51 -> 0 | P33: ='[5]FC 2019'!Q51 -> 0 | Q33: 0 | R33: 15000 | S33: 15000 | T33: 15000 | U33: 15000 | V33: 15000 | X33: =G33-H33 -> 0 | Y33: =IF(X33=0,0,X33/H33) -> 0
B34: Maintenance Revenue | D34: 438000 | E34: 285641.89 | F34: =D34-E34 -> 152358.11 | G34: 420083.37 | H34: 201459 | I34: =G34-H34 -> 218624.37 | J34: 426574 | K34: =+G34-J34 -> -6490.63 | L34: 329012.65 | M34: 482388.1 | N34: 383504.26 | O34: 347657 | P34: 283756 | Q34: 258718 | R34: 356372 | S34: 287715.04 | T34: 296466.49 | U34: 269722.71 | V34: 378292.97 | X34: =G34-H34 -> 218624.37 | Y34: =X34/H34 -> 1.0852053
B35: Income from water | D35: 21840 | E35: 18627.13 | F35: =D35-E35 -> 3212.87 | G35: 12850 | H35: 9412 | I35: =G35-H35 -> 3438 | J35: 18165 | K35: =+G35-J35 -> -5315 | L35: 19638.46 | M35: 21542.717 | N35: 27940.04 | O35: 25138.5 | P35: 23691 | Q35: 20345 | R35: 18684 | S35: 21509.5 | T35: 28901.43 | U35: 26861.2 | V35: 24775.03 | X35: =G35-H35 -> 3438 | Y35: =X35/H35 -> 0.36527837
B36: Income from power | D36: 55488 | E36: 51901.59 | F36: =D36-E36 -> 3586.41 | G36: 36460 | H36: 26764 | I36: =G36-H36 -> 9696 | J36: 55457 | K36: =+G36-J36 -> -18997 | L36: 50531.16 | M36: 60540.01 | N36: 75814.81 | O36: 89579.5 | P36: 102247 | Q36: 101818 | R36: 92382 | S36: 85480.36 | T36: 70115.47 | U36: 61310.17 | V36: 90288.3 | X36: =G36-H36 -> 9696 | Y36: =X36/H36 -> 0.36227769
B37: Income from cable | D37: 14400 | E37: 16546 | F37: =D37-E37 -> -2146 | G37: 0 | H37: -7226 | I37: =G37-H37 -> 7226 | J37: 5782 | K37: =+G37-J37 -> -5782 | L37: 52731.76 | M37: 29630.99 | N37: 22373.86 | O37: 17712 | P37: 18232 | Q37: 17887 | R37: 19793 | S37: 25902.58 | T37: 19953.41 | U37: 20130 | V37: 20405 | X37: =G37-H37 -> 7226 | Y37: =X37/H37 -> -1
B38: Income from pest control | D38: 2016 | E38: 1820.04 | F38: =D38-E38 -> 195.96 | G38: 1820 | H38: 1193 | I38: =G38-H38 -> 627 | J38: 486 | K38: =+G38-J38 -> 1334 | L38: 1791.06 | M38: 2340 | N38: 2340 | O38: 2124 | P38: 2232 | Q38: 2259 | R38: 1692 | S38: 2340 | T38: 2340 | U38: 1603.4 | V38: 19695 | X38: =G38-H38 -> 627 | Y38: =X38/H38 -> 0.5255658
B39: Other Income | D39: 0 | E39: 0 | F39: =D39-E39 -> 0 | G39: 0 | H39: 0 | I39: =G39-H39 -> 0 | J39: 0 | K39: =+G39-J39 -> 0 | L39: 0 | M39: 0 | N39: 0 | O39: ='[5]FC 2019'!Q57 -> 0 | P39: 1650 | Q39: 1750 | R39: 0 | S39: 0 | T39: 64485 | U39: 0 | V39: 0 | X39: =G39-H39 -> 0 | Y39: =X39/H39 -> #DIV/0!
B40: Interest Income | D40: 250 | E40: 121.71 | F40: =D40-E40 -> 128.29 | G40: 125 | H40: 191 | I40: =G40-H40 -> -66 | J40: 2302 | K40: =+G40-J40 -> -2177 | L40: 1447 | M40: 2529.88 | N40: 1671.4 | O40: 1892 | P40: 6332 | Q40: 8448 | R40: 8378 | S40: 7213.38 | T40: 27774.27 | U40: 3341.98 | V40: 5238.55 | X40: =G40-H40 -> -66 | Y40: =X40/H40 -> -0.34554974
B41: TOTAL REVENUES | C41: =SUM(C31:C40) -> 0 | D41: =SUM(D31:D40) -> 3073618 | E41: =SUM(E31:E40) -> 2730915.4 | F41: =D41-E41 -> 342702.64 | G41: =SUM(G31:G40) -> 2827475.3 | H41: =SUM(H31:H40) -> 2588050 | I41: =G41-H41 -> 239425.31 | J41: =SUM(J31:J40) -> 3025526 | K41: =+G41-J41 -> -198050.69 | L41: 2822420.1 | M41: 3031936.7 | N41: =SUM(N31:N40) -> 2891636.4 | O41: =SUM(O31:O40) -> 2830631 | P41: =SUM(P31:P40) -> 2676421 | Q41: =SUM(Q31:Q40) -> 2506157 | R41: =SUM(R31:R40) -> 2607225 | S41: =SUM(S31:S40) -> 2540084.9 | T41: =SUM(T31:T40) -> 2619960.1 | U41: =SUM(U31:U40) -> 2440441.5 | V41: =SUM(V31:V40) -> 2527094.8 | X41: =G41-H41 -> 239425.31 | Y41: =X41/H41 -> 0.092511856
B43: PAYROLL EXPENSES
B44: Security Payroll | D44: 216000 | E44: 204053 | F44: =D44-E44 -> 11947 | G44: 229200 | H44: 169941 | I44: =G44-H44 -> 59259 | J44: 167516 | K44: =+G44-J44 -> 61684 | L44: 146114.19 | M44: 151579.48 | N44: 157389.59 | O44: 160998 | P44: 136595 | Q44: 152334 | R44: 137773 | S44: 145848 | T44: 178966.3 | U44: 156327.51 | V44: 170404.27 | X44: =G44-H44 -> 59259 | Y44: =X44/H44 -> 0.34870337
B45: Supplemental pay | D45: 24000 | E45: 18740 | F45: =D45-E45 -> 5260 | G45: 24000 | H45: 19384 | I45: =G45-H45 -> 4616 | J45: 21411 | K45: =+G45-J45 -> 2589 | L45: 12241.22 | M45: 9454.69 | N45: 13756.88 | O45: 17494 | P45: 13848 | Q45: 14574 | R45: 13741 | S45: 14859 | T45: 0 | U45: 0 | V45: 0 | X45: =G45-H45 -> 4616 | Y45: =X45/H45 -> 0.23813454
B46: Employee meals | D46: 18000 | E46: 15613 | F46: =D46-E46 -> 2387 | G46: 12600 | H46: 14908 | I46: =G46-H46 -> -2308 | J46: 10743 | K46: =+G46-J46 -> 1857 | L46: 10733.82 | M46: 10490.76 | N46: 10147.94 | O46: 8725 | P46: 6649 | Q46: 7860 | R46: 7799 | S46: 8286 | T46: 0 | U46: 0 | V46: 0 | X46: =G46-H46 -> -2308 | Y46: =X46/H46 -> -0.15481621
B47: Bonus provision | D47: 0 | F47: =D47-E47 -> 0 | G47: 0 | I47: =G47-H47 -> 0 | J47: ='[5]FC 2019'!Q70 -> 0 | K47: =+G47-J47 -> 0 | L47: 0 | M47: 0 | N47: 0 | O47: ='[5]FC 2019'!Q70 -> 0 | Q47: 0 | R47: 0 | X47: =G47-H47 -> 0 | Y47: =IF(X47=0,0,X47/H47) -> 0
B48: Employee housing | F48: =D48-E48 -> 0 | I48: =G48-H48 -> 0 | K48: =+G48-J48 -> 0 | L48: 0 | R48: 0 | X48: =G48-H48 -> 0 | Y48: =IF(X48=0,0,X48/H48) -> 0
B49: Payroll taxes | D49: 28800 | E49: 23214 | F49: =D49-E49 -> 5586 | G49: 32664 | H49: 19158 | I49: =G49-H49 -> 13506 | J49: 18282 | K49: =+G49-J49 -> 14382 | L49: 15372.07 | M49: 15686.89 | N49: 16422.18 | O49: 15948 | P49: 13120 | Q49: 14354 | R49: 13566 | S49: 13685 | T49: 0 | U49: 0 | V49: 0 | X49: =G49-H49 -> 13506 | Y49: =X49/H49 -> 0.70497964
F50: =D50-E50 -> 0 | I50: =G50-H50 -> 0 | X50: =G50-H50 -> 0
B51: TOTAL PAYROLL & BENEFITS | D51: =SUM(D44:D49) -> 286800 | E51: =SUM(E44:E49) -> 261620 | F51: =D51-E51 -> 25180 | G51: =SUM(G44:G49) -> 298464 | H51: =SUM(H44:H49) -> 223391 | I51: =G51-H51 -> 75073 | J51: =SUM(J44:J49) -> 217952 | K51: =+G51-J51 -> 80512 | L51: 184461.3 | M51: 187211.82 | N51: =SUM(N44:N49) -> 197716.59 | O51: =SUM(O44:O49) -> 203165 | P51: =SUM(P44:P49) -> 170212 | Q51: =SUM(Q44:Q49) -> 189122 | R51: =SUM(R44:R49) -> 172879 | S51: =SUM(S44:S49) -> 182678 | T51: 178966 | U51: 156327 | V51: 170404 | X51: =G51-H51 -> 75073 | Y51: =X51/H51 -> 0.33606099
B53: OTHER EXPENSES
B54: Bank Charges | D54: 1860 | E54: 2040 | F54: =D54-E54 -> -180 | G54: 1860 | H54: 2180 | I54: =G54-H54 -> -320 | J54: 1860 | K54: =+G54-J54 -> 0 | L54: 1810 | M54: 1800 | N54: 1850 | O54: ='[5]FC 2019'!Q77 -> 1860 | P54: 1800 | Q54: 1822 | R54: 1800 | S54: 1824.5 | T54: 1800 | U54: 1800 | V54: 1800 | X54: =G54-H54 -> -320 | Y54: =X54/H54 -> -0.14678899
B55: Work Permits | D55: 30000 | E55: 20318 | F55: =D55-E55 -> 9682 | G55: 30000 | H55: 40711 | I55: =G55-H55 -> -10711 | J55: 26905 | K55: =+G55-J55 -> 3095 | L55: 34975 | M55: 29707.51 | N55: 20994.84 | O55: 36960 | P55: 29917 | Q55: 29473 | R55: 33190 | S55: 24414.8 | T55: 26044.34 | U55: 31692.9 | V55: 17335.24 | X55: =G55-H55 -> -10711 | Y55: =X55/H55 -> -0.26309843
B56: Security Services & supplies | D56: 42000 | E56: 25953 | F56: =D56-E56 -> 16047 | G56: 49200 | H56: 25231 | I56: =G56-H56 -> 23969 | J56: 114706 | K56: =+G56-J56 -> -65506 | L56: 111965.47 | M56: 132409.34 | N56: 82335.88 | O56: 67194 | P56: 70357 | Q56: 15842 | R56: 16461 | S56: 14193.15 | T56: 20512.1 | U56: 37784.43 | V56: 1084.43 | X56: =G56-H56 -> 23969 | Y56: =X56/H56 -> 0.94998216
B57: Surveillance systems | F57: =D57-E57 -> 0 | I57: =G57-H57 -> 0 | K57: =+G57-J57 -> 0 | L57: 420.02 | U57: 0 | V57: 0 | X57: =G57-H57 -> 0 | Y57: =IF(H57=0,0,X57/H57) -> 0
B58: Telephone | D58: 549.96 | F58: =D58-E58 -> 549.96 | G58: 550 | H58: 85 | I58: =G58-H58 -> 465 | J58: 256 | K58: =+G58-J58 -> 294 | L58: 420.02 | M58: 317.01 | N58: 1374.94 | O58: 1057 | Q58: 0 | R58: 0 | S58: 0 | T58: 0 | U58: 120 | V58: 91.33 | X58: =G58-H58 -> 465 | Y58: =X58/H58 -> 5.4705882
B59: D & O Liability Insurance | D59: 21671.3 | E59: 18673 | F59: =D59-E59 -> 2998.3 | G59: 18260.5 | H59: 9563 | I59: =G59-H59 -> 8697.5 | J59: 9543 | K59: =+G59-J59 -> 8717.5 | L59: 8741.02 | M59: 4112.76 | N59: 5823.44 | O59: -252 | P59: 9309 | Q59: 6222 | R59: 6105 | S59: 7752.02 | T59: 7493.46 | U59: 3842.8 | V59: 4168 | X59: =G59-H59 -> 8697.5 | Y59: =X59/H59 -> 0.90949493
B60: Gym | D60: 49440 | E60: 49466 | F60: =D60-E60 -> -26 | G60: 49440 | H60: 38131 | I60: =G60-H60 -> 11309 | J60: 51627 | K60: =+G60-J60 -> -2187 | L60: 51808.59 | M60: 53915.52 | N60: 52952.36 | O60: 48533 | P60: 48916 | Q60: 47190 | R60: 49395 | S60: 45600 | T60: 46356.45 | U60: 45047 | V60: 0 | X60: =G60-H60 -> 11309 | Y60: =X60/H60 -> 0.29658283
B61: Management Fee | D61: 698304.6 | E61: 665051 | F61: =D61-E61 -> 33253.6 | G61: 655057 | H61: 645686 | I61: =G61-H61 -> 9371 | J61: 626880 | K61: =+G61-J61 -> 28177 | L61: 608618.21 | M61: 625894.31 | N61: 582293 | O61: 556972 | P61: 536556 | Q61: 425460 | R61: 342746 | S61: 342746 | T61: 356222 | U61: 347070.26 | V61: 335472.2 | X61: =G61-H61 -> 9371 | Y61: =X61/H61 -> 0.014513246
B62: Other expenses | D62: 24000 | E62: 18540 | F62: =D62-E62 -> 5460 | G62: 24000 | H62: 23332 | I62: =G62-H62 -> 668 | J62: 34168 | K62: =+G62-J62 -> -10168 | L62: 27343.63 | M62: 43154.52 | N62: 66188.71 | O62: 64276 | P62: 3936 | Q62: 4562 | R62: 1255 | S62: 5784.21 | T62: 737.57 | U62: 3201.24 | V62: 361.92 | X62: =G62-H62 -> 668 | Y62: =X62/H62 -> 0.028630207
B63: Strata Lot Management Fees | D63: 0 | E63: 0 | F63: =D63-E63 -> 0 | I63: =G63-H63 -> 0 | K63: =+G63-J63 -> 0 | L63: 0 | M63: 0 | O63: ='[5]FC 2019'!Q85 -> 0 | P63: ='[5]FC 2019'!Q85 -> 0 | Q63: 0 | R63: 78768 | S63: 78768 | T63: 75014 | U63: 71442 | V63: 68040 | X63: =G63-H63 -> 0 | Y63: =IF(X63=0,0,X63/H63) -> 0
B64: Travelling expenses | D64: 5600.04 | E64: -250 | F64: =D64-E64 -> 5850.04 | G64: 5600 | H64: 2665 | I64: =G64-H64 -> 2935 | J64: ='[5]FC 2019'!Q86 -> 4800 | K64: =+G64-J64 -> 800 | L64: 4200 | M64: 4200 | N64: 2800 | O64: 2500 | P64: 5900 | Q64: 7480 | R64: 9880 | S64: 9800 | T64: 3500 | U64: 0 | V64: 2706 | X64: =G64-H64 -> 2935 | Y64: =X64/H64 -> 1.1013133
B65: TOTAL OTHER EXPENSES | D65: =SUM(D54:D64) -> 873425.9 | E65: =SUM(E54:E64) -> 799791 | F65: =D65-E65 -> 73634.9 | G65: =SUM(G54:G64) -> 833967.5 | H65: =SUM(H54:H64) -> 787584 | I65: =G65-H65 -> 46383.5 | J65: =SUM(J54:J64) -> 870745 | K65: =+G65-J65 -> -36777.5 | L65: 849883 | M65: 895510.97 | N65: =SUM(N54:N64) -> 816613.17 | O65: =SUM(O54:O64) -> 779100 | P65: =SUM(P54:P64) -> 706691 | Q65: =SUM(Q54:Q64) -> 538051 | R65: =SUM(R54:R64) -> 539600 | S65: =SUM(S54:S64) -> 530882.68 | T65: =SUM(T54:T64) -> 537679.92 | U65: =SUM(U54:U64) -> 542000.63 | V65: =SUM(V54:V64) -> 431059.12 | X65: =G65-H65 -> 46383.5 | Y65: =X65/H65 -> 0.058893401
B67: DEPARTMENTAL INCOME
B68: Dpt. Income (Profit)/Loss | C68: =C41-C51-C65 -> 0 | D68: =D41-D51-D65 -> 1913392.1 | E68: =E41-E51-E65 -> 1669504.4 | F68: =D68-E68 -> 243887.74 | G68: =G41-G51-G65 -> 1695043.8 | H68: =H41-H51-H65 -> 1577075 | I68: =G68-H68 -> 117968.81 | J68: =J41-J51-J65 -> 1936829 | K68: =+G68-J68 -> -241785.19 | L68: =L41-L51-L65 -> 1788075.8 | M68: 1949213.9 | N68: =N41-N51-N65 -> 1877306.6 | O68: =O41-O51-O65 -> 1848366 | P68: =P41-P51-P65 -> 1799518 | Q68: =Q41-Q51-Q65 -> 1778984 | R68: =R41-R51-R65 -> 1894746 | S68: =S41-S51-S65 -> 1826524.2 | T68: =T41-T51-T65 -> 1903314.2 | U68: =U41-U51-U65 -> 1742113.8 | V68: =V41-V51-V65 -> 1925631.7 | X68: =G68-H68 -> 117968.81 | Y68: =X68/H68 -> 0.074802283
B71: MAINTENANCE
B73: PAYROLL EXPENSES | D73: =D3 -> BUDGET 2022 | E73: =E3 -> ACT 2021 | F73: B 2021 vs 2020 | G73: =G3 -> BUDGET 2021 | H73: =H3 -> ACTUAL 2020 | I73: B 2021 vs 2020 | J73: =J3 -> ACTUAL 2019 | K73: =+K30 -> B 2021 vs A2019 | L73: ACTUAL 2018 | M73: ACTUAL 2017 | N73: =N30 -> ACTUAL 2016 | O73: =O3 -> ACTUAL 2015 | P73: =P30 -> ACTUAL 2014 | Q73: =Q30 -> ACTUAL 2013 | R73: =R30 -> ACTUAL 2012 | S73: =S30 -> ACTUAL 2011 | T73: =T30 -> ACTUAL 2010 | U73: =U30 -> ACTUAL 2009 | V73: =V30 -> ACTUAL 2008 | X73: =X30 -> Var Bud-21 Actual-20
B74: Maintenance | D74: 211200 | E74: 182144.05 | F74: =D74-E74 -> 29055.95 | G74: 192000 | H74: 131734 | I74: =G74-H74 -> 60266 | J74: 200345 | K74: =+G74-J74 -> -8345 | L74: 208615.64 | M74: 203742.61 | N74: 207283.56 | O74: 238865.5 | P74: 252866 | Q74: 248141 | R74: 250143 | S74: 308638.75 | T74: 438068.65 | U74: 455222.16 | V74: 471032.92 | X74: =G74-H74 -> 60266 | Y74: =X74/H74 -> 0.4574825
B75: Grounds | D75: 165300 | E75: 148912.45 | F75: =D75-E75 -> 16387.55 | G75: 162000 | H75: 97670 | I75: =G75-H75 -> 64330 | J75: 150261 | K75: =+G75-J75 -> 11739 | L75: 115935.83 | M75: 119721.65 | N75: 148554.33 | O75: 139150 | P75: 147576 | Q75: 155011 | R75: 155579 | S75: 143878.29 | T75: 193005.24 | U75: 181966.72 | V75: 159499.6 | X75: =G75-H75 -> 64330 | Y75: =X75/H75 -> 0.65864646
B76: Sewage treatment plant | D76: 10014 | E76: 10008 | F76: =D76-E76 -> 6 | G76: 10014 | H76: 10008 | I76: =G76-H76 -> 6 | J76: 10008 | K76: =+G76-J76 -> 6 | L76: 10009.92 | M76: 10009.92 | N76: 12439.6 | O76: 23640 | P76: 23640 | Q76: 23640 | R76: 23640 | S76: 23640 | T76: 23640 | U76: 23640 | V76: 9984.03 | X76: =G76-H76 -> 6 | Y76: =X76/H76 -> 0.00059952038
B77: Supplemental pay | D77: 36000 | E77: 33366.69 | F77: =D77-E77 -> 2633.31 | G77: 36000 | H77: 24376 | I77: =G77-H77 -> 11624 | J77: 38921 | K77: =+G77-J77 -> -2921 | L77: 35630.76 | M77: 46624.41 | N77: 45683.05 | O77: 37249 | P77: 35128 | Q77: 34909 | R77: 36180 | S77: 35102.74 | X77: =G77-H77 -> 11624 | Y77: =X77/H77 -> 0.47686249
B78: Employee Meals | D78: 25200 | E78: 23457.16 | F78: =D78-E78 -> 1742.84 | G78: 16200 | H78: 16667 | I78: =G78-H78 -> -467 | J78: 21146 | K78: =+G78-J78 -> -4946 | L78: 23287.79 | M78: 21182.42 | N78: 22570.46 | O78: 22719 | P78: 24063 | Q78: 24508 | R78: 29319 | S78: 27096.65 | X78: =G78-H78 -> -467 | Y78: =X78/H78 -> -0.02801944
B79: Bonus provision | D79: 10240 | E79: 8392.91 | F79: =D79-E79 -> 1847.09 | G79: 6240 | H79: 1694 | I79: =G79-H79 -> 4546 | J79: 9944 | K79: =+G79-J79 -> -3704 | L79: 9192.98 | M79: 8107.05 | N79: 10223.37 | O79: 13344 | P79: 21008 | Q79: 5121 | R79: 0 | S79: 963.68 | X79: =G79-H79 -> 4546 | Y79: =X79/H79 -> 2.6835891
B80: Employee housing | D80: 60000 | E80: 53206.06 | F80: =D80-E80 -> 6793.94 | G80: 51600 | H80: 56229 | I80: =G80-H80 -> -4629 | J80: 56976 | K80: =+G80-J80 -> -5376 | L80: 57287.62 | M80: 48562.33 | N80: 56043.37 | O80: 55517 | P80: 61471 | Q80: 56415 | R80: 67504 | S80: 76812.56 | X80: =G80-H80 -> -4629 | Y80: =X80/H80 -> -0.082324068
B81: Payroll taxes | D81: 38026.26 | E81: 33579.17 | F81: =D81-E81 -> 4447.09 | G81: 42000 | H81: 23020 | I81: =G81-H81 -> 18980 | J81: 34030 | K81: =+G81-J81 -> 7970 | L81: 32081.68 | M81: 34073.25 | N81: 37544.8 | O81: 42187.5 | P81: 43312 | Q81: 42608 | R81: 44525 | S81: 48082.27 | X81: =G81-H81 -> 18980 | Y81: =X81/H81 -> 0.82450043
F82: =D82-E82 -> 0 | I82: =G82-H82 -> 0 | X82: =G82-H82 -> 0
B83: TOTAL PAYROLL & BENEFITS | D83: =SUM(D74:D82) -> 555980.26 | E83: =SUM(E74:E82) -> 493066.49 | F83: =D83-E83 -> 62913.77 | G83: =SUM(G74:G82) -> 516054 | H83: =SUM(H74:H82) -> 361398 | I83: =G83-H83 -> 154656 | J83: =SUM(J74:J82) -> 521631 | K83: =+G83-J83 -> -5577 | L83: 492042.21 | M83: 492023.64 | N83: =SUM(N74:N82) -> 540342.54 | O83: =SUM(O74:O82) -> 572672 | P83: =SUM(P74:P82) -> 609064 | Q83: =SUM(Q74:Q82) -> 590353 | R83: =SUM(R74:R82) -> 606890 | S83: =SUM(S74:S82) -> 664214.94 | T83: =SUM(T74:T82) -> 654713.89 | U83: =SUM(U74:U82) -> 660828.88 | V83: =SUM(V74:V82) -> 640516.55 | X83: =G83-H83 -> 154656 | Y83: =X83/H83 -> 0.42793817
B85: OTHER EXPENSES
B86: Automobile | D86: 8400 | E86: 9012.02 | F86: =D86-E86 -> -612.02 | G86: 12800 | H86: 3053 | I86: =G86-H86 -> 9747 | J86: 9416 | K86: =+G86-J86 -> 3384 | L86: 7392.41 | M86: 4465.14 | N86: 8329.94 | O86: 15022 | P86: 19703 | Q86: 15872 | R86: 14526 | S86: 10056.78 | T86: 6746.62 | U86: 9241.79 | V86: 4847.37 | X86: =G86-H86 -> 9747 | Y86: =X86/H86 -> 3.1925974
B87: A/C related | D87: 12000 | E87: 6482.77 | F87: =D87-E87 -> 5517.23 | G87: 6250 | H87: 21735 | I87: =G87-H87 -> -15485 | J87: 12163 | K87: =+G87-J87 -> -5913 | L87: 15114.82 | M87: 29024.46 | N87: 22543.45 | O87: 37202 | P87: 19455 | Q87: 18180 | R87: 31463 | S87: 38870.78 | T87: 37837.28 | U87: 20505.45 | V87: 31713.23 | X87: =G87-H87 -> -15485 | Y87: =X87/H87 -> -0.71244536
B88: Maintenance supplies | D88: 212500 | E88: 131870.87 | F88: =D88-E88 -> 80629.13 | G88: 236270.83 | H88: 69872 | I88: =G88-H88 -> 166398.83 | J88: 212722 | K88: =+G88-J88 -> 23548.83 | L88: 198990.17 | M88: 291019.79 | N88: 218735.73 | O88: 234057 | P88: 208113 | Q88: 246990 | R88: 225000 | S88: 192726.95 | T88: 239792.1 | U88: 197713.24 | V88: 288040.08 | X88: =G88-H88 -> 166398.83 | Y88: =X88/H88 -> 2.3814809
B89: Building maintenance | D89: 51 | E89: 0 | F89: =D89-E89 -> 51 | H89: 0 | I89: =G89-H89 -> 0 | J89: 0 | K89: =+G89-J89 -> 0 | L89: 0.29 | M89: 18900 | N89: 0 | P89: ='[5]FC 2019'!Q116 -> 0 | Q89: 0 | R89: 750 | S89: 26527.2 | T89: 0 | U89: 5186.08 | V89: 0 | X89: =G89-H89 -> 0 | Y89: =IF(X89=0,0,X89/H89) -> 0
B90: Office supplies | D90: 850 | E90: 85.32 | F90: =D90-E90 -> 764.68 | G90: 1740 | H90: 229 | I90: =G90-H90 -> 1511 | J90: 2891 | K90: =+G90-J90 -> -1151 | L90: 2108.4 | M90: 1069.14 | N90: 1381.25 | O90: 2433 | P90: 1169 | Q90: 1656 | R90: 2400 | S90: 4070.59 | T90: 7887.37 | U90: 3064.62 | V90: 2256.15 | X90: =G90-H90 -> 1511 | Y90: =X90/H90 -> 6.5982533
B91: Uniforms | D91: 8400 | E91: 6272.31 | F91: =D91-E91 -> 2127.69 | G91: 10500 | H91: 4434 | I91: =G91-H91 -> 6066 | J91: 8074 | K91: =+G91-J91 -> 2426 | L91: 8147.94 | M91: 8267.22 | N91: 7844.71 | O91: 7230 | P91: 7599 | Q91: 16769 | R91: 12500 | S91: 3824.51 | T91: 5617.67 | U91: 5992.45 | V91: 2769.25 | X91: =G91-H91 -> 6066 | Y91: =X91/H91 -> 1.368065
B92: Painting & decoration | D92: 8400 | E92: 8584.42 | F92: =D92-E92 -> -184.42 | G92: 8004 | H92: 3190 | I92: =G92-H92 -> 4814 | J92: 5189 | K92: =+G92-J92 -> 2815 | L92: 7858.85 | M92: 7488.76 | N92: 13836.71 | O92: 6393 | P92: 9944 | Q92: 9332 | R92: 2852 | S92: 2613.35 | T92: 0 | U92: 0 | V92: 2875 | X92: =G92-H92 -> 4814 | Y92: =X92/H92 -> 1.5090909
B93: Electrical & bulbs | D93: 24000 | E93: 34979.08 | F93: =D93-E93 -> -10979.08 | G93: 18571.67 | H93: 5206 | I93: =G93-H93 -> 13365.67 | J93: 16308 | K93: =+G93-J93 -> 2263.67 | L93: 11298.62 | M93: 18975.27 | N93: 23147.17 | O93: 15507 | P93: 25059 | Q93: 20055 | R93: 26991 | S93: 17807.69 | T93: 19138.04 | U93: 17312.37 | V93: 22452.92 | X93: =G93-H93 -> 13365.67 | Y93: =X93/H93 -> 2.5673588
B94: Locks & Keys | D94: 6000 | E94: 2427.56 | F94: =D94-E94 -> 3572.44 | G94: 1800 | H94: 151 | I94: =G94-H94 -> 1649 | J94: 5672 | K94: =+G94-J94 -> -3872 | L94: 3620.11 | M94: 9476.11 | N94: 11212.73 | O94: 7732 | P94: 478 | Q94: 347 | R94: 6046 | S94: 3088.76 | T94: 6567.95 | U94: 2325.79 | V94: 3079.54 | X94: =G94-H94 -> 1649 | Y94: =X94/H94 -> 10.92053
B95: Hurricane | D95: 5500 | E95: 5416.24 | F95: =D95-E95 -> 83.76 | G95: 0 | H95: 226 | I95: =G95-H95 -> -226 | J95: 0 | K95: =+G95-J95 -> 0 | L95: 0 | M95: 0.27 | N95: 0 | P95: 0 | Q95: 0 | X95: =G95-H95 -> -226 | Y95: =IF(H95=0,0,X95/H95) -> -1
B96: Elevator | D96: 36000 | E96: 7665 | F96: =D96-E96 -> 28335 | G96: 11250 | H96: 3700 | I96: =G96-H96 -> 7550 | J96: 39600 | K96: =+G96-J96 -> -28350 | L96: 40116 | M96: 51938 | N96: 46094.4 | O96: 48845 | P96: 41447 | Q96: 38477 | R96: 38400 | S96: 99335.44 | T96: 62796.62 | U96: 48040.2 | V96: 48076.3 | X96: =G96-H96 -> 7550 | Y96: =X96/H96 -> 2.0405405
B97: Garbage removal | D97: 26280 | E97: 17462 | F97: =D97-E97 -> 8818 | G97: 25590 | H97: 13625 | I97: =G97-H97 -> 11965 | J97: 26040 | K97: =+G97-J97 -> -450 | L97: 26271.95 | M97: 25810 | N97: 25680 | O97: 25810 | P97: 26760 | Q97: 27435 | R97: 28840 | S97: 26137.5 | T97: 28542.03 | U97: 28209.45 | V97: 22802.75 | X97: =G97-H97 -> 11965 | Y97: =X97/H97 -> 0.87816514
B98: Telephone | D98: 1440 | E98: 790.07 | F98: =D98-E98 -> 649.93 | G98: 1270 | H98: 384 | I98: =G98-H98 -> 886 | J98: 1290 | K98: =+G98-J98 -> -20 | L98: 1119.12 | M98: 1607.89 | N98: 1302.23 | O98: 612 | P98: 1807 | Q98: 468 | R98: 393 | S98: 816.01 | T98: 1926.75 | U98: 1991.21 | V98: 2134.63 | X98: =G98-H98 -> 886 | Y98: =X98/H98 -> 2.3072917
B99: Fire protection | D99: 9500 | E99: 5553.05 | F99: =D99-E99 -> 3946.95 | G99: 15304.17 | H99: 4788 | I99: =G99-H99 -> 10516.17 | J99: 17318 | K99: =+G99-J99 -> -2013.83 | L99: 14516.91 | M99: 15159.41 | N99: 26433.57 | O99: 16227 | P99: 15028 | Q99: 16545 | R99: 13230 | S99: 14023.18 | T99: 17828.56 | U99: 8450.73 | V99: 21489.14 | X99: =G99-H99 -> 10516.17 | Y99: =X99/H99 -> 2.1963596
B100: Grounds & Landscaping | D100: 60000 | E100: 33101.45 | F100: =D100-E100 -> 26898.55 | G100: 56200 | H100: 25404 | I100: =G100-H100 -> 30796 | J100: 54478 | K100: =+G100-J100 -> 1722 | L100: 65976.51 | M100: 60077.37 | N100: 57698.83 | O100: 65953 | P100: 64108 | Q100: 56568 | R100: 52550 | S100: 45112.85 | T100: 29506.7 | U100: 68755.87 | V100: 39611.35 | X100: =G100-H100 -> 30796 | Y100: =X100/H100 -> 1.21225
B101: Other expenses | D101: 4500 | E101: 4627.53 | F101: =D101-E101 -> -127.53 | G101: 2350 | H101: 7420 | I101: =G101-H101 -> -5070 | J101: 2585 | K101: =+G101-J101 -> -235 | L101: 4880 | M101: 8260 | N101: 8180 | O101: 9890 | P101: 8296 | Q101: 12542 | R101: 39085 | S101: 35407.38 | T101: 13455.29 | U101: 10306.43 | V101: 17643.86 | X101: =G101-H101 -> -5070 | Y101: =X101/H101 -> -0.68328841
B102: Sewage treatment | D102: 191000.02 | E102: 150312.97 | F102: =D102-E102 -> 40687.05 | G102: 175166.67 | H102: 119993 | I102: =G102-H102 -> 55173.67 | J102: 164613 | K102: =+G102-J102 -> 10553.67 | L102: 159481.22 | M102: 102343.38 | N102: 103465.54 | O102: 107913 | P102: 116446 | Q102: 111929 | R102: 145865 | S102: 116906.57 | T102: 95505.09 | U102: 112408.33 | V102: 133969.76 | X102: =G102-H102 -> 55173.67 | Y102: =X102/H102 -> 0.45980741
B103: TOTAL OTHER EXPENSES | D103: =SUM(D86:D102) -> 614821.02 | E103: =SUM(E86:E102) -> 424642.66 | F103: =D103-E103 -> 190178.36 | G103: =SUM(G86:G102) -> 583067.34 | H103: =SUM(H86:H102) -> 283410 | I103: =G103-H103 -> 299657.34 | J103: =SUM(J86:J102) -> 578359 | K103: =+G103-J103 -> 4708.34 | L103: 566893.32 | M103: 653882.21 | N103: =SUM(N86:N102) -> 575886.26 | O103: =SUM(O86:O102) -> 600826 | P103: =SUM(P86:P102) -> 565412 | Q103: =SUM(Q86:Q102) -> 593165 | R103: =SUM(R86:R102) -> 640891 | S103: =SUM(S86:S102) -> 637325.54 | T103: =SUM(T86:T102) -> 573148.07 | U103: =SUM(U86:U102) -> 539504.01 | V103: =SUM(V86:V102) -> 643761.33 | X103: =G103-H103 -> 299657.34 | Y103: =X103/H103 -> 1.057328
B105: DEPARTMENTAL INCOME
B106: Dpt. Income (Profit)/Loss | D106: =D83+D103 -> 1170801.3 | E106: =E83+E103 -> 917709.15 | F106: =D106-E106 -> 253092.13 | G106: =G83+G103 -> 1099121.3 | H106: =H83+H103 -> 644808 | I106: =G106-H106 -> 454313.34 | J106: =J83+J103 -> 1099990 | K106: =+G106-J106 -> -868.66 | L106: 1058935.5 | M106: 1145905.9 | N106: =N83+N103 -> 1116228.8 | O106: =O83+O103 -> 1173498 | P106: =P83+P103 -> 1174476 | Q106: =Q83+Q103 -> 1183518 | R106: =R83+R103 -> 1247781 | S106: =S83+S103 -> 1301540.5 | T106: =T83+T103 -> 1227862 | U106: =U83+U103 -> 1200332.9 | V106: =V83+V103 -> 1284277.9 | X106: =G106-H106 -> 454313.34 | Y106: =X106/H106 -> 0.7045715
B108: POOL & BEACH
B110: PAYROLL EXPENSES | D110: =D3 -> BUDGET 2022 | E110: =E3 -> ACT 2021 | F110: B 2021 vs 2020 | G110: =G3 -> BUDGET 2021 | H110: =H3 -> ACTUAL 2020 | I110: B 2021 vs 2020 | J110: =J3 -> ACTUAL 2019 | K110: =+K73 -> B 2021 vs A2019 | L110: ACTUAL 2018 | M110: ACTUAL 2017 | N110: =N73 -> ACTUAL 2016 | O110: =O3 -> ACTUAL 2015 | P110: =P73 -> ACTUAL 2014 | Q110: =Q73 -> ACTUAL 2013 | R110: =R73 -> ACTUAL 2012 | S110: =S73 -> ACTUAL 2011 | T110: =T73 -> ACTUAL 2010 | U110: =U73 -> ACTUAL 2009 | V110: =V73 -> ACTUAL 2008 | X110: =X73 -> Var Bud-21 Actual-20
B111: Pool & Beach | D111: 200500 | E111: 186520 | F111: =D111-E111 -> 13980 | G111: 177000 | H111: 104799 | I111: =G111-H111 -> 72201 | J111: 188108 | K111: =+G111-J111 -> -11108 | L111: 162483 | M111: 143321.08 | N111: 149687.26 | O111: 159140 | P111: 180114 | Q111: 154152 | R111: 142020 | S111: 147960.08 | T111: 144955.07 | U111: 130210.39 | V111: 149225.32 | X111: =G111-H111 -> 72201 | Y111: =X111/H111 -> 0.68894741
B112: Supplemental pay | D112: 15874.5 | E112: 14926 | F112: =D112-E112 -> 948.5 | G112: 15874.5 | H112: 10846 | I112: =G112-H112 -> 5028.5 | J112: 15786 | K112: =+G112-J112 -> 88.5 | L112: 12102.71 | M112: 11127.87 | N112: 17326.34 | O112: 18228 | P112: 16966 | Q112: 20276 | R112: 18896 | S112: 17468.6 | T112: 11936.05 | U112: 10724.28 | V112: 10866.69 | X112: =G112-H112 -> 5028.5 | Y112: =X112/H112 -> 0.46362714
B113: Employee Meals | D113: 13560 | E113: 11964 | F113: =D113-E113 -> 1596 | G113: 13390 | H113: 8513 | I113: =G113-H113 -> 4877 | J113: 11197 | K113: =+G113-J113 -> 2193 | L113: 12385.11 | M113: 11449.1 | N113: 10909.88 | O113: 10045 | P113: 11379 | Q113: 10001 | R113: 11551 | S113: 11162.13 | T113: 10315.78 | U113: 8125.03 | V113: 13305.71 | X113: =G113-H113 -> 4877 | Y113: =X113/H113 -> 0.57288852
B114: Bonus provision | F114: =D114-E114 -> 0 | I114: =G114-H114 -> 0 | K114: =+G114-J114 -> 0 | X114: =G114-H114 -> 0
...

Sheet P&L Actual 2024
B1: PROPRIETORS STRATA PLAN # 50 - ACTUAL 2024
B3: SUMMARY | D3: ACTUAL 2024 | E3: BUDGET 2024 | F3: ACTUAL 2023 | G3: ACTUAL 2022 | H3: ACTUAL 2021 | J3: B 2022 vs Act 2021 | K3: % | M3: Act 2024 vs Bud 2024 | N3: %
B5: Revenues | D5: 3553334.9 | E5: 3154524.2 | F5: 3364420 | G5: 3020537.4 | H5: =+'NOT TO USE.'!E5 -> 2730915.4 | J5: =D5-F5 -> 188914.92 | K5: =+J5/F5 -> 0.056150814 | M5: =D5-E5 -> 398810.76 | N5: =+M5/E5 -> 0.12642501
B6: TOTAL REVENUES | D6: =SUM(D5) -> 3553334.9 | E6: =SUM(E5) -> 3154524.2 | F6: =SUM(F5) -> 3364420 | G6: 3020537.4 | H6: =+H5 -> 2730915.4 | J6: =D6-F6 -> 188914.92 | K6: =+J6/F6 -> 0.056150814 | M6: =D6-E6 -> 398810.76 | N6: =+M6/E6 -> 0.12642501
J7: =+J6/F6 -> 0.056150814 | M7: =+M6/E6 -> 0.12642501
B8: Admin & General | D8: 1300689.8 | E8: 1174837.3 | F8: 1223614 | G8: 1175693.5 | H8: =+'NOT TO USE.'!E8 -> 1061411 | J8: =D8-F8 -> 77075.83 | K8: =+J8/F8 -> 0.062990314 | M8: =D8-E8 -> 125852.58 | N8: =+M8/E8 -> 0.10712341
B9: Maintenance | D9: 1380588.2 | E9: 1093847 | F9: 1142249 | G9: 1124972.5 | H9: =+'NOT TO USE.'!E9 -> 917709.15 | J9: =D9-F9 -> 238339.2 | K9: =+J9/F9 -> 0.20865783 | M9: =D9-E9 -> 286741.2 | N9: =+M9/E9 -> 0.26214014
B10: Pool & Beach | D10: 421533.01 | E10: 412743.19 | F10: 505210 | G10: 466558.88 | H10: =+'NOT TO USE.'!E10 -> 364865.13 | J10: =D10-F10 -> -83676.99 | K10: =+J10/F10 -> -0.16562813 | M10: =D10-E10 -> 8789.8179 | N10: =+M10/E10 -> 0.021296094
B11: Common Areas | D11: 86381.21 | E11: 88151.837 | F11: 95524 | G11: 89624.37 | H11: =+'NOT TO USE.'!E11 -> 74251.5 | J11: =D11-F11 -> -9142.79 | K11: =+J11/F11 -> -0.095711968 | M11: =D11-E11 -> -1770.6274 | N11: =+M11/E11 -> -0.020086109
B12: Utilities | D12: 392190.56 | E12: 384937 | F12: 389769 | G12: 337788.44 | H12: =+'NOT TO USE.'!E12 -> 283692 | J12: =D12-F12 -> 2421.56 | K12: =+J12/F12 -> 0.0062128081 | M12: =D12-E12 -> 7253.56 | N12: =+M12/E12 -> 0.018843499
B13: TOTAL EXPENSES | D13: =SUM(D8:D12) -> 3581382.8 | E13: =SUM(E8:E12) -> 3154516.3 | F13: =SUM(F8:F12) -> 3356366 | G13: 3194637.7 | H13: =SUM(H8:H12) -> 2701928.8 | J13: =D13-F13 -> 225016.81 | K13: =+J13/F13 -> 0.067041798 | M13: =D13-E13 -> 426866.53 | N13: =+M13/E13 -> 0.13531917
J14: =+J13/F13 -> 0.067041798 | M14: =+M13/E13 -> 0.13531917
B15: Insurance Assessment | D15: -1202228 | E15: -1138588.8 | F15: =-1138589 -> -1138589 | G15: -1140358 | H15: ='NOT TO USE.'!E15 -> -956333 | J15: =D15-F15 -> -63639 | K15: =+J15/F15 -> 0.055892864 | M15: =D15-E15 -> -63639.22 | N15: =+M15/E15 -> 0.055893068
B16: Insurance Expenses | D16: 1202228 | E16: 1138588.8 | F16: 1138589 | G16: 1140358 | H16: ='NOT TO USE.'!E16 -> 956333 | J16: =D16-F16 -> 63639 | K16: =+J16/F16 -> 0.055892864 | M16: =D16-E16 -> 63639.22 | N16: =+M16/E16 -> 0.055893068
B17: Management Fee | J17: =D17-F17 -> 0 | M17: =D17-E17 -> 0
B18: TOTAL INSURANCE | D18: =SUM(D15:D17) -> 0 | E18: =SUM(D15:D17) -> 0 | F18: =SUM(F15:F17) -> 0 | G18: 0 | H18: =SUM(F15:F17) -> 0 | J18: =D18-F18 -> 0 | M18: =D18-E18 -> 0
J19: =D19-F19 -> 0 | M19: =D19-E19 -> 0
B20: Capex Reserve Assessment | D20: -197484 | E20: -197484 | F20: =-197478 -> -197478 | G20: -193608 | H20: =+'NOT TO USE.'!E20 -> -145206 | J20: =D20-F20 -> -6 | K20: =+J20/F20 -> 3.0383131e-05 | M20: =D20-E20 -> 0 | N20: =+M20/E20 -> 0
B21: Major Reserve Assessment | D21: -329172 | E21: -329172 | F21: =-329176 -> -329176 | G21: -322680 | H21: =+'NOT TO USE.'!E21 -> -242010 | J21: =D21-F21 -> 4 | K21: =+J21/F21 -> -1.2151554e-05 | M21: =D21-E21 -> 0 | N21: =+M21/E21 -> 0
B22: Reserve Fund | D22: 526656 | E22: 526656 | F22: =526654 -> 526654 | G22: 516288 | H22: =+'NOT TO USE.'!E22 -> 387216 | J22: =D22-F22 -> 2 | K22: =+J22/F22 -> 3.7975597e-06 | M22: =D22-E22 -> 0 | N22: =+M22/E22 -> 0
B23: TOTAL RESERVE FUND | D23: =SUM(D20:D22) -> 0 | E23: =SUM(D20:D22) -> 0 | F23: =SUM(F20:F22) -> 0 | G23: 0 | H23: =SUM(F20:F22) -> 0 | J23: =D23-F23 -> 0 | M23: =D23-E23 -> 0
J24: =D24-F24 -> 0 | M24: =D24-E24 -> 0
B25: INCOME/ (LOSS) | D25: =D6-D13-D18-D23 -> -28047.89 | E25: =E6-E13-E18-E23 -> 7.8782317 | F25: =F6-F13-F18-F23 -> 8054 | G25: -174100.29 | H25: =H6-H13-H18-H23 -> 28986.581 | J25: =D25-F25 -> -36101.89 | K25: =+J25/F25 -> -4.4824795 | M25: =D25-E25 -> -28055.768
B28: ADMIN & GENERAL
B30: REVENUES | D30: =D3 -> ACTUAL 2024 | E30: =E3 -> BUDGET 2024 | F30: =F3 -> ACTUAL 2023 | G30: ACTUAL 2022 | H30: =H3 -> ACTUAL 2021 | J30: =+J$3 -> B 2022 vs Act 2021 | K30: =+K$3 -> % | M30: =+M$3 -> Act 2024 vs Bud 2024 | N30: =+N$3 -> %
B31: Strata Fees | D31: 2638335.1 | E31: 2623869 | F31: 2724978 | G31: 2471484 | H31: ='NOT TO USE.'!E31 -> 2286117 | J31: =D31-F31 -> -86642.85 | K31: =+J31/F31 -> -0.031795798 | M31: =D31-E31 -> 14466.15 | N31: =+M31/E31 -> 0.0055132897
B32: Strata Garage Fees | D32: 77136 | E32: 74307.6 | F32: 77171 | G32: 70140 | H32: ='NOT TO USE.'!E32 -> 70140 | J32: =D32-F32 -> -35 | K32: =+J32/F32 -> -0.00045353825 | M32: =D32-E32 -> 2828.4 | N32: =+M32/E32 -> 0.038063401
B33: Watersport Contribution | D33: ='NOT TO USE.'!D33 -> 0 | E33: ='NOT TO USE.'!D33 -> 0 | G33: 0 | H33: ='NOT TO USE.'!E33 -> 0 | J33: =D33-F33 -> 0 | M33: =D33-E33 -> 0
B34: Maintenance Revenue | D34: 739262.41 | E34: 364028.01 | F34: 445719 | G34: 368600 | H34: ='NOT TO USE.'!E34 -> 285641.89 | J34: =D34-F34 -> 293543.41 | K34: =+J34/F34 -> 0.65858402 | M34: =D34-E34 -> 375234.4 | N34: =+M34/E34 -> 1.0307844
B35: Income from water | D35: 14487.29 | E35: 15186.05 | F35: 19288.41 | G35: 20497.26 | H35: ='NOT TO USE.'!E35 -> 18627.13 | J35: =D35-F35 -> -4801.12 | K35: =+J35/F35 -> -0.24891217 | M35: =D35-E35 -> -698.76 | N35: =+M35/E35 -> -0.046013282
B36: Income from power | D36: 50931.52 | E36: 48582.5 | F36: 64156.68 | G36: 66349.93 | H36: ='NOT TO USE.'!E36 -> 51901.59 | J36: =D36-F36 -> -13225.16 | K36: =+J36/F36 -> -0.20613847 | M36: =D36-E36 -> 2349.02 | N36: =+M36/E36 -> 0.048351155
B37: Income from cable | D37: 20175.84 | E37: 14175 | F37: 18001.25 | G37: 21635 | H37: ='NOT TO USE.'!E37 -> 16546 | J37: =D37-F37 -> 2174.59 | K37: =+J37/F37 -> 0.12080217 | M37: =D37-E37 -> 6000.84 | N37: =+M37/E37 -> 0.42333968
B38: Income from pest control | D38: -1460.63 | E38: 420 | F38: 378.96 | G38: 1625.04 | H38: ='NOT TO USE.'!E38 -> 1820.04 | J38: =D38-F38 -> -1839.59 | K38: =+J38/F38 -> -4.8543118 | M38: =D38-E38 -> -1880.63 | N38: =+M38/E38 -> -4.4776905
B39: Other Income | D39: 7974.64 | E39: 8796 | F39: 8502.96 | G39: 0 | H39: ='NOT TO USE.'!E39 -> 0 | J39: =D39-F39 -> -528.32 | M39: =D39-E39 -> -821.36
B40: Interest Income | D40: 6492.7 | E40: 5160 | F40: 6223.91 | G40: 205.97 | H40: ='NOT TO USE.'!E40 -> 121.71 | J40: =D40-F40 -> 268.79 | K40: =+J40/F40 -> 0.043186678 | M40: =D40-E40 -> 1332.7 | N40: =+M40/E40 -> 0.25827519
B41: TOTAL REVENUES | D41: =SUM(D31:D40) -> 3553334.9 | E41: =SUM(E31:E40) -> 3154524.2 | F41: =SUM(F31:F40) -> 3364420.2 | G41: 3020537.2 | H41: =SUM(H31:H40) -> 2730915.4 | J41: =D41-F41 -> 188914.75 | K41: =+J41/F41 -> 0.05615076 | M41: =D41-E41 -> 398810.76 | N41: =+M41/E41 -> 0.12642501
B43: PAYROLL EXPENSES
B44: Security Payroll | D44: 210772.32 | E44: 184115.72 | F44: 247197.25 | G44: 217644.37 | H44: =+'NOT TO USE.'!E44 -> 204053 | J44: =D44-F44 -> -36424.93 | K44: =+J44/F44 -> -0.14735168 | M44: =D44-E44 -> 26656.602 | N44: =+M44/E44 -> 0.14478178
B45: Supplemental pay | D45: 46837.94 | E45: 20252.729 | F45: 24442.96 | G45: 25592.96 | H45: =+'NOT TO USE.'!E45 -> 18740 | J45: =D45-F45 -> 22394.98 | K45: =+J45/F45 -> 0.91621391 | M45: =D45-E45 -> 26585.211 | N45: =+M45/E45 -> 1.312673
B46: Employee meals | D46: 15436.74 | E46: 20581.044 | F46: 21746.21 | G46: 20319.72 | H46: =+'NOT TO USE.'!E46 -> 15613 | J46: =D46-F46 -> -6309.47 | K46: =+J46/F46 -> -0.29014113 | M46: =D46-E46 -> -5144.304 | N46: =+M46/E46 -> -0.2499535
B47: Bonus provision | D47: =+'NOT TO USE.'!D47 -> 0 | E47: =+'NOT TO USE.'!D47 -> 0 | G47: 0 | H47: =+'NOT TO USE.'!E47 -> 0 | J47: =D47-F47 -> 0 | M47: =D47-E47 -> 0
B48: Employee housing | D48: =+'NOT TO USE.'!D48 -> 0 | E48: =+'NOT TO USE.'!D48 -> 0 | G48: 0 | H48: =+'NOT TO USE.'!E48 -> 0 | J48: =D48-F48 -> 0 | M48: =D48-E48 -> 0
B49: Payroll taxes | D49: 29021.03 | E49: 21290.693 | F49: 30470.61 | G49: 23029.07 | H49: =+'NOT TO USE.'!E49 -> 23214 | J49: =D49-F49 -> -1449.58 | K49: =+J49/F49 -> -0.047573055 | M49: =D49-E49 -> 7730.3372 | N49: =+M49/E49 -> 0.36308528
J50: =D50-F50 -> 0 | M50: =D50-E50 -> 0
B51: TOTAL PAYROLL & BENEFITS | D51: =SUM(D44:D49) -> 302068.03 | E51: =SUM(E44:E49) -> 246240.18 | F51: =SUM(F44:F49) -> 323857.03 | G51: 286586.12 | H51: =SUM(H44:H49) -> 261620 | J51: =D51-F51 -> -21789 | K51: =+J51/F51 -> -0.067279688 | M51: =D51-E51 -> 55827.846 | N51: =+M51/E51 -> 0.2267211
B53: OTHER EXPENSES
B54: Bank Charges | D54: 1860 | E54: 3000 | F54: 2180 | G54: 1964.2 | H54: =+'NOT TO USE.'!E54 -> 2040 | J54: =D54-F54 -> -320 | K54: =+J54/F54 -> -0.14678899 | M54: =D54-E54 -> -1140 | N54: =+M54/E54 -> -0.38
B55: Work Permits | D55: 24537 | E55: 26471.45 | F55: 24668.34 | G55: 24191.35 | H55: =+'NOT TO USE.'!E55 -> 20318 | J55: =D55-F55 -> -131.34 | K55: =+J55/F55 -> -0.0053242334 | M55: =D55-E55 -> -1934.45 | N55: =+M55/E55 -> -0.073076843
B56: Security Services & supplies | D56: 135982.91 | E56: 65612.1 | F56: 53441.76 | G56: 54466.03 | H56: =+'NOT TO USE.'!E56 -> 25953 | J56: =D56-F56 -> 82541.15 | K56: =+J56/F56 -> 1.5445066 | M56: =D56-E56 -> 70370.81 | N56: =+M56/E56 -> 1.0725279
B57: Telephone | D57: 1421.74 | E57: 552 | F57: 841.43 | G57: 688.66 | H57: =+'NOT TO USE.'!E58 -> 0 | J57: =D57-F57 -> 580.31 | K57: =+J57/F57 -> 0.68967116 | M57: =D57-E57 -> 869.74 | N57: =+M57/E57 -> 1.5756159
B58: D & O Liability Insurance | D58: 10656.82 | E58: 12036 | F58: 14504.32 | G58: 30254 | H58: =+'NOT TO USE.'!E59 -> 18673 | J58: =D58-F58 -> -3847.5 | K58: =+J58/F58 -> -0.2652658 | M58: =D58-E58 -> -1379.18 | N58: =+M58/E58 -> -0.1145879
B59: Gym | D59: 56507.56 | E59: 46720.8 | F59: 51912 | G59: 49632.54 | H59: =+'NOT TO USE.'!E60 -> 49466 | J59: =D59-F59 -> 4595.56 | K59: =+J59/F59 -> 0.088525967 | M59: =D59-E59 -> 9786.76 | N59: =+M59/E59 -> 0.2094733
B60: Management Fee | D60: 755220.72 | E60: 755220.72 | F60: 733224 | G60: 698304 | H60: =+'NOT TO USE.'!E61 -> 665051 | J60: =D60-F60 -> 21996.72 | K60: =+J60/F60 -> 0.03 | M60: =D60-E60 -> 0 | N60: =+M60/E60 -> 0
B61: Other expenses | D61: 7301.68 | E61: 13380 | F61: 13385.27 | G61: 24006.65 | H61: =+'NOT TO USE.'!E62 -> 18540 | J61: =D61-F61 -> -6083.59 | K61: =+J61/F61 -> -0.45449886 | M61: =D61-E61 -> -6078.32 | N61: =+M61/E61 -> -0.45428401
B62: Strata Lot Management Fees | D62: =+'NOT TO USE.'!D63 -> 0 | E62: 0 | H62: =+'NOT TO USE.'!E63 -> 0 | J62: =D62-F62 -> 0 | M62: =D62-E62 -> 0
B63: Travelling expenses | D63: 5133.37 | E63: 5604 | F63: 5600.04 | G63: 5600.04 | H63: =+'NOT TO USE.'!E64 -> -250 | J63: =D63-F63 -> -466.67 | K63: =+J63/F63 -> -0.083333333 | M63: =D63-E63 -> -470.63 | N63: =+M63/E63 -> -0.083981085
B64: TOTAL OTHER EXPENSES | D64: =SUM(D54:D63) -> 998621.8 | E64: =SUM(E54:E63) -> 928597.07 | F64: =SUM(F54:F63) -> 899757.16 | G64: 889107.47 | H64: =SUM(H54:H63) -> 799791 | J64: =D64-F64 -> 98864.64 | K64: =+J64/F64 -> 0.10987925 | M64: =D64-E64 -> 70024.73 | N64: =+M64/E64 -> 0.075409165
B66: DEPARTMENTAL INCOME
B67: Dpt. Income (Profit)/Loss | D67: =D41-D51-D64 -> 2252645.1 | E67: =E41-E51-E64 -> 1979686.9 | F67: =F41-F51-F64 -> 2140806 | G67: 1844843.6 | H67: =H41-H51-H64 -> 1669504.4 | J67: =D67-F67 -> 111839.11 | K67: =+J67/F67 -> 0.052241591 | M67: =D67-E67 -> 272958.18 | N67: =+M67/E67 -> 0.13787947
B70: MAINTENANCE
B72: PAYROLL EXPENSES | D72: =D3 -> ACTUAL 2024 | E72: =E3 -> BUDGET 2024 | F72: =F3 -> ACTUAL 2023 | G72: ACTUAL 2022 | H72: =H3 -> ACTUAL 2021 | J72: =+J$3 -> B 2022 vs Act 2021 | K72: =+K$3 -> % | M72: =+M$3 -> Act 2024 vs Bud 2024 | N72: =+N$3 -> %
B73: Maintenance | D73: 213486.14 | E73: 218516.91 | F73: 228762.14 | G73: 221820.35 | H73: =+'NOT TO USE.'!E74 -> 182144.05 | J73: =D73-F73 -> -15276 | K73: =+J73/F73 -> -0.066776784 | M73: =D73-E73 -> -5030.7695 | N73: =+M73/E73 -> -0.023022335
B74: Grounds | D74: 193860.13 | E74: 211123.89 | F74: 195186.76 | G74: 196184.29 | H74: =+'NOT TO USE.'!E75 -> 148912.45 | J74: =D74-F74 -> -1326.63 | K74: =+J74/F74 -> -0.0067967213 | M74: =D74-E74 -> -17263.76 | N74: =+M74/E74 -> -0.081770757
B75: Sewage treatment plant | D75: 10524 | E75: 10521 | F75: 10020 | G75: 10008 | H75: =+'NOT TO USE.'!E76 -> 10008 | J75: =D75-F75 -> 504 | K75: =+J75/F75 -> 0.050299401 | M75: =D75-E75 -> 3 | N75: =+M75/E75 -> 0.000285144
B76: Supplemental pay | D76: 53948.37 | E76: 41815.371 | F76: 41092.57 | G76: 30750.81 | H76: =+'NOT TO USE.'!E77 -> 33366.69 | J76: =D76-F76 -> 12855.8 | K76: =+J76/F76 -> 0.31284974 | M76: =D76-E76 -> 12132.999 | N76: =+M76/E76 -> 0.29015644
B77: Employee Meals | D77: 22554.36 | E77: 29490.841 | F77: 28576.18 | G77: 26958.85 | H77: =+'NOT TO USE.'!E78 -> 23457.16 | J77: =D77-F77 -> -6021.82 | K77: =+J77/F77 -> -0.21072866 | M77: =D77-E77 -> -6936.4806 | N77: =+M77/E77 -> -0.23520796
B78: Bonus provision | D78: 10782.37 | E78: 11030.73 | F78: 10783.21 | G78: 6468 | H78: =+'NOT TO USE.'!E79 -> 8392.91 | J78: =D78-F78 -> -0.84 | K78: =+J78/F78 -> -7.7898882e-05 | M78: =D78-E78 -> -248.36 | N78: =+M78/E78 -> -0.022515282
B79: Employee housing | D79: 59895.88 | E79: 55636.8 | F79: 46156.93 | G79: 50420.05 | H79: =+'NOT TO USE.'!E80 -> 53206.06 | J79: =D79-F79 -> 13738.95 | K79: =+J79/F79 -> 0.29765736 | M79: =D79-E79 -> 4259.08 | N79: =+M79/E79 -> 0.076551491
B80: Payroll taxes | D80: 39005.65 | E80: 50882.161 | F80: 38031.96 | G80: 31416.48 | H80: =+'NOT TO USE.'!E81 -> 33579.17 | J80: =D80-F80 -> 973.69 | K80: =+J80/F80 -> 0.025601889 | M80: =D80-E80 -> -11876.511 | N80: =+M80/E80 -> -0.23341208
J81: =D81-F81 -> 0 | M81: =D81-E81 -> 0
B82: TOTAL PAYROLL & BENEFITS | D82: =SUM(D73:D81) -> 604056.9 | E82: =SUM(E73:E81) -> 629017.7 | F82: =SUM(F73:F81) -> 598609.75 | G82: 574026.83 | H82: =SUM(H73:H81) -> 493066.49 | J82: =D82-F82 -> 5447.15 | K82: =+J82/F82 -> 0.009099668 | M82: =D82-E82 -> -24960.802 | N82: =+M82/E82 -> -0.039682194
B84: OTHER EXPENSES
B85: Automobile | D85: 3975.89 | E85: 13200 | F85: 11989.79 | G85: 7608.76 | H85: =+'NOT TO USE.'!E86 -> 9012.02 | J85: =D85-F85 -> -8013.9 | K85: =+J85/F85 -> -0.66839369 | M85: =D85-E85 -> -9224.11 | N85: =+M85/E85 -> -0.69879621
B86: A/C related | D86: 23496.15 | E86: 18956.84 | F86: 11956.55 | G86: 4987.5 | H86: =+'NOT TO USE.'!E87 -> 6482.77 | J86: =D86-F86 -> 11539.6 | K86: =+J86/F86 -> 0.9651279 | M86: =D86-E86 -> 4539.31 | N86: =+M86/E86 -> 0.23945499
B87: Maintenance supplies | D87: 509417.01 | E87: 163812.6 | F87: 205542.2 | G87: 187548.62 | H87: =+'NOT TO USE.'!E88 -> 131870.87 | J87: =D87-F87 -> 303874.81 | K87: =+J87/F87 -> 1.4784059 | M87: =D87-E87 -> 345604.41 | N87: =+M87/E87 -> 2.1097547
B88: Office supplies | D88: 0 | E88: 750 | G88: 0 | H88: =+'NOT TO USE.'!E90 -> 85.32 | J88: =D88-F88 -> 0 | K88: =+J88/F88 -> #DIV/0! | M88: =D88-E88 -> -750 | N88: =+M88/E88 -> -1
B89: Uniforms | D89: 14752.65 | E89: 20004 | F89: 19284.51 | G89: 5677.94 | H89: =+'NOT TO USE.'!E91 -> 6272.31 | J89: =D89-F89 -> -4531.86 | K89: =+J89/F89 -> -0.23500001 | M89: =D89-E89 -> -5251.35 | N89: =+M89/E89 -> -0.262515
B90: Painting & decoration | D90: 15235.18 | E90: 13901.25 | F90: 15592.44 | G90: 19098.05 | H90: =+'NOT TO USE.'!E92 -> 8584.42 | J90: =D90-F90 -> -357.26 | K90: =+J90/F90 -> -0.022912386 | M90: =D90-E90 -> 1333.93 | N90: =+M90/E90 -> 0.095957558
B91: Electrical & bulbs | D91: 2677.27 | E91: 11085.615 | F91: 13157.76 | G91: 11451.36 | H91: =+'NOT TO USE.'!E93 -> 34979.08 | J91: =D91-F91 -> -10480.49 | K91: =+J91/F91 -> -0.7965254 | M91: =D91-E91 -> -8408.345 | N91: =+M91/E91 -> -0.75849152
B92: Locks & Keys | D92: 995.33 | E92: 4999.92 | F92: 1263.83 | G92: 17469.6 | H92: =+'NOT TO USE.'!E94 -> 2427.56 | J92: =D92-F92 -> -268.5 | K92: =+J92/F92 -> -0.21244946 | M92: =D92-E92 -> -4004.59 | N92: =+M92/E92 -> -0.80093081
B93: Hurricane | D93: 0 | E93: 0 | F93: 33003.65 | G93: 0.18 | H93: =+'NOT TO USE.'!E95 -> 5416.24 | J93: =D93-F93 -> -33003.65 | K93: =+J93/F93 -> -1 | M93: =D93-E93 -> 0 | N93: 0
B94: Elevator | D94: 49880 | E94: 46715 | F94: 48562.5 | G94: 69433.75 | H94: =+'NOT TO USE.'!E96 -> 7665 | J94: =D94-F94 -> 1317.5 | K94: =+J94/F94 -> 0.027129987 | M94: =D94-E94 -> 3165 | N94: =+M94/E94 -> 0.067751258
B95: Garbage removal | D95: 38520 | E95: 39960 | F95: 39520 | G95: 32479.5 | H95: =+'NOT TO USE.'!E97 -> 17462 | J95: =D95-F95 -> -1000 | K95: =+J95/F95 -> -0.025303644 | M95: =D95-E95 -> -1440 | N95: =+M95/E95 -> -0.036036036
B96: Telephone | D96: 5844.04 | E96: 4404 | F96: 4406.08 | G96: 1263.92 | H96: =+'NOT TO USE.'!E98 -> 790.07 | J96: =D96-F96 -> 1437.96 | K96: =+J96/F96 -> 0.32635812 | M96: =D96-E96 -> 1440.04 | N96: =+M96/E96 -> 0.32698456
B97: Fire protection | D97: 8021.25 | E97: 10403.667 | F97: 15094.3 | G97: 7279.35 | H97: =+'NOT TO USE.'!E99 -> 5553.05 | J97: =D97-F97 -> -7073.05 | K97: =+J97/F97 -> -0.46859079 | M97: =D97-E97 -> -2382.4167 | N97: =+M97/E97 -> -0.22899779
B98: Grounds & Landscaping | D98: 42012.06 | E98: 38676 | F98: 38679.65 | G98: 27220.52 | H98: =+'NOT TO USE.'!E100 -> 33101.45 | J98: =D98-F98 -> 3332.41 | K98: =+J98/F98 -> 0.086154089 | M98: =D98-E98 -> 3336.06 | N98: =+M98/E98 -> 0.086256593
B99: Other expenses | D99: 3004.06 | E99: 4920 | F99: 4918.95 | G99: 13057.63 | H99: =+'NOT TO USE.'!E101 -> 4627.53 | J99: =D99-F99 -> -1914.89 | K99: =+J99/F99 -> -0.38928836 | M99: =D99-E99 -> -1915.94 | N99: =+M99/E99 -> -0.3894187
B100: Sewage treatment | D100: 58700.41 | E100: 73040.4 | F100: 80666.68 | G100: 146369.31 | H100: =+'NOT TO USE.'!E102 -> 150312.97 | J100: =D100-F100 -> -21966.27 | K100: =+J100/F100 -> -0.27230909 | M100: =D100-E100 -> -14339.99 | N100: =+M100/E100 -> -0.19632957
B101: TOTAL OTHER EXPENSES | D101: =SUM(D85:D100) -> 776531.3 | E101: =SUM(E85:E100) -> 464829.3 | F101: =SUM(F85:F100) -> 543638.89 | G101: 550945.99 | H101: =SUM(H85:H100) -> 424642.66 | J101: =D101-F101 -> 232892.41 | K101: =+J101/F101 -> 0.42839542 | M101: =D101-E101 -> 311702 | N101: =+M101/E101 -> 0.67057306
B103: DEPARTMENTAL INCOME
B104: Dpt. Income (Profit)/Loss | D104: =D82+D101 -> 1380588.2 | E104: =E82+E101 -> 1093847 | F104: =F82+F101 -> 1142248.6 | G104: 1124972.8 | H104: =H82+H101 -> 917709.15 | J104: =D104-F104 -> 238339.56 | K104: =+J104/F104 -> 0.20865821 | M104: =D104-E104 -> 286741.2 | N104: =+M104/E104 -> 0.26214014
B106: POOL & BEACH
B108: PAYROLL EXPENSES | D108: =D3 -> ACTUAL 2024 | E108: =E3 -> BUDGET 2024 | F108: =F3 -> ACTUAL 2023 | G108: ACTUAL 2022 | H108: =H3 -> ACTUAL 2021 | J108: =+J$3 -> B 2022 vs Act 2021 | K108: =+K$3 -> % | M108: =+M$3 -> Act 2024 vs Bud 2024 | N108: =+N$3 -> %
B109: Pool & Beach | D109: 190177.82 | E109: 197165.42 | F109: 215743.05 | G109: 213680.13 | H109: =+'NOT TO USE.'!E111 -> 186520 | J109: =D109-F109 -> -25565.23 | K109: =+J109/F109 -> -0.11849851 | M109: =D109-E109 -> -6987.6032 | N109: =+M109/E109 -> -0.035440307
B110: Supplemental pay | D110: 27655.34 | E110: 25515.666 | F110: 29360.98 | G110: 17985.91 | H110: =+'NOT TO USE.'!E112 -> 14926 | J110: =D110-F110 -> -1705.64 | K110: =+J110/F110 -> -0.058092066 | M110: =D110-E110 -> 2139.6739 | N110: =+M110/E110 -> 0.083857263
B111: Employee Meals | D111: 13635.49 | E111: 16830 | F111: 21179.17 | G111: 17295.174 | H111: =+'NOT TO USE.'!E113 -> 11964 | J111: =D111-F111 -> -7543.68 | K111: =+J111/F111 -> -0.35618393 | M111: =D111-E111 -> -3194.51 | N111: =+M111/E111 -> -0.18981046
B112: Employee housing | D112: 11399.53 | E112: 17926.44 | F112: 17701.94 | G112: 25249.54 | H112: =+'NOT TO USE.'!E115 -> 21220 | J112: =D112-F112 -> -6302.41 | K112: =+J112/F112 -> -0.35602934 | M112: =D112-E112 -> -6526.91 | N112: =+M112/E112 -> -0.36409404
B113: Payroll taxes | D113: 28415.93 | E113: 22781.932 | F113: 29435.29 | G113: 21159.36 | H113: =+'NOT TO USE.'!E116 -> 18527 | J113: =D113-F113 -> -1019.36 | K113: =+J113/F113 -> -0.03463054 | M113: =D113-E113 -> 5633.9984 | N113: =+M113/E113 -> 0.24730117
B114: Allocation Management Co. | D114: -135642.05 | E114: -140109.73 | F114: -156710.39 | G114: -147686 | H114: =+'NOT TO USE.'!E117 -> -126579 | J114: =D114-F114 -> 21068.335 | K114: =+J114/F114 -> -0.13444121 | M114: =D114-E114 -> 4467.6754 | N114: =+M114/E114 -> -0.031886975
J115: =D115-F115 -> 0 | M115: =D115-E115 -> 0
...

Sheet Var 2024
B2: Strata Plans # 50 Income statement YTD 2024
B3: Variance analysis actual to budget
C4: Positive | D4: Negative
C5: variances | D5: variances
B6: INCOME | C6: to budget | D6: to budget
B7: Maintenance Revenues | C7: 375234
B8: Strata Fees | C8: =14466+2828 -> 17294
B9: Others | D9: =-1881-821+1333 -> -1369
B10: Income from utilities | C10: =-699+2349+6001 -> 7651
B12: Total Income | C12: =SUM(C7:C10) -> 400179 | D12: =SUM(D7:D10) -> -1369
C13: =D12+C12 -> 398810
B15: EXPENSES
B17: Maintenance & Landscaping payroll | C17: =-22295 -> -22295
B18: Pool & Beach Payroll | C18: =-4468 -> -4468
B19: Electricity | C19: -3391
B20: Pool repairs | C20: =-3465+102 -> -3363
B21: Maintenance & Landscaping benefits | C21: =(3+12133-6936-248+4259-11877) -> -2666
B22: Pool chemicals | C22: -1800
B23: Common Area Payroll & expenses | C23: -1771
B24: Other expenses A&G | C24: -346 | F24: higher expenses direclty
B25: Maintenance supplies & expenses | D25: 311702 | F25: related to higher revenues
B26: Security payroll (internal & external) | D26: =55828+70371 -> 126199
B27: Pool & Beach Supplies Furniture | D27: =24350/2 -> 12175
B28: Pool & Beach Laundry | D28: =12491/2 -> 6245.5
B29: water | D29: 6089
B30: Gas/Propane | D30: 4556
B32: Total Expenses | C32: =SUM(C17:C25) -> -40100 | D32: =SUM(D17:D30) -> 466966.5
D33: =C32+D32 -> 426866.5
B35: Total variance | C35: =C13-D33 -> -28056.5

Sheet Bal Sheet Actual 2024    
A1: PROPRIETORS STRATA PLAN # 50
A2: Balance sheet as of December 31, 2024
C3: SAP | D3: SAP | E3: SAP | F3: ACCPAC | G3: ACCPAC | I3: ACCPAC
C4: Ending Balance | D4: Net Activity 10/00 | E4: Net Activity 10/00 | F4: Ending Balance | G4: Ending Balance | I4: Variance Balance
C5: 36799 | D5: DR | E5: CR | F5: 45657 | G5: 45626
A6: Account | B6: Description
A7: ========= | B7: ================================== | C7: ================= | D7: =================== | E7: ==================== | F7: ============= | G7: =============
B9: CASH | F9: =SUM(F10:F12) -> 693009.6 | G9: 692038.49 | I9: =+F9-G9 -> 971.11
A10: 101030-01 | B10: OPERATING ACCOUNT | F10: 5118.71 | G10: 5118.71 | I10: =+F10-G10 -> 0
A11: 101036-01 | B11: DEPOSIT ACCOUNT (1 YEAR) | I11: =+F11-G11 -> 0
A12: 101037-01 | B12: DEPOSIT ACCOUNT (30 DAYS) | F12: 687890.89 | G12: 686919.78 | I12: =+F12-G12 -> 971.11
I13: =+F13-G13 -> 0
B14: OTHER RECEIVABLES | F14: =SUM(F15:F19) -> -227603.83 | G14: 108308.08 | I14: =+F14-G14 -> -335911.91
A15: 111050-01 | B15: RECEIVABLE SOMERSET (WWTP) | F15: 3815.49 | G15: 6158.07 | I15: =+F15-G15 -> -2342.58
A16: 111051-01 | B16: OWNER RECEIVABLES | H16: Paid by ER | I16: =+F16-G16 -> 0
A17: 111052-01 | B17: PERGOLA PROJECT - CLEARING ACCOUNT | I17: =+F17-G17 -> 0
A18: 111053-01 | B18: GILLEN HALL DESIGN PROJECT - CLEARING ACCOUNT
A19: 111070-01 | B19: INTERCOMPANY MANAGEMENT CO | F19: =-231419.32 -> -231419.32 | G19: 102150.01 | H19: Inntercompany between Mgmt co | I19: =+F19-G19 -> -333569.33
B21: INVENTORIES | F21: =SUM(F22:F23) -> 450790.79 | G21: 520193.59 | I21: =+F21-G21 -> -69402.8
A22: 123058-01 | B22: ENGINEERING INVENTORY | F22: 400190.86 | G22: 468163.13 | H22: Last set of Monogram fridges being charge out | I22: =+F22-G22 -> -67972.27
A23: 124010-01 | B23: HURRICANE INVENTORY | F23: 50599.93 | G23: 52030.46 | I23: =+F23-G23 -> -1430.53
B25: PREPAIDS | F25: =SUM(F26:F27) -> 11184.02 | G25: 42408.78 | I25: =+F25-G25 -> -31224.76
A26: 130001-01 | B26: PREPAID INSURANCE | F26: 1299.7 | G26: 2598.53 | I26: =+F26-G26 -> -1298.83
A27: 130009-01 | B27: PREPAID OTHERS | F27: 9884.32 | G27: 39810.25 | H27: Last month of prepaid items being draw down monthly | I27: =+F27-G27 -> -29925.93
B29: DEPOSITS | F29: =+F30 -> 30420 | G29: 30420 | I29: =+F29-G29 -> 0
A30: 131001-01 | B30: DEPOSITS VENDORS | F30: 30420 | G30: 30420 | I30: =+F30-G30 -> 0
I31: =+F31-G31 -> 0
B32: OTHER ASSETS | F32: =SUM(F33:F33) -> 0 | G32: 0 | I32: =+F32-G32 -> 0
A33: 259010-01 | B33: ACCRUED OTHER EXPENSES | F33: 0 | G33: 0 | I33: =+F33-G33 -> 0
I34: =+F34-G34 -> 0
I35: =+F35-G35 -> 0
B36: TOTAL ASSETS | F36: =F9+F14+F21+F25+F29 -> 957800.58 | G36: 1393368.9 | I36: =+F36-G36 -> -435568.36
B38: TRADE PAYABLES | F38: =SUM(F39) -> 0 | G38: 0 | I38: =+F38-G38 -> 0
A39: 111070-01 | B39: INTERCOMPANY MANAGEMENT CO | I39: =+F39-G39 -> 0
I40: =+F40-G40 -> 0
B41: ACCRUED EXPENSES | F41: =SUM(F42:F43) -> 17944.63 | G41: 20641.69 | I41: =+F41-G41 -> -2697.06
A42: 252001-01 | B42: ACCRUED SALARIES/WAGES | F42: 1411.18 | G42: 4670.74 | I42: =+F42-G42 -> -3259.56
A43: 259010-01 | B43: ACCRUED OTHERS | F43: 16533.45 | G43: 15970.95 | I43: =+F43-G43 -> 562.5
B45: DEPOSITS/DEFERRED INCOME | F45: =SUM(F46:F46) -> 0 | G45: 0 | I45: =+F45-G45 -> 0
I46: =+F46-G46 -> 0
I47: =+F47-G47 -> 0
B48: OWNERS EQUITY | F48: =SUM(F49:F52) -> 939855.95 | G48: 1372727.2 | I48: =+F48-G48 -> -432871.3
A49: 180053-01 | B49: RESERVE FUND WWTP | F49: 41387.72 | G49: 41387.72 | I49: =+F49-G49 -> 0
A50: 276004-01 | B50: RESERVE FUNDS (CAPITAL + MAJOR) | F50: 856409.08 | G50: 1228413.5 | H50: Movement in reserve funds usage in December 2024 | I50: =+F50-G50 -> -372004.4
A51: 286001-01 | B51: RETAINED EARNINGS PRIOR YEARS | F51: 70107.6 | G51: 70107.6 | I51: =+F51-G51 -> 0
B52: CURRENT EARNINGS | F52: =-28048.45 -> -28048.45 | G52: 32818.45 | I52: =+F52-G52 -> -60866.9
I53: =+F53-G53 -> 0
B54: TOTAL LIABILITIES & OWNERS EQUITY | F54: =F48+F41+F38 -> 957800.58 | G54: 1393368.9 | I54: =+F54-G54 -> -435568.36
B57: CONTROL | F57: =F36-F54 -> 0 | G57: -0.02 | I57: =+F57-G57 -> 0.02

Sheet Capital 2024
C2: PROPRIETORS STRATA PLAN # 50
C4: CAPITAL EXPENDITURES - 2024 BUDGET
B6: PROJECT # | C6: CAPITAL RESERVE FUND | E6: Budget | G6: Actual | I6: Forecast | K6: Forecast | M6: Variance
E7: 2024 | G7: December YTD 2024 | I7: remainder | K7: Total year | M7: to Budget | O7: Comments
B8: 24C-01 | C8: Landscaping Equipment/ Plants/Fertilizers/ Oceanfront Palm Trees | E8: 20000 | G8: =630.8+752.5+1054+1097.68+1089.65+116+3855+7192.52+3032.87+3795+2475.67+630+440 -> 26161.69 | I8: =+E8-G8 -> -6161.69 | K8: =G8+I8 -> 20000 | M8: =G8-E8 -> 6161.69 | O8: Landscaping plants
B9: 24C-02 | C9: Landscaping and Pathway Lighting | E9: 6500 | G9: =1268.86+36.02+235.47+2279.96+395.4+693+3027.03 -> 7935.74 | I9: 0 | K9: =G9+I9 -> 7935.74 | M9: =G9-E9 -> 1435.74 | O9: Pathway lighting various purchases
B10: 24C-03 | C10: Parking lot Curbs / Repair - Repainting & Sidewalk Treatment | E10: 5000 | G10: =298+648+279+2300 -> 3525 | I10: =+E10-G10 -> 1475 | K10: =G10+I10 -> 5000 | M10: =G10-E10 -> -1475 | O10: 323041--ultra spec satin exterior- capex parking lot curb pa 24C-03
B11: 24C-04 | C11: Pathway Signs | E11: 5000 | G11: =4400+642.73+112.97+527.38+613.04+800 -> 7096.12 | I11: 0 | K11: =G11+I11 -> 7096.12 | M11: =G11-E11 -> 2096.12 | O11: NEW TECH CONSTRUCTION 1113029--- Repairing the Sign 32 - 24C-04
B12: 24C-05 | C12: Exterior Building Cleaning (done with Window cleaning below) | E12: 7500 | G12: 7500 | I12: =+E12-G12 -> 0 | K12: =G12+I12 -> 7500 | M12: =G12-E12 -> 0
B13: 24C-06 | C13: Suite Exterior Window Cleaning during closure - Scafolding | E13: 24000 | G13: =30400-7500 -> 22900 | I13: =+E13-G13 -> 1100 | K13: =G13+I13 -> 24000 | M13: =G13-E13 -> -1100 | O13: 110124--WINDOW CLEANING AND EXT MOLD&MILDEW R FROM BLDG1-5 & -24C-06
B14: 24C-07 | C14: Gym Equipment - Cross Trainer / Elliptical / Flooring Repairs | E14: 13000 | G14: =5489.5+2180+1941.16 -> 9610.66 | I14: =+E14-G14 -> 3389.34 | K14: =G14+I14 -> 13000 | M14: =G14-E14 -> -3389.34 | O14: Caribbean Purchasing - Treadmill - Gym - 24C-07 & Air and sea charges
B15: 24C-08 | C15: Beach Furniture - 15 umbrellas, 10 Chaises, Clamshell Repairs/Refurbishment, Chaise and Chair Sling Replacements | E15: 30000 | G15: =5210+7174.47+12500 -> 24884.47 | I15: =+E15-G15 -> 5115.53 | K15: =G15+I15 -> 30000 | M15: =G15-E15 -> -5115.53 | O15: Sole, Inc - Canopy Shade for Umbrella - Pool & Beach
B16: 24C-09 | C16: Beach Rescue Boat Trailer - to remove to the beach in rough seas | E16: 4000 | G16: =779.69+2210+1925 -> 4914.69 | I16: 0 | K16: =G16+I16 -> 4914.69 | M16: =G16-E16 -> 914.69 | O16: JASON DELANCYINV0001-A--Water trailer repair-
B17: 24C-10 | C17: Watersports Equipment- Single and Double Kayak, 3 Paddle Boards, Hobie Sail | E17: 8500 | I17: =+E17-G17 -> 8500 | K17: =G17+I17 -> 8500 | M17: =G17-E17 -> -8500
B18: 24C-11 | C18: New Ice machine | E18: 12000 | G18: 9201.42 | I18: =+E18-G18 -> 2798.58 | K18: =G18+I18 -> 12000 | M18: =G18-E18 -> -2798.58 | O18: UNI-SOURCE SUPPLY INTERNATIONAL INC 0106146--Indigo NXT Ice Maker- Capex 24C-11-
B19: 24C-12 | C19: Pool Furniture- 5 Umbrellas and Bases, 10 Side Tables, Cushion Repairs and Repalcements, Chaise refubishments | E19: =4800+5500+3500 -> 13800 | G19: =158.37+4253.03+3271.75+4245.64+3271.74 -> 15200.53 | I19: 0 | K19: =G19+I19 -> 15200.53 | M19: =G19-E19 -> 1400.53 | O19: Tropitone Furniture Co. - Sling set Chaise Lounge (Pool & Be - 24C-12
B20: 24C-13 | C20: Pool Lights | E20: 8000 | G20: =8323 -> 8323 | I20: 0 | K20: =G20+I20 -> 8323 | M20: =G20-E20 -> 323 | O20: CARLISLE SUPPLIES LIMITED3155901--Intellibrite Spa Pool Light- (POOL LIGHTS)
B21: 24C-14 | C21: Pool Heater | E21: 9000 | G21: =3325+822.37+503.85 -> 4651.22 | I21: =+E21-G21 -> 4348.78 | K21: =G21+I21 -> 9000 | M21: =G21-E21 -> -4348.78 | O21: Howard Industries -41745--pool heater- 24C-14
B22: 24C-15 | C22: Jacuzzi & Pool Pump | E22: 13000 | G22: =6775+644.14+303.86 -> 7723 | I22: =+E22-G22 -> 5277 | K22: =G22+I22 -> 13000 | M22: =G22-E22 -> -5277 | O22: HOWARD INDUSTRIES - Pentair EQ Series Commercial Pump 15 HP 208-230/460V 39-36/16 Amp 24C-15
B23: 24C-16 | C23: Irrigation Pump | E23: 5500 | G23: =3114.95 -> 3114.95 | I23: =+E23-G23 -> 2385.05 | K23: =G23+I23 -> 5500 | M23: =G23-E23 -> -2385.05 | O23: UNI-SOURCE SUPPLY INTERNATIONAL INC 0105861--pump, goulds, odp motor etc-Capex 24c-16-
B24: 24C-17 | C24: Dumpster Concrete Slab Repour | E24: 8000 | G24: =2950+371.98 -> 3321.98 | I24: =+E24-G24 -> 4678.02 | K24: =G24+I24 -> 8000 | M24: =G24-E24 -> -4678.02 | O24: 909796--dig foundation mesh,install wire and concrete-capex- 24C-17
B25: 24C-18 | C25: Updated BCQS Report | E25: 4500 | G25: 4000 | I25: =+E25-G25 -> 500 | K25: =G25+I25 -> 4500 | M25: =G25-E25 -> -500 | O25: BCQS International #FEE 19708 -24c-18
B26: 24C-19 | C26: CCTV System Upgrade | E26: 10000 | G26: =1796+558+300+681+482.5+420 -> 4237.5 | I26: =+E26-G26 -> 5762.5 | K26: =G26+I26 -> 10000 | M26: =G26-E26 -> -5762.5 | O26: CCTV system upgrade
B27: 24C-20 | C27: Miscellaneous | E27: 15000 | G27: =-18023.69+4400.75+6473+23800.5+5125.25+5150+1918+1918+5150+835+835+7000 -> 44581.81 | I27: 0 | K27: =G27+I27 -> 44581.81 | M27: =G27-E27 -> 29581.81 | O27: Credit from PAUL DUESING Inv#5557, 5599, 5583 & 5603 ( 2022 & 2023 ) - Miscoded - General Coral Rendering to rooms & Balcony for September 2024 - November 2024 24c-20
K29: =G29+I29 -> 0 | M29: =K29-E29 -> 0
C30: TOTAL 2024 CAPITAL RESERVE FUND | E30: =SUM(E8:E29) -> 222300 | G30: =SUM(G8:G29) -> 218883.78 | I30: =SUM(I8:I29) -> 39168.11 | K30: =SUM(K8:K29) -> 258051.89 | M30: =SUM(M8:M29) -> -3416.22

Sheet Major 2024
C2: PROPRIETORS STRATA PLAN # 50
C4: MAJOR EXPENDITURES - 2024
E5: Budget | G5: Actual | I5: Forecast | K5: Forecast | M5: Variance to
B6: PROJECT | C6: MAJOR RESERVE FUND | E6: 2024 | G6: December YTD 2024 | I6: remainder | K6: Total year | M6: Budget | P6: Comments
B7: 24M-01 | C7: Flat Roofing Resealing of Membrane During Closure (8) - (originally multi-year project & done 10 years ago) | E7: 80000 | G7: =1044+571.51+1245+96+3000+5562+3500+137+2550+6250+137+17604+532.67+1603.96+3398.4 -> 47231.54 | I7: =+E7-G7 -> 32768.46 | K7: =G7+I7 -> 80000 | M7: =G7-E7 -> -32768.46 | P7: TCI Paint purchases for roofing project
B8: 24M-02 | C8: Pool Resurfacing Diamondbrite | E8: 100000 | G8: =2054.48+422.18+5353.25+1070.65+10000+87.75+23399.4+1035+1924.71+2186.43+15.26+366.84+7003.2+347.21+7003.2+18105+3300.22+9173.55+200+7000+32500 -> 132548.33 | I8: 0 | K8: =G8+I8 -> 132548.33 | M8: =G8-E8 -> 32548.33 | P8: FELIUS CHARLES 085951--Pre-Payment for the labor of Swimming Pool- 24M-02, KB HOME various pool equipments, Various purchases for Diamond brite
B9: 24M-03 | C9: Stairwell Painting (8) after Refurbishment | E9: 48000 | G9: =500+6941+9000+60+654+16000+8000+10000 -> 51155 | I9: 0 | K9: =G9+I9 -> 51155 | M9: =G9-E9 -> 3155 | P9: TCI Paint &Supply 320569--Wel-cote 45min Mud,gloveworks,ultra spec-Capex 24M-03
B10: 24M-04 | C10: Firepump Balance | E10: 38000 | I10: =+E10-G10 -> 38000 | K10: =G10+I10 -> 38000 | M10: =G10-E10 -> -38000
B11: 24M-05 | C11: Main Aluminum Gate (T-Bore Refusal to welded anymore) - or one other contractor will reinforce for 2024 ($5,000) | E11: 34000 | G11: =226+1600+742.5+4329 -> 6897.5 | I11: =+E11-G11 -> 27102.5 | K11: =G11+I11 -> 34000 | M11: =G11-E11 -> -27102.5 | P11: Main guest gate repairs & Manual lift Barrier
B12: 24M-06 | C12: Balance of New Hilux Truck | E12: 20500 | G12: =20500 -> 20500 | I12: =+E12-G12 -> 0 | K12: =G12+I12 -> 20500 | M12: =G12-E12 -> 0
B13: 24M-07 | C13: Water Instrusions | E13: 12000 | G13: =156+3069+72.13+16357.28+19447.32 -> 39101.73 | I13: 0 | K13: =G13+I13 -> 39101.73 | M13: =G13-E13 -> 27101.73 | P13: TCI PAINT320745--Sika Con Sealant limestone Capex 24m-07
K14: =G14+I14 -> 0 | M14: =G14-E14 -> 0
C15: Miscellaneous | G15: 98976.56 | K15: =G15+I15 -> 98976.56 | M15: =G15-E15 -> 98976.56 | P15: ISLAND FIRE SUPPLIES LTD 8454--fire alarm renovation- -
C16: Miscellaneous | G16: 66574.67 | K16: =G16+I16 -> 66574.67 | M16: =G16-E16 -> 66574.67 | P16: STORM SAFE ROOFING LTD SSR002--room reno wndw repair bldg 1-
C17: Miscellaneous | G17: 5080 | K17: =G17+I17 -> 5080 | M17: =G17-E17 -> 5080 | P17: STORM SAFE ROOFING LTD SSR001--WIRING UP OF ANNUNCIATOR PANE
C18: Miscellaneous | G18: 7254.63 | K18: =G18+I18 -> 7254.63 | M18: =G18-E18 -> 7254.63 | P18: STORM SAFE ROOFING LTD SSR001--SUPPLY AND INSTALL WALL TILIN
C19: Miscellaneous | G19: 5770.56 | K19: =G19+I19 -> 5770.56 | M19: =G19-E19 -> 5770.56 | P19: STORM SAFE ROOFING LTD SSR001--POOL LIGHTING NAD TIMERS-
C20: Miscellaneous | G20: 4813.3 | K20: =G20+I20 -> 4813.3 | M20: =G20-E20 -> 4813.3 | P20: STORM SAFE ROOFING LTD SSR001--SUPPLY AND INSTALL OF 1 EXIST
C21: Miscellaneous | G21: 5080.01 | K21: =G21+I21 -> 5080.01 | M21: =G21-E21 -> 5080.01 | P21: STORM SAFE ROOFING LTD SSR001--PRESSURE WASHING OF STACKS-
C22: Miscellaneous | G22: 1270 | K22: =G22+I22 -> 1270 | M22: =G22-E22 -> 1270 | P22: STORM SAFE ROOFING LTD SSR001--FORMING OF BENCH IN POOL SWIM
K23: =G23+I23 -> 0 | M23: =E23-G23 -> 0
K24: =+E24 -> 0 | M24: =+E24-G24 -> 0
C25: TOTAL 2024 MAJOR RESERVE FUND | E25: =SUM(E7:E24) -> 332500 | G25: =SUM(G7:G24) -> 492253.83 | I25: =SUM(I7:I24) -> 97870.96 | K25: =SUM(K7:K24) -> 590124.79 | M25: =SUM(M7:M24) -> 159753.83
P27: 2024 Reserves Page 2 of 3
I28: Remove forecast remainder for 24M-05

Sheet Reserve Flow Actual 2024
I2: PROPRIETORS STRATA PLAN # 50
I4: RESERVE FUNDS 2024
B6: YEAR 2012 | I6: RESERVE FUNDS | M6: CAPITAL | N6: MAJOR | O6: TOTAL
B8: OPENING BALANCE 2012: | F8: -26726 | G8: -26726 | I8: OPENING BALANCE 2024: | M8: 39399.62 | N8: 1001517.5 | O8: =SUM(M8:N8) -> 1040917.1
B10: February | E10: 0.42 | F10: 6444 | G10: 6444 | I10: FUNDINGS AS OF JAN 24 - DEC 24 | M10: =16457+16457+16457+16457+16457+16457+16457+16457+16457+16456+16456+16456 -> 197481 | N10: =27431+27431+27431+27431+27431+27431+27431+27431+27431+27423+27423+27423 -> 329148 | O10: =SUM(M10:N10) -> 526629
B11: March | E11: 0.42 | F11: 6444 | G11: 6444
B12: April | E12: 0.42 | F12: 6444 | G12: 6444 | I12: EXPENDITURES JAN 24 - DEC 24 | M12: =-'[6]CAPITAL 2024 BUDGET'!G30 -> -218883.78 | N12: =-'[6]MAJOR 2024 BUDGET'!G25 -> -492253.83 | O12: =SUM(M12:N12) -> -711137.61
B13: May | E13: 0.42 | F13: 6444 | G13: 6444
B14: June | E14: 0.42 | F14: 6444 | G14: 6444 | I14: ENDING BALANCE DECEMBER 2024 | M14: =SUM(M8:M12) -> 17996.84 | N14: =SUM(N8:N12) -> 838411.63 | O14: =SUM(M14:N14) -> 856408.47

Sheet P&L Q1 2025
B1: PROPRIETORS STRATA PLAN # 50 - Q1 January to March 2025
B3: SUMMARY | D3: ACTUAL 2025 - Q1 | E3: BUDGET 2025 - Q1 | F3: ACTUAL 2024 - Q1 | H3: Q1 2025 vs B 2025 | I3: % | K3: Act 2021 vs Bud 2021 | L3: %
B5: Revenues | D5: 821562.99 | E5: 945780.18 | F5: 886156.06 | H5: =D5-E5 -> -124217.19 | I5: =+H5/E5 -> -0.13133833 | K5: =#REF!-#REF! -> #REF! | L5: =+K5/#REF! -> #REF!
B6: TOTAL REVENUES | D6: =SUM(D5) -> 821562.99 | E6: =SUM(E5) -> 945780.18 | F6: =SUM(F5) -> 886156.06 | H6: =D6-E6 -> -124217.19 | I6: =+H6/E6 -> -0.13133833 | K6: =#REF!-#REF! -> #REF! | L6: =+K6/#REF! -> #REF!
K7: =+K6/#REF! -> #REF!
B8: Admin & General | D8: 351084.18 | E8: 368606.49 | F8: 302023.66 | H8: =D8-E8 -> -17522.313 | I8: =+H8/E8 -> -0.047536637 | K8: =#REF!-#REF! -> #REF! | L8: =+K8/#REF! -> #REF!
B9: Maintenance | D9: 254159.93 | E9: 312270.11 | F9: 298954.56 | H9: =D9-E9 -> -58110.181 | I9: =+H9/E9 -> -0.18608948 | K9: =#REF!-#REF! -> #REF! | L9: =+K9/#REF! -> #REF!
B10: Pool & Beach | D10: 129009.67 | E10: 131695.29 | F10: 118331.75 | H10: =D10-E10 -> -2685.6132 | I10: =+H10/E10 -> -0.020392629 | K10: =#REF!-#REF! -> #REF! | L10: =+K10/#REF! -> #REF!
B11: Common Areas | D11: 24135.38 | E11: 23586.13 | F11: 23647.44 | H11: =D11-E11 -> 549.2504 | I11: =+H11/E11 -> 0.023287008 | K11: =#REF!-#REF! -> #REF! | L11: =+K11/#REF! -> #REF!
B12: Utilities | D12: 119283.06 | E12: 123630 | F12: 115878.49 | H12: =D12-E12 -> -4346.94 | I12: =+H12/E12 -> -0.035160883 | K12: =#REF!-#REF! -> #REF! | L12: =+K12/#REF! -> #REF!
B13: TOTAL EXPENSES | D13: =SUM(D8:D12) -> 877672.23 | E13: =SUM(E8:E12) -> 959788.02 | F13: =SUM(F8:F12) -> 858835.9 | H13: =D13-E13 -> -82115.797 | I13: =+H13/E13 -> -0.08555618 | K13: =#REF!-#REF! -> #REF! | L13: =+K13/#REF! -> #REF!
K14: =+K13/#REF! -> #REF!
B15: Insurance Assessment | D15: -1202228 | E15: -1202228 | F15: -1202228 | H15: =D15-E15 -> 0 | I15: =+H15/E15 -> 0 | K15: =#REF!-#REF! -> #REF! | L15: =+K15/#REF! -> #REF!
B16: Insurance Expenses | D16: 1202228 | E16: 1202228 | F16: 1202228 | H16: =D16-E16 -> 0 | I16: =+H16/E16 -> 0 | K16: =#REF!-#REF! -> #REF! | L16: =+K16/#REF! -> #REF!
B17: Management Fee | K17: =#REF!-#REF! -> #REF!
B18: TOTAL INSURANCE | D18: =SUM(D15:D17) -> 0 | E18: =SUM(E15:E17) -> 0 | F18: =SUM(F15:F17) -> 0 | K18: =#REF!-#REF! -> #REF!
K19: =#REF!-#REF! -> #REF!
B20: Capex Reserve Assessment | D20: -49371 | E20: -49371 | F20: -49371 | H20: =D20-E20 -> 0 | I20: =+H20/E20 -> 0 | K20: =#REF!-#REF! -> #REF! | L20: =+K20/#REF! -> #REF!
B21: Major Reserve Assessment | D21: -82293 | E21: -82293 | F21: -82293 | H21: =D21-E21 -> 0 | I21: =+H21/E21 -> 0 | K21: =#REF!-#REF! -> #REF! | L21: =+K21/#REF! -> #REF!
B22: Reserve Fund | D22: 131664 | E22: 131664 | F22: 131664 | H22: =D22-E22 -> 0 | I22: =+H22/E22 -> 0 | K22: =#REF!-#REF! -> #REF! | L22: =+K22/#REF! -> #REF!
B23: TOTAL RESERVE FUND | D23: =SUM(D20:D22) -> 0 | E23: =SUM(E20:E22) -> 0 | F23: =SUM(F20:F22) -> 0 | K23: =#REF!-#REF! -> #REF!
K24: =#REF!-#REF! -> #REF!
B25: INCOME/ (LOSS) | D25: =D6-D13-D18-D23 -> -56109.235 | E25: =E6-E13-E18-E23 -> -14007.842 | F25: =F6-F13-F18-F23 -> 27320.16 | H25: =D25-E25 -> -42101.393 | I25: =+H25/E25 -> 3.0055588 | K25: =#REF!-#REF! -> #REF!
B28: ADMIN & GENERAL
B30: REVENUES | D30: =D3 -> ACTUAL 2025 - Q1 | E30: =E3 -> BUDGET 2025 - Q1 | F30: =F3 -> ACTUAL 2024 - Q1 | H30: =+H$3 -> Q1 2025 vs B 2025 | I30: =+I$3 -> % | K30: =+K$3 -> Act 2021 vs Bud 2021 | L30: =+L$3 -> %
B31: Strata Fees | D31: 685188 | E31: 749987.52 | F31: 685134 | H31: =D31-E31 -> -64799.52 | I31: =+H31/E31 -> -0.086400798 | K31: =#REF!-#REF! -> #REF! | L31: =+K31/#REF! -> #REF!
B32: Strata Garage Fees | D32: 19284 | E32: 20055.36 | F32: 19284 | H32: =D32-E32 -> -771.36 | I32: =+H32/E32 -> -0.038461538 | K32: =#REF!-#REF! -> #REF! | L32: =+K32/#REF! -> #REF!
B33: Watersport Contribution | D33: 0 | E33: 0 | F33: 0 | K33: =#REF!-#REF! -> #REF!
B34: Maintenance Revenue | D34: 97226 | E34: 145102.4 | F34: 156242.84 | H34: =D34-E34 -> -47876.4 | I34: =+H34/E34 -> -0.32994906 | K34: =#REF!-#REF! -> #REF! | L34: =+K34/#REF! -> #REF!
B35: Income from water | D35: 4497.52 | E35: 5470 | F35: 5328.49 | H35: =D35-E35 -> -972.48 | I35: =+H35/E35 -> -0.17778428 | K35: =#REF!-#REF! -> #REF! | L35: =+K35/#REF! -> #REF!
B36: Income from power | D36: 11835.05 | E36: 16839.9 | F36: 15063.99 | H36: =D36-E36 -> -5004.85 | I36: =+H36/E36 -> -0.29720188 | K36: =#REF!-#REF! -> #REF! | L36: =+K36/#REF! -> #REF!
B37: Income from cable | D37: 5830.12 | E37: 4500 | F37: 3966.5 | H37: =D37-E37 -> 1330.12 | I37: =+H37/E37 -> 0.29558222 | K37: =#REF!-#REF! -> #REF! | L37: =+K37/#REF! -> #REF!
B38: Income from pest control | D38: -5265 | E38: 105 | F38: -1061.92 | H38: =D38-E38 -> -5370 | I38: =+H38/E38 -> -51.142857 | K38: =#REF!-#REF! -> #REF! | L38: =+K38/#REF! -> #REF!
B39: Other Income | D39: 2100 | E39: 2100 | F39: 2198.16 | H39: =D39-E39 -> 0 | K39: =#REF!-#REF! -> #REF!
B40: Interest Income | D40: 867.3 | E40: 1620 | H40: =D40-E40 -> -752.7 | K40: =#REF!-#REF! -> #REF! | L40: =+K40/#REF! -> #REF!
B41: TOTAL REVENUES | D41: =SUM(D31:D40) -> 821562.99 | E41: =SUM(E31:E40) -> 945780.18 | F41: =SUM(F31:F40) -> 886156.06 | H41: =D41-E41 -> -124217.19 | I41: =+H41/E41 -> -0.13133833 | K41: =#REF!-#REF! -> #REF! | L41: =+K41/#REF! -> #REF!
B43: PAYROLL EXPENSES
B44: Security Payroll | D44: 49596.27 | E44: 56008.502 | F44: 60086.95 | H44: =D44-E44 -> -6412.2323 | I44: =+H44/E44 -> -0.11448677 | K44: =#REF!-#REF! -> #REF! | L44: =+K44/#REF! -> #REF!
B45: Supplemental pay | D45: 3671.59 | E45: 4296 | F45: 4867.83 | H45: =D45-E45 -> -624.41 | I45: =+H45/E45 -> -0.14534683 | K45: =#REF!-#REF! -> #REF! | L45: =+K45/#REF! -> #REF!
B46: Employee meals | D46: 5855.26 | E46: 5500.2 | F46: 3968.63 | H46: =D46-E46 -> 355.06 | I46: =+H46/E46 -> 0.064554016 | K46: =#REF!-#REF! -> #REF! | L46: =+K46/#REF! -> #REF!
B47: Bonus provision | D47: 0 | E47: 0 | F47: 0 | K47: =#REF!-#REF! -> #REF!
B48: Employee housing | K48: =#REF!-#REF! -> #REF!
B49: Payroll taxes | D49: 7481 | E49: 6663 | F49: 8487.44 | H49: =D49-E49 -> 818 | I49: =+H49/E49 -> 0.12276752 | K49: =#REF!-#REF! -> #REF! | L49: =+K49/#REF! -> #REF!
K50: =#REF!-#REF! -> #REF!
B51: TOTAL PAYROLL & BENEFITS | D51: =SUM(D44:D49) -> 66604.12 | E51: =SUM(E44:E49) -> 72467.702 | F51: =SUM(F44:F49) -> 77410.85 | H51: =D51-E51 -> -5863.5823 | I51: =+H51/E51 -> -0.080913042 | K51: =#REF!-#REF! -> #REF! | L51: =+K51/#REF! -> #REF!
B53: OTHER EXPENSES
B54: Bank Charges | D54: 465 | E54: 465 | F54: 465 | H54: =D54-E54 -> 0 | I54: =+H54/E54 -> 0 | K54: =#REF!-#REF! -> #REF! | L54: =+K54/#REF! -> #REF!
B55: Work Permits | D55: 416.67 | E55: 9885.4167 | F55: 1887.67 | H55: =D55-E55 -> -9468.7467 | I55: =+H55/E55 -> -0.95785003 | K55: =#REF!-#REF! -> #REF! | L55: =+K55/#REF! -> #REF!
B56: Security Services & supplies | D56: 66905.35 | E56: 70172 | F56: 19701.43 | H56: =D56-E56 -> -3266.65 | I56: =+H56/E56 -> -0.046552044 | K56: =#REF!-#REF! -> #REF! | L56: =+K56/#REF! -> #REF!
B57: Telephone | D57: 350 | E57: 192 | F57: 312.88 | H57: =D57-E57 -> 158 | I57: =+H57/E57 -> 0.82291667 | K57: =#REF!-#REF! -> #REF! | L57: =+K57/#REF! -> #REF!
B58: D & O Liability Insurance | D58: 2968.73 | E58: 3897 | F58: 2530.33 | H58: =D58-E58 -> -928.27 | I58: =+H58/E58 -> -0.23820118 | K58: =#REF!-#REF! -> #REF! | L58: =+K58/#REF! -> #REF!
B59: Gym | D59: 14827.21 | E59: 12978 | F59: 14399.58 | H59: =D59-E59 -> 1849.21 | I59: =+H59/E59 -> 0.14248806 | K59: =#REF!-#REF! -> #REF! | L59: =+K59/#REF! -> #REF!
B60: Management Fee | D60: 194469.12 | E60: 194469.15 | F60: 188805.18 | H60: =D60-E60 -> -0.03 | I60: =+H60/E60 -> -1.5426611e-07 | K60: =#REF!-#REF! -> #REF! | L60: =+K60/#REF! -> #REF!
B61: Other expenses | D61: 2677.5 | E61: 2679 | F61: -4889.27 | H61: =D61-E61 -> -1.5 | I61: =+H61/E61 -> -0.00055991041 | K61: =#REF!-#REF! -> #REF! | L61: =+K61/#REF! -> #REF!
B62: Strata Lot Management Fees | D62: 0 | E62: 0 | F62: 0 | K62: =#REF!-#REF! -> #REF!
B63: Travelling expenses | D63: 1400.01 | E63: 1401 | F63: 1400.01 | H63: =D63-E63 -> -0.99 | I63: =+H63/E63 -> -0.00070663812 | K63: =#REF!-#REF! -> #REF! | L63: =+K63/#REF! -> #REF!
B64: TOTAL OTHER EXPENSES | D64: =SUM(D54:D63) -> 284479.59 | E64: =SUM(E54:E63) -> 296138.57 | F64: =SUM(F54:F63) -> 224612.81 | H64: =D64-E64 -> -11658.977 | I64: =+H64/E64 -> -0.039370004 | K64: =#REF!-#REF! -> #REF! | L64: =+K64/#REF! -> #REF!
B66: DEPARTMENTAL INCOME
B67: Dpt. Income (Profit)/Loss | D67: =D41-D51-D64 -> 470479.28 | E67: =E41-E51-E64 -> 577173.91 | F67: =F41-F51-F64 -> 584132.4 | H67: =D67-E67 -> -106694.63 | I67: =+H67/E67 -> -0.18485699 | K67: =#REF!-#REF! -> #REF! | L67: =+K67/#REF! -> #REF!
B70: MAINTENANCE
B72: PAYROLL EXPENSES | D72: =D3 -> ACTUAL 2025 - Q1 | E72: =E3 -> BUDGET 2025 - Q1 | F72: =F3 -> ACTUAL 2024 - Q1 | H72: =+H$3 -> Q1 2025 vs B 2025 | I72: =+I$3 -> % | K72: =+K$3 -> Act 2021 vs Bud 2021 | L72: =+L$3 -> %
B73: Maintenance | D73: 42998.76 | E73: 51107.854 | F73: 59352.68 | H73: =D73-E73 -> -8109.0939 | I73: =+H73/E73 -> -0.1586663 | K73: =#REF!-#REF! -> #REF! | L73: =+K73/#REF! -> #REF!
B74: Grounds | D74: 56152.88 | E74: 50198.22 | F74: 56396.12 | H74: =D74-E74 -> 5954.6602 | I74: =+H74/E74 -> 0.11862294 | K74: =#REF!-#REF! -> #REF! | L74: =+K74/#REF! -> #REF!
B75: Sewage treatment plant | D75: 2631 | E75: 2709.93 | F75: 2631 | H75: =D75-E75 -> -78.93 | I75: =+H75/E75 -> -0.029126214 | K75: =#REF!-#REF! -> #REF! | L75: =+K75/#REF! -> #REF!
B76: Supplemental pay | D76: 4572.22 | E76: 8135.1 | F76: 9537.07 | H76: =D76-E76 -> -3562.88 | I76: =+H76/E76 -> -0.43796388 | K76: =#REF!-#REF! -> #REF! | L76: =+K76/#REF! -> #REF!
B77: Employee Meals | D77: 9129.41 | E77: 8590 | F77: 6383.84 | H77: =D77-E77 -> 539.41 | I77: =+H77/E77 -> 0.062795111 | K77: =#REF!-#REF! -> #REF! | L77: =+K77/#REF! -> #REF!
B78: Bonus provision | D78: 3133.23 | E78: 2997 | F78: 1730 | H78: =D78-E78 -> 136.23 | I78: =+H78/E78 -> 0.045455455 | K78: =#REF!-#REF! -> #REF! | L78: =+K78/#REF! -> #REF!
B79: Employee housing | D79: 20169.88 | E79: 18697.34 | F79: 15285.58 | H79: =D79-E79 -> 1472.54 | I79: =+H79/E79 -> 0.078756657 | K79: =#REF!-#REF! -> #REF! | L79: =+K79/#REF! -> #REF!
B80: Payroll taxes | D80: 11323.75 | E80: 11562.128 | F80: 11141.7 | H80: =D80-E80 -> -238.37825 | I80: =+H80/E80 -> -0.02061716 | K80: =#REF!-#REF! -> #REF! | L80: =+K80/#REF! -> #REF!
K81: =#REF!-#REF! -> #REF!
B82: TOTAL PAYROLL & BENEFITS | D82: =SUM(D73:D81) -> 150111.13 | E82: =SUM(E73:E81) -> 153997.57 | F82: =SUM(F73:F81) -> 162457.99 | H82: =D82-E82 -> -3886.4419 | I82: =+H82/E82 -> -0.025237033 | K82: =#REF!-#REF! -> #REF! | L82: =+K82/#REF! -> #REF!
B84: OTHER EXPENSES
B85: Automobile | D85: 3032.45 | E85: 2887 | F85: 2329.98 | H85: =D85-E85 -> 145.45 | I85: =+H85/E85 -> 0.050381018 | K85: =#REF!-#REF! -> #REF! | L85: =+K85/#REF! -> #REF!
B86: A/C related | D86: 2276 | E86: 6476 | F86: 9087.5 | H86: =D86-E86 -> -4200 | I86: =+H86/E86 -> -0.64854849 | K86: =#REF!-#REF! -> #REF! | L86: =+K86/#REF! -> #REF!
B87: Maintenance supplies | D87: 42282.13 | E87: 72590.872 | F87: 66732.33 | H87: =D87-E87 -> -30308.743 | I87: =+H87/E87 -> -0.41752828 | K87: =#REF!-#REF! -> #REF! | L87: =+K87/#REF! -> #REF!
B88: Building maintenance | D88: 0 | E88: 0 | F88: 0 | H88: =D88-E88 -> 0 | I88: 0 | K88: =#REF!-#REF! -> #REF! | L88: =+K88/#REF! -> #REF!
B89: Office supplies | D89: 0 | E89: 225 | F89: 0 | H89: =D89-E89 -> -225 | I89: =+H89/E89 -> -1 | K89: =#REF!-#REF! -> #REF! | L89: =+K89/#REF! -> #REF!
B90: Uniforms | D90: 0 | E90: 4620 | F90: 20.79 | H90: =D90-E90 -> -4620 | I90: =+H90/E90 -> -1 | K90: =#REF!-#REF! -> #REF! | L90: =+K90/#REF! -> #REF!
B91: Painting & decoration | D91: 1967.09 | E91: 4155 | F91: 3289.01 | H91: =D91-E91 -> -2187.91 | I91: =+H91/E91 -> -0.5265728 | K91: =#REF!-#REF! -> #REF! | L91: =+K91/#REF! -> #REF!
B92: Electrical & bulbs | D92: 0 | E92: 3291 | F92: 1666.02 | H92: =D92-E92 -> -3291 | I92: =+H92/E92 -> -1 | K92: =#REF!-#REF! -> #REF! | L92: =+K92/#REF! -> #REF!
B93: Locks & Keys | D93: 2170.68 | E93: 1251 | F93: 188.1 | H93: =D93-E93 -> 919.68 | I93: =+H93/E93 -> 0.73515588 | K93: =#REF!-#REF! -> #REF! | L93: =+K93/#REF! -> #REF!
B94: Hurricane | D94: 0 | E94: 0 | F94: 0 | K94: =#REF!-#REF! -> #REF! | L94: =+K94/#REF! -> #REF!
B95: Elevator | D95: 14231.25 | E95: 12500 | F95: 8350 | H95: =D95-E95 -> 1731.25 | I95: =+H95/E95 -> 0.1385 | K95: =#REF!-#REF! -> #REF! | L95: =+K95/#REF! -> #REF!
B96: Garbage removal | D96: 9630 | E96: 9630 | F96: 9630 | H96: =D96-E96 -> 0 | I96: =+H96/E96 -> 0 | K96: =#REF!-#REF! -> #REF! | L96: =+K96/#REF! -> #REF!
B97: Telephone | D97: 1648.66 | E97: 1443 | F97: 1343.96 | H97: =D97-E97 -> 205.66 | I97: =+H97/E97 -> 0.14252252 | K97: =#REF!-#REF! -> #REF! | L97: =+K97/#REF! -> #REF!
B98: Fire protection | D98: 949.1 | E98: 1820.6667 | F98: 0 | H98: =D98-E98 -> -871.56667 | I98: =+H98/E98 -> -0.47870743 | K98: =#REF!-#REF! -> #REF! | L98: =+K98/#REF! -> #REF!
B99: Grounds & Landscaping | D99: 11324.08 | E99: 17081 | F99: 11750.72 | H99: =D99-E99 -> -5756.92 | I99: =+H99/E99 -> -0.33703647 | K99: =#REF!-#REF! -> #REF! | L99: =+K99/#REF! -> #REF!
B100: Other expenses | D100: 847.77 | E100: 1422 | F100: 803.38 | H100: =D100-E100 -> -574.23 | I100: =+H100/E100 -> -0.40381857 | K100: =#REF!-#REF! -> #REF! | L100: =+K100/#REF! -> #REF!
B101: Sewage treatment | D101: 13689.59 | E101: 18880 | F101: 21304.78 | H101: =D101-E101 -> -5190.41 | I101: =+H101/E101 -> -0.27491578 | K101: =#REF!-#REF! -> #REF! | L101: =+K101/#REF! -> #REF!
B102: TOTAL OTHER EXPENSES | D102: =SUM(D85:D101) -> 104048.8 | E102: =SUM(E85:E101) -> 158272.54 | F102: =SUM(F85:F101) -> 136496.57 | H102: =D102-E102 -> -54223.739 | I102: =+H102/E102 -> -0.34259727 | K102: =#REF!-#REF! -> #REF! | L102: =+K102/#REF! -> #REF!
B104: DEPARTMENTAL INCOME
B105: Dpt. Income (Profit)/Loss | D105: =D82+D102 -> 254159.93 | E105: =E82+E102 -> 312270.11 | F105: =F82+F102 -> 298954.56 | H105: =D105-E105 -> -58110.181 | I105: =+H105/E105 -> -0.18608948 | K105: =#REF!-#REF! -> #REF! | L105: =+K105/#REF! -> #REF!
B107: POOL & BEACH
B109: PAYROLL EXPENSES | D109: =D3 -> ACTUAL 2025 - Q1 | E109: =E3 -> BUDGET 2025 - Q1 | F109: =F3 -> ACTUAL 2024 - Q1 | H109: =+H$3 -> Q1 2025 vs B 2025 | I109: =+I$3 -> % | K109: =+K$3 -> Act 2021 vs Bud 2021 | L109: =+L$3 -> %
B110: Pool & Beach | D110: 72421.69 | E110: 62476.541 | F110: 54416.78 | H110: =D110-E110 -> 9945.1495 | I110: =+H110/E110 -> 0.15918214 | K110: =#REF!-#REF! -> #REF! | L110: =+K110/#REF! -> #REF!
B111: Supplemental pay | D111: 5598.59 | E111: 6764.04 | F111: 6189.82 | H111: =D111-E111 -> -1165.45 | I111: =+H111/E111 -> -0.17230087 | K111: =#REF!-#REF! -> #REF! | L111: =+K111/#REF! -> #REF!
B112: Employee Meals | D112: 6807.72 | E112: 5287 | F112: 4138.62 | H112: =D112-E112 -> 1520.72 | I112: =+H112/E112 -> 0.28763382 | K112: =#REF!-#REF! -> #REF! | L112: =+K112/#REF! -> #REF!
B113: Employee housing | D113: 3057.16 | E113: 3350 | F113: 0 | H113: =D113-E113 -> -292.84 | I113: =+H113/E113 -> -0.087414925 | K113: =#REF!-#REF! -> #REF! | L113: =+K113/#REF! -> #REF!
B114: Payroll taxes | D114: 9905.81 | E114: 7355.4765 | F114: 8524.36 | H114: =D114-E114 -> 2550.3335 | I114: =+H114/E114 -> 0.3467258 | K114: =#REF!-#REF! -> #REF! | L114: =+K114/#REF! -> #REF!
B115: Allocation Management Co. | D115: -48895.485 | E115: -41327.769 | F115: -36634.79 | H115: =D115-E115 -> -7567.7161 | I115: =+H115/E115 -> 0.18311456 | K115: =#REF!-#REF! -> #REF! | L115: =+K115/#REF! -> #REF!
...

Sheet Var 2025
B2: Strata Plans # 50 Income statement YTD 2025
B3: Variance analysis actual to budget
C4: Positive | D4: Negative
C5: variances | D5: variances
B6: INCOME | C6: to budget | D6: to budget
B7: Maintenance Revenues | D7: -47876
B8: Strata Fees | D8: =-64800-771 -> -65571 | F8: Strata fees will be billed out for the remainder of the year commencing May 2025
B9: Others | D9: =-5370-753 -> -6123
B10: Income from utilities | D10: =-972-5005+1330 -> -4647
B12: Total Income | C12: =SUM(C7:C10) -> 0 | D12: =SUM(D7:D10) -> -124217
C13: =D12+C12 -> -124217
B15: EXPENSES
F16: Higher expenses direclty
B17: Maintenance supplies & expenses | C17: -54224 | F17: related to higher revenues
B18: Work permits | C18: -9469
B19: Security payroll (internal & external) | C19: =-5863-3267 -> -9130
B20: Pool & Beach supplies & furniture | C20: =-7136/2-1012 -> -4580
B21: Maintenance & Ground payroll | C21: =-3886 -> -3886
B22: Power | C22: =-3780 -> -3780
B23: Water | C23: =-2242 -> -2242
B24: Pool & Beach Laundry | C24: =-2862/2 -> -1431
B25: Watersports Repair | C25: -1064
B26: Pool repair | C26: -600
B27: Pool & Beach payroll | D27: 4990
B28: Other expenses A&G | D28: =158-928+1849-2-1 -> 1076
B29: Gas/ Propane | D29: =1675 -> 1675
B30: Common Area Payroll & expenses | D30: 549
B33: Total Expenses | C33: =SUM(C17:C26) -> -90406 | D33: =SUM(D21:D30) -> 8290
D34: =C33+D33 -> -82116
B36: Total variance | C36: =C13-D34 -> -42101
B40: Travel expense - expense for the board to travel for AGM annually
B41: Other expense - WB auditing firm financial review accrual - $562.50 and 330 for seascape parking lot for staff monthly rental
B42: Accrual - WB Financials for FY 23 & 24, (no review was done a decision to be made), and Travel expense accrual for board (funds used in 2024 by the board was $3,500)
B44: Monogram fridges cost $14,478
B45: Water heater cost $1,260

Sheet Strata Fees Impact - 2025

Sheet Bal Sheet Q1 2025
A1: PROPRIETORS STRATA PLAN # 50
A2: Balance sheet as of March 31, 2025
C3: SAP | D3: SAP | E3: SAP | F3: ACCPAC | G3: ACCPAC | I3: ACCPAC
C4: Ending Balance | D4: Net Activity 10/00 | E4: Net Activity 10/00 | F4: Ending Balance | G4: Ending Balance | I4: Variance Balance
C5: 36799 | D5: DR | E5: CR | F5: 45747 | G5: 45716
A6: Account | B6: Description
A7: ========= | B7: ================================== | C7: ================= | D7: =================== | E7: ==================== | F7: ============= | G7: =============
B9: CASH | F9: =SUM(F10:F12) -> 693876.9 | G9: 693009.6 | I9: =+F9-G9 -> 867.3
A10: 101030-01 | B10: OPERATING ACCOUNT | F10: 5118.71 | G10: 5118.71 | I10: =+F10-G10 -> 0
A11: 101036-01 | B11: DEPOSIT ACCOUNT (1 YEAR) | I11: =+F11-G11 -> 0
A12: 101037-01 | B12: DEPOSIT ACCOUNT (30 DAYS) | F12: 688758.19 | G12: 687890.89 | I12: =+F12-G12 -> 867.3
I13: =+F13-G13 -> 0
B14: OTHER RECEIVABLES | F14: =SUM(F15:F19) -> -49076.55 | G14: -57386.18 | I14: =+F14-G14 -> 8309.63
A15: 111050-01 | B15: RECEIVABLE SOMERSET (WWTP) | F15: 3684.7 | G15: 3773.34 | I15: =+F15-G15 -> -88.64
A16: 111051-01 | B16: OWNER RECEIVABLES | H16: Paid by ER | I16: =+F16-G16 -> 0
A17: 111052-01 | B17: PERGOLA PROJECT - CLEARING ACCOUNT | I17: =+F17-G17 -> 0
A18: 111053-01 | B18: GILLEN HALL DESIGN PROJECT - CLEARING ACCOUNT
A19: 111070-01 | B19: INTERCOMPANY MANAGEMENT CO | F19: =-52761.25 -> -52761.25 | G19: -61159.52 | I19: =+F19-G19 -> 8398.27
B21: INVENTORIES | F21: =SUM(F22:F23) -> 181495.41 | G21: 181124.07 | I21: =+F21-G21 -> 371.34
A22: 123058-01 | B22: ENGINEERING INVENTORY | F22: 130895.48 | G22: 130524.14 | I22: =+F22-G22 -> 371.34
A23: 124010-01 | B23: HURRICANE INVENTORY | F23: 50599.93 | G23: 50599.93 | I23: =+F23-G23 -> 0
B25: PREPAIDS | F25: =SUM(F26:F27) -> 17246.1 | G25: 19475.22 | I25: =+F25-G25 -> -2229.12
A26: 130001-01 | B26: PREPAID INSURANCE | F26: 8349.99 | G26: 9184.9 | I26: =+F26-G26 -> -834.91
A27: 130009-01 | B27: PREPAID OTHERS | F27: 8896.11 | G27: 10290.32 | I27: =+F27-G27 -> -1394.21
B29: DEPOSITS | F29: 30420 | G29: 30420 | I29: =+F29-G29 -> 0
A30: 131001-01 | B30: DEPOSITS VENDORS | G30: 30420 | I30: =+F30-G30 -> -30420
I31: =+F31-G31 -> 0
B32: OTHER ASSETS | F32: =SUM(F33:F33) -> 0 | G32: 0 | I32: =+F32-G32 -> 0
A33: 259010-01 | B33: ACCRUED OTHER EXPENSES | F33: 0 | G33: 0 | I33: =+F33-G33 -> 0
I34: =+F34-G34 -> 0
I35: =+F35-G35 -> 0
B36: TOTAL ASSETS | F36: =F9+F14+F21+F25+F29 -> 873961.86 | G36: 866642.71 | I36: =+F36-G36 -> 7319.15
B38: TRADE PAYABLES | F38: =SUM(F39) -> 0 | G38: 0 | I38: =+F38-G38 -> 0
A39: 111070-01 | B39: INTERCOMPANY MANAGEMENT CO | I39: =+F39-G39 -> 0
I40: =+F40-G40 -> 0
B41: ACCRUED EXPENSES | F41: =SUM(F42:F43) -> 26300.74 | G41: 23085.27 | I41: =+F41-G41 -> 3215.47
A42: 252001-01 | B42: ACCRUED SALARIES/WAGES | F42: 6679.78 | G42: 4493.48 | I42: =+F42-G42 -> 2186.3
A43: 259010-01 | B43: ACCRUED OTHERS | F43: 19620.96 | G43: 18591.79 | I43: =+F43-G43 -> 1029.17
B45: DEPOSITS/DEFERRED INCOME | F45: =SUM(F46:F46) -> 0 | G45: 0 | I45: =+F45-G45 -> 0
I46: =+F46-G46 -> 0
I47: =+F47-G47 -> 0
B48: OWNERS EQUITY | F48: =SUM(F49:F52) -> 847661.12 | G48: 843557.44 | I48: =+F48-G48 -> 4103.68
A49: 180053-01 | B49: RESERVE FUND WWTP | F49: 41387.72 | G49: 41387.72 | I49: =+F49-G49 -> 0
A50: 276004-01 | B50: RESERVE FUNDS (CAPITAL + MAJOR) | F50: 820322.95 | G50: 797859.2 | I50: =+F50-G50 -> 22463.75
A51: 286001-01 | B51: RETAINED EARNINGS PRIOR YEARS | F51: 42059.15 | G51: 42059.15 | I51: =+F51-G51 -> 0
B52: CURRENT EARNINGS | F52: =-56108.7 -> -56108.7 | G52: -37748.63 | I52: =+F52-G52 -> -18360.07
I53: =+F53-G53 -> 0
B54: TOTAL LIABILITIES & OWNERS EQUITY | F54: =F48+F41+F38 -> 873961.86 | G54: 866642.71 | I54: =+F54-G54 -> 7319.15
B57: CONTROL | F57: =F36-F54 -> 0 | G57: =G36-G54 -> 0 | I57: =+F57-G57 -> 0

Sheet Capital Q1 2025
C2: PROPRIETORS STRATA PLAN # 50
C4: CAPITAL EXPENDITURES - 2025 BUDGET
B6: PROJECT # | C6: CAPITAL RESERVE FUND | E6: Budget | G6: Actual | I6: Forecast | K6: Forecast | M6: Variance
E7: 2025 | G7: March YTD 2025 | I7: remainder | K7: Total year | M7: to Budget | O7: Comments
B8: 25C-01 | C8: Landscaping Equipment / Plants / Fertilizers | E8: 14000 | G8: =635.55+674.98 -> 1310.53 | I8: =+E8-G8 -> 12689.47 | K8: =G8+I8 -> 14000 | M8: =K8-E8 -> 0 | O8: 23599-3--25C-01 Landscape Capex - sticker pint, bifenthrin, - 25C-01
B9: 25C-02 | C9: Landscaping and Pathway Lighting | E9: 8000 | G9: =336+464.57+498.31+154.88+482.49 -> 1936.25 | I9: =+E9-G9 -> 6063.75 | K9: =G9+I9 -> 8000 | M9: =K9-E9 -> 0 | O9: BUILDING MATERIALS LTD 637117--charge to 25C-02 landscape capex - outdoor bleach, m
B10: 25C-03 | C10: Irrigation/Cistern Motor (Gray Water - WWTP) | E10: 6500 | I10: =+E10-G10 -> 6500 | K10: =G10+I10 -> 6500 | M10: =K10-E10 -> 0
B11: 25C-04 | C11: Cistern Cleaning and Repair | E11: 12000 | I11: =+E11-G11 -> 12000 | K11: =G11+I11 -> 12000 | M11: =K11-E11 -> 0
B12: 25C-05 | C12: Cistern Pump Motor (B3 - Booster Pump Room) | E12: 5000 | I12: =+E12-G12 -> 5000 | K12: =G12+I12 -> 5000 | M12: =K12-E12 -> 0
B13: 25C-06 | C13: Booster Pump Motor & Booster Pump Invereter | E13: =7000+2700 -> 9700 | I13: =+E13-G13 -> 9700 | K13: =G13+I13 -> 9700 | M13: =K13-E13 -> 0
B14: 25C-07 | C14: Buildings Gutter Repair & Cleaning (A&K) | E14: 15000 | I14: =+E14-G14 -> 15000 | K14: =G14+I14 -> 15000 | M14: =K14-E14 -> 0
B15: 25C-08 | C15: Buildings Exterior Cleaning | E15: 7500 | I15: =+E15-G15 -> 7500 | K15: =G15+I15 -> 7500 | M15: =K15-E15 -> 0
B16: 25C-09 | C16: Building Exterior Painting - Trellis, Patios | E16: 15000 | I16: =+E16-G16 -> 15000 | K16: =G16+I16 -> 15000 | M16: =K16-E16 -> 0
B17: 25C-10 | C17: Installation of Roof Ventilation Fans | E17: 8000 | G17: 7000 | I17: =+E17-G17 -> 1000 | K17: =G17+I17 -> 8000 | M17: =K17-E17 -> 0 | O17: CARIBBEAN CONSTRUCTION 095328--capex 24m-01 roofing - building 3 roof maintenance- 24M-01
B18: 25C-11 | C18: Pathway Signs | E18: 3500 | I18: =+E18-G18 -> 3500 | K18: =G18+I18 -> 3500 | M18: =K18-E18 -> 0
B19: 25C-12 | C19: Gym Equipment - 2 New Cardio machines | E19: 16000 | I19: =+E19-G19 -> 16000 | K19: =G19+I19 -> 16000 | M19: =K19-E19 -> 0
B20: 25C-13 | C20: Beach Furniture - General Refurbishment, Sling repair/replacement | E20: 10000 | I20: =+E20-G20 -> 10000 | K20: =G20+I20 -> 10000 | M20: =K20-E20 -> 0
B21: 25C-14 | C21: Watersports Equipment- Single and Double Kayak, 2 Paddle Boards, Hobie Sail | E21: ='[7]Capex Detail'!E26 -> 6066.6 | G21: =1939.68+3186.64 -> 5126.32 | I21: =+E21-G21 -> 940.28 | K21: =G21+I21 -> 6066.6 | M21: =K21-E21 -> 0 | O21: CARIBBEAN WATERWORKS43097-- (1.) tango kayak sun, (1.) Duetto Kayak sun, (2.) paddleboard - P&B- 25C-14
B22: 25C-15 | C22: Pool Furniture- 20 Umbrellas Canvas, Cushion Repairs and Repalcements | E22: =9366+20345 -> 29711 | G22: =17940+2405 -> 20345 | I22: =+E22-G22 -> 9366 | K22: =G22+I22 -> 29711 | M22: =K22-E22 -> 0 | O22: RESTORATION - Pool & Beach - Chaise Lounges - repair,sanding 25C-15
B23: 25C-16 | C23: Pool Heater (2) | E23: 12000 | G23: 14013.7 | I23: 0 | K23: =G23+I23 -> 14013.7 | M23: =K23-E23 -> 2013.7 | O23: CARLISLE SUPPLIES - 3174497--3 pool heaters - capex 25c-16 pool heater-
B24: 25C-17 | C24: Pool & Jacuzzi Heater Pool Room Re-Piping | E24: 15000 | I24: =+E24-G24 -> 15000 | K24: =G24+I24 -> 15000 | M24: =K24-E24 -> 0
B25: 25C-18 | C25: Pool Filters (2) | E25: 6725 | I25: =+E25-G25 -> 6725 | K25: =G25+I25 -> 6725 | M25: =K25-E25 -> 0
B26: 25C-19 | C26: Jacuzzi/Pool Pump | E26: 13000 | I26: =+E26-G26 -> 13000 | K26: =G26+I26 -> 13000 | M26: =K26-E26 -> 0
B27: 25C-20 | C27: CCTV System Upgrade - including Roof Cam repalcement | E27: 10000 | I27: =+E27-G27 -> 10000 | K27: =G27+I27 -> 10000 | M27: =K27-E27 -> 0
B28: 25C-21 | C28: 4" Water Main in Basement Upgrade (different section each year completed) | E28: 5000 | I28: =+E28-G28 -> 5000 | K28: =G28+I28 -> 5000 | M28: =K28-E28 -> 0
B29: 25C-22 | C29: Sewage Treatment Plant Motor (50/30/20) | E29: =7000*0.5 -> 3500 | I29: =+E29-G29 -> 3500 | K29: =G29+I29 -> 3500 | M29: =K29-E29 -> 0
B30: 25C-23 | C30: A/C Tools & Specialty Equipment, Recovery Pump and 5,550 # Pallet Jack | E30: 7000 | I30: =+E30-G30 -> 7000 | K30: =G30+I30 -> 7000 | M30: =K30-E30 -> 0
B31: 25C-24 | C31: Miscellaneous | E31: 12000 | I31: =+E31-G31 -> 12000 | K31: =G31+I31 -> 12000 | M31: =K31-E31 -> 0
B32: 25C-25 | C32: Miscellaneous - MEP | E32: 6500 | G32: =3227+600 -> 3827 | I32: =+E32-G32 -> 2673 | K32: =G32+I32 -> 6500 | M32: =K32-E32 -> 0 | O32: HAYES ELEVATOR LTD104804--SUPPLY & INSTALL 2 UPS BATTERY BACK UP UNITS-
C34: TOTAL 2025 CAPITAL RESERVE FUND | E34: =SUM(E8:E32) -> 256702.6 | G34: =SUM(G8:G32) -> 53558.8 | I34: =SUM(I8:I32) -> 205157.5 | K34: =SUM(K8:K32) -> 258716.3 | M34: =SUM(M8:M32) -> 2013.7
O37: 2025 Reserves Page 1 of 3

Sheet Major Q1 2025
C2: PROPRIETORS STRATA PLAN # 50
C4: MAJOR EXPENDITURES - 2025
E5: Budget | G5: Actual | I5: Forecast | K5: Forecast | M5: Variance to
B6: PROJECT | C6: MAJOR RESERVE FUND | E6: 2025 | G6: March YTD 2025 | I6: remainder | K6: Total year | M6: Budget | P6: Comments
B7: 25M-01 | C7: Upgraded Beach Umbreallas and Additional New Chaises and Side Tables | E7: ='[7]Capex Detail'!E11 -> 165000 | I7: =+E7-G7 -> 165000 | K7: =G7+I7 -> 165000 | M7: =K7-E7 -> 0
B8: 25M-02 | C8: Firepump Balance | E8: 28372 | G8: =28371.5 -> 28371.5 | I8: =+E8-G8 -> 0.5 | K8: =G8+I8 -> 28372 | M8: =K8-E8 -> 0 | P8: ISLAND FIRE SUPPLIES LTD 8887.--fire pump supply installation - capex 25M-02
B9: 25M-03 | C9: Water Instrusions | E9: 15000 | I9: =+E9-G9 -> 15000 | K9: =G9+I9 -> 15000 | M9: =K9-E9 -> 0
B10: 25M-04 | C10: Work shop / Landscaping storage refurbish | E10: 20000 | I10: =+E10-G10 -> 20000 | K10: =G10+I10 -> 20000 | M10: =K10-E10 -> 0
B11: 25M-05 | C11: Pool Exhaust Duct Replacement | E11: 50000 | I11: =+E11-G11 -> 50000 | K11: =G11+I11 -> 50000 | M11: =K11-E11 -> 0
B12: 25M-06 | C12: Fire Alarm (IFS) | E12: 95000 | G12: 85792.83 | I12: =+E12-G12 -> 9207.17 | K12: =G12+I12 -> 95000 | M12: =K12-E12 -> 0 | P12: ISLAND FIRE SUPPLIES LTD - 8806.-- strata - completion of fire alarm renovation- 25M-06
I13: =+E13-G13 -> 0 | K13: 0 | M13: =K13-E13 -> 0
K14: =G14+I14 -> 0 | M14: =K14-E14 -> 0
K15: =G15+I15 -> 0 | M15: =K15-E15 -> 0
K16: =+E16 -> 0 | M16: =K16-E16 -> 0
C17: TOTAL 2025 MAJOR RESERVE FUND | E17: =SUM(E7:E16) -> 373372 | G17: =SUM(G7:G16) -> 114164.33 | I17: =SUM(I7:I16) -> 259207.67 | K17: =SUM(K7:K16) -> 373372 | M17: =SUM(M7:M16) -> 0
P19: 2025 Reserves Page 2 of 3

Sheet Reserve Flow Q1 2025
I2: PROPRIETORS STRATA PLAN # 50
I4: RESERVE FUNDS 2025
B6: YEAR 2012 | I6: RESERVE FUNDS | M6: CAPITAL | N6: MAJOR | O6: TOTAL
B8: OPENING BALANCE 2012: | F8: -26726 | G8: -26726 | I8: OPENING BALANCE 2025: | M8: =17996.68 -> 17996.68 | N8: =838411.68+0.72 -> 838412.4 | O8: =SUM(M8:N8) -> 856409.08
B10: February | E10: 0.42 | F10: 6444 | G10: 6444 | I10: FUNDINGS AS OF MAR 25 | M10: =16456+16456+16456 -> 49368 | N10: =27423+27423+27423 -> 82269 | O10: =SUM(M10:N10) -> 131637
B11: March | E11: 0.42 | F11: 6444 | G11: 6444
B12: April | E12: 0.42 | F12: 6444 | G12: 6444 | I12: EXPENDITURES MAR 25 | M12: =-'[8]CAPITAL 2025 BUDGET'!G34 -> -53558.8 | N12: =-'[8]MAJOR 2025 BUDGET'!G17 -> -114164.33 | O12: =SUM(M12:N12) -> -167723.13
B13: May | E13: 0.42 | F13: 6444 | G13: 6444
B14: June | E14: 0.42 | F14: 6444 | G14: 6444 | I14: ENDING BALANCE MARCH 2025 | M14: =SUM(M8:M12) -> 13805.88 | N14: =SUM(N8:N12) -> 806517.07 | O14: =SUM(M14:N14) -> 820322.95
I16: FUNDINGS APR to DEC 2025 | M16: =16456*9 -> 148104 | N16: =27423*9 -> 246807 | O16: =SUM(M16:N16) -> 394911
I18: FORECAST EXPENDITURES APR to DEC 2025 | M18: =-'[8]CAPITAL 2025 BUDGET'!I34 -> -195157.5 | N18: =-'[8]MAJOR 2025 BUDGET'!I17 -> -259207.67 | O18: =SUM(M18:N18) -> -454365.17
I20: BALANCE ESTIMATED DECEMBER 2025 | M20: =SUM(M14:M18) -> -33247.62 | N20: =SUM(N14:N18) -> 794116.4 | O20: =SUM(O14:O18) -> 760868.78
I24: 2025 Reserves Page 3 of 3

Sheet Retained Earnings Q1 2025
B2: Proprietors of Strata Plan #50
B4: Reserve fundings - 31- March 2025
B7: Reserve Funds (equity) | C7: 820322.95 | E7: RP O15
B8: Reserve Funds (term deposits funded) | C8: =-688758.19 -> -688758.19 | E8: -BSF11-BS F12'
B9: Balance to be funded before adjustements (A) | C9: =SUM(C7:C8) -> 131564.76
B11: Inventories advanced by Management Co. | C11: -181495 | E11: -BS F19'
B12: Owner Project advanced by Management Co. | C12: 0
B13: Retained earnings held by Management Co. | C13: 42059.15 | E13: BS F49'
B14: Current earnings advanced by Management Co. | C14: =-56108.7 -> -56108.7 | E14: BS F50'
B15: Total cash adjustments (B) | C15: =SUM(C11:C14) -> -195544.55
B17: Term deposit to be funded (A+B) | C17: =C9+C15 -> -63979.79
B18: rounded =) | D18: **

Sheet Insurance
B2: THE PALMS - STRATA
B5: Premium summary: | C5: 2024 | D5: 2025 | F5: 2024 | G5: 2025 | I5: increase | K5: 2024 | L5: 2025
B6: Property Insurance | C6: 81252000 | D6: 81252000 | F6: 957758 | G6: =984859.64+5910.64 -> 990770.28 | I6: =(G6/F6)-1 -> 0.034468289 | K6: =F6/C6 -> 0.011787501 | L6: =G6/D6 -> 0.012193796
B7: Public Liability | F7: 204560 | G7: =204103.58+1224.93 -> 205328.51 | I7: =(G7/F7)-1 -> 0.0037568928
B8: Terrorism | F8: 6898 | G8: =6570.7+39.43 -> 6610.13 | I8: =(G8/F8)-1 -> -0.041732386
B9: Strata Business Interruption | F9: 33012 | G9: 0 | I9: =(G9/F9)-1 -> -1
B10: TOTAL | C10: =SUM(C6:C9) -> 81252000 | D10: =SUM(D6:D9) -> 81252000 | F10: =SUM(F6:F9) -> 1202228 | G10: =SUM(G6:G9) -> 1202708.9 | I10: =G11/F10 -> 0.00040002396
F11: Decrease | G11: =G10-F10 -> 480.92

Sheet FUEL FACTOR  FORTIS
B2: FUEL FACTOR FORTIS - TURKS & CAICOS ISLANDS
B4: Date | C4: JAN | D4: FEB | E4: MAR | F4: APR | G4: MAY | H4: JUN | I4: JUL | J4: AUG | K4: SEP | L4: OCT | M4: NOV | N4: DEC | O4: AVG | W4: Jan-08 | X4: Feb-08 | Y4: Mar-08 | Z4: Apr-08 | AA4: May-08 | AB4: Jun-08 | AC4: Jul-08 | AD4: Aug-08 | AE4: Sep-08 | AF4: Oct-08 | AG4: Nov-08 | AH4: Dec-08 | AI4: Jan-09 | AJ4: Feb-09 | AK4: Mar-09 | AL4: Apr-09 | AM4: May-09 | AN4: Jun-09 | AO4: Jul-09 | AP4: Aug-09 | AQ4: Sep-09 | AR4: Oct-09 | AS4: Nov-09 | AT4: Dec-09 | AU4: Jan-10 | AV4: Feb-10 | AW4: Mar-10 | AX4: Apr-10 | AY4: May-10 | AZ4: Jun-10 | BA4: Jul-10 | BB4: Aug-10 | BC4: Sep-10 | BD4: Oct-10 | BE4: Nov-10 | BF4: Dec-10 | BG4: Jan-11 | BH4: Feb-11 | BI4: Mar-11 | BJ4: Apr-11 | BK4: May-11 | BL4: Jun-11 | BM4: Jul-11 | BN4: Aug-11 | BO4: Sep-11 | BP4: Oct-11 | BQ4: Nov-11 | BR4: Dec-11 | BS4: Jan-12 | BT4: Feb-12 | BU4: Mar-12 | BV4: Apr-12 | BW4: May-12 | BX4: Jun-12 | BY4: Jul-12 | BZ4: Aug-12 | CA4: Sep-12 | CB4: Oct-12 | CC4: Nov-12 | CD4: Dec-12 | CE4: Jan-13 | CF4: Feb-13 | CG4: Mar-13 | CH4: Apr-13 | CI4: May-13 | CJ4: Jun-13 | CK4: Jul-13 | CL4: Aug-13 | CM4: Sep-13 | CN4: Oct-13 | CO4: Nov-13 | CP4: Dec-13 | CQ4: Jaqn-14 | CR4: Feb-14 | CS4: Mar-14 | CT4: Apr-14 | CU4: May-14 | CV4: Jun-14 | CW4: Jul-14 | CX4: Aug-14 | CY4: Sep-14 | CZ4: Oct-14 | DA4: Nov-14 | DB4: Dec-14 | DC4: Jan-15 | DD4: Feb-15 | DE4: Mar-15 | DF4: Apr-15 | DG4: May-15 | DH4: Jun-15 | DI4: Jul-15 | DJ4: Aug-15 | DK4: Sep-15 | DL4: Oct-15 | DM4: Nov-15 | DN4: Dec-15 | DO4: Jan-16 | DP4: Feb-16 | DQ4: Mar-16 | DR4: Apr-16 | DS4: May-16 | DT4: Jun-16 | DU4: Jul-16 | DV4: Aug-16 | DW4: Sep-16 | DX4: Oct-16 | DY4: Nov-16 | DZ4: Dec-16 | EA4: 42736 | EB4: 42767 | EC4: 42795 | ED4: 42826 | EE4: 42856 | EF4: 42887 | EG4: 42917 | EH4: 42948 | EI4: 42979 | EJ4: 43009 | EK4: 43040 | EL4: 43070 | EM4: 43101 | EN4: 43132 | EO4: 43160 | EP4: 43191 | EQ4: 43221 | ER4: 43252 | ES4: 43282 | ET4: 43313 | EU4: 43344 | EV4: 43374 | EW4: 43405 | EX4: 43435 | EY4: 43466 | EZ4: 43497 | FA4: 43525 | FB4: 43556 | FC4: 43586 | FD4: 43617 | FE4: 43647 | FF4: 43678 | FG4: 43709 | FH4: 43739 | FI4: 43770 | FJ4: 43800
B5: 2008 | C5: 0.1346 | D5: 0.1773 | E5: 0.1823 | F5: 0.1816 | G5: 0.1871 | H5: 0.2414 | I5: 0.2494 | J5: 0.2846 | K5: 0.28063 | L5: 0.291 | M5: 0.2678 | N5: 0.2352 | O5: =AVERAGE(C5:N5) -> 0.2260775 | W5: =C5 -> 0.1346 | X5: =D5 -> 0.1773 | Y5: =E5 -> 0.1823 | Z5: =F5 -> 0.1816 | AA5: =G5 -> 0.1871 | AB5: =H5 -> 0.2414 | AC5: =I5 -> 0.2494 | AD5: =J5 -> 0.2846 | ... AH5: =N5 -> 0.2352 | AI5: =C6 -> 0.2352 | AJ5: =D6 -> 0.1608 | AK5: =E6 -> 0.1138 | AL5: =F6 -> 0.09012 | AM5: =G6 -> 0.0891 | AN5: =H6 -> 0.0866 | AO5: =I6 -> 0.088157 | AP5: =J6 -> 0.088157 | ... AT5: =N6 -> 0.133392 | AU5: =C7 -> 0.151146 | AV5: =D7 -> 0.147325 | AW5: =E7 -> 0.149236 | AX5: =F7 -> 0.145532 | AY5: =G7 -> 0.147906 | AZ5: =H7 -> 0.15458 | BA5: =I7 -> 0.15668 | BB5: =J7 -> 0.1495 | ... BF5: =N7 -> 0.16592 | BG5: =C8 -> 0.17061 | BH5: =D8 -> 0.17789 | BI5: =E8 -> 0.1913 | BJ5: =F8 -> 0.203 | BK5: =G8 -> 0.226 | BL5: =H8 -> 0.2425 | BM5: =I8 -> 0.2366 | BN5: =J8 -> 0.2451 | ... BR5: =N8 -> 0.2322 | BS5: =C9 -> 0.2454 | BT5: =D9 -> 0.2435 | BU5: =E9 -> 0.2454 | BV5: =F9 -> 0.2531 | BW5: =G9 -> 0.259 | BX5: =H9 -> 0.2613 | BY5: =I9 -> 0.2562 | BZ5: =J9 -> 0.2353 | ... CD5: =N9 -> 0.2523 | CE5: =C10 -> 0.2526 | CF5: =D10 -> 0.2512 | CG5: =E10 -> 0.2491 | CH5: =F10 -> 0.262 | CI5: =G10 -> 0.2485 | CJ5: =H10 -> 0.2351 | CK5: =I10 -> 0.228 | CL5: =J10 -> 0.2173 | ... CP5: =N10 -> 0.2416 | CQ5: =C11 -> 0.231 | CR5: =D11 -> 0.2401 | CS5: =E11 -> 0.2402 | CT5: =F11 -> 0.2372 | CU5: =G11 -> 0.2416 | CV5: =H11 -> 0.2383 | CW5: =I11 -> 0.2384 | CX5: =J11 -> 0.2401 | ... DB5: =N11 -> 0.2203 | DC5: =C12 -> 0.2091 | DD5: =D12 -> 0.198 | DE5: =E12 -> 0.1566 | DF5: =F12 -> 0.1396 | DG5: =G12 -> 0.1298 | DH5: =H12 -> 0.1321 | DI5: =I12 -> 0.1389 | DJ5: =J12 -> 0.1496 | ... DN5: =N12 -> 0.116 | DO5: =C13 -> 0.0999 | DP5: =D13 -> 0.0939 | DQ5: =E13 -> 0.0897 | DR5: =F13 -> 0.0788 | DS5: =G13 -> 0.0661 | DT5: =H13 -> 0.0647 | DU5: =I13 -> 0.0784 | DV5: =J13 -> 0.0895 | ... DZ5: =N13 -> 0.0913 | EA5: =C14 -> 0.0944 | EB5: =D14 -> 0.1068 | EC5: =E14 -> 0.1004 | ED5: =F14 -> 0.1079 | EE5: =G14 -> 0.1168 | EF5: =H14 -> 0.1254 | EG5: =I14 -> 0.1129 | EH5: =J14 -> 0.1006 | ... EL5: =N14 -> 0.1136 | EM5: =C15 -> 0.1148 | EN5: =D15 -> 0.1275 | EO5: =E15 -> 0.1398 | EP5: =F15 -> 0.1412 | EQ5: =G15 -> 0.1433 | ER5: =H15 -> 0.1511 | ES5: =I15 -> 0.1633 | ET5: =J15 -> 0.1655 | ... EX5: =N15 -> 0.1687 | EY5: =C16 -> 0.177 | EZ5: =D16 -> 0.1652 | FA5: =E16 -> 0.1515 | FB5: =F16 -> 0.133 | FC5: =G16 -> 0.1366 | FD5: =H16 -> 0.1467 | FE5: =I16 -> 0.1506 | FF5: =J16 -> 0.1493 | ... FJ5: =N16 -> 0.1367
B6: 2009 | C6: 0.2352 | D6: 0.1608 | E6: 0.1138 | F6: 0.09012 | G6: 0.0891 | H6: 0.0866 | I6: 0.088157 | J6: 0.088157 | K6: 0.128199 | L6: 0.146823 | M6: 0.133392 | N6: 0.133392 | O6: =AVERAGE(C6:N6) -> 0.12447833
B7: 2010 | C7: 0.151146 | D7: 0.147325 | E7: 0.149236 | F7: 0.145532 | G7: 0.147906 | H7: 0.15458 | I7: 0.15668 | J7: 0.1495 | K7: 0.1455 | L7: 0.1455 | M7: 0.148353 | N7: 0.16592 | O7: =AVERAGE(C7:N7) -> 0.15059817
B8: 2011 | C8: 0.17061 | D8: 0.17789 | E8: 0.1913 | F8: 0.203 | G8: 0.226 | H8: 0.2425 | I8: 0.2366 | J8: 0.2451 | K8: 0.241 | L8: 0.2265 | M8: 0.2312 | N8: 0.2322 | O8: =AVERAGE(C8:N8) -> 0.21865833
B9: 2012 | C9: 0.2454 | D9: 0.2435 | E9: 0.2454 | F9: 0.2531 | G9: 0.259 | H9: 0.2613 | I9: 0.2562 | J9: 0.2353 | K9: 0.2116 | L9: 0.2296 | M9: 0.2447 | N9: 0.2523 | O9: =AVERAGE(C9:N9) -> 0.24478333
B10: 2013 | C10: 0.2526 | D10: 0.2512 | E10: 0.2491 | F10: 0.262 | G10: 0.2485 | H10: 0.2351 | I10: 0.228 | J10: 0.2173 | K10: 0.2276 | L10: 0.2299 | M10: 0.2352 | N10: 0.2416 | O10: =AVERAGE(C10:N10) -> 0.23984167
B11: 2014 | C11: 0.231 | D11: 0.2401 | E11: 0.2402 | F11: 0.2372 | G11: 0.2416 | H11: 0.2383 | I11: 0.2384 | J11: 0.2401 | K11: 0.2447 | L11: 0.2366 | M11: 0.2305 | N11: 0.2203 | O11: =AVERAGE(C11:N11) -> 0.23658333
B12: 2015 | C12: 0.2091 | D12: 0.198 | E12: 0.1566 | F12: 0.1396 | G12: 0.1298 | H12: 0.1321 | I12: 0.1389 | J12: 0.1496 | K12: 0.1412 | L12: 0.1364 | M12: 0.1311 | N12: 0.116 | O12: =AVERAGE(C12:N12) -> 0.1482
B13: 2016 | C13: 0.0999 | D13: 0.0939 | E13: 0.0897 | F13: 0.0788 | G13: 0.0661 | H13: 0.0647 | I13: 0.0784 | J13: 0.0895 | K13: 0.0973 | L13: 0.0876 | M13: 0.0857 | N13: 0.0913 | O13: =AVERAGE(C13:N13) -> 0.085241667
B14: 2017 | C14: 0.0944 | D14: 0.1068 | E14: 0.1004 | F14: 0.1079 | G14: 0.1168 | H14: 0.1254 | I14: 0.1129 | J14: 0.1006 | K14: 0.0943 | L14: 0.1052 | M14: 0.1068 | N14: 0.1136 | O14: =AVERAGE(C14:N14) -> 0.10709167
B15: 2018 | C15: 0.1148 | D15: 0.1275 | E15: 0.1398 | F15: 0.1412 | G15: 0.1433 | H15: 0.1511 | I15: 0.1633 | J15: 0.1655 | K15: 0.1613 | L15: 0.1581 | M15: 0.1604 | N15: 0.1687 | O15: =AVERAGE(C15:N15) -> 0.14958333
B16: 2019 | C16: 0.177 | D16: 0.1652 | E16: 0.1515 | F16: 0.133 | G16: 0.1366 | H16: 0.1467 | I16: 0.1506 | J16: 0.1493 | K16: 0.1476 | L16: 0.1383 | M16: 0.1287 | N16: 0.1367 | O16: =AVERAGE(C16:N16) -> 0.14676667
B17: 2020 | C17: 0.1381 | D17: 0.1316 | E17: 0.1372 | F17: 0.1333 | G17: 0.1167 | H17: 0.1035 | I17: 0.0883 | J17: 0.0409 | K17: 0.0451 | L17: 0.0606 | M17: 0.0713 | N17: 0.0708 | O17: =AVERAGE(C17:N17) -> 0.094783333
... B21: 2024 | C21: 0.2267 | D21: 0.222 | E21: 0.1995 | F21: 0.1858 | G21: 0.1812 | H21: 0.1882 | I21: 0.189 | J21: 0.1634 | K21: 0.1718 | L21: 0.175 | M21: 0.1711 | N21: 0.158 | O21: =AVERAGE(C21:N21) -> 0.185975
B22: 2025 | C22: 0.1568 | D22: 0.1532 | E22: 0.1506 | F22: 0.155 | O22: =AVERAGE(C22:N22) -> 0.1539 | P22: =O22/O21 -> 0.82753058
C24: year over year variances
B26: 2018 vs 2008 | C26: =IF(C15=0," ",(C15-C5)/C5) -> -0.14710253 | D26: =IF(D15=0," ",(D15-D5)/D5) -> -0.28087986 | E26: =IF(E15=0," ",(E15-E5)/E5) -> -0.2331322 | F26: =IF(F15=0," ",(F15-F5)/F5) -> -0.22246696 | G26: =IF(G15=0," ",(G15-G5)/G5) -> -0.23409941 | H26: =IF(H15=0," ",(H15-H5)/H5) -> -0.37406794 | I26: =IF(I15=0," ",(I15-I5)/I5) -> -0.34522855 | J26: =IF(J15=0," ",(J15-J5)/J5) -> -0.41848208 | ... O26: =IF(O15=0," ",(O15-O5)/O5) -> -0.33835374
B27: 2018 vs 2009 | C27: =IF(C15=0," ",(C15-C6)/C6) -> -0.51190476 | D27: =IF(D15=0," ",(D15-D6)/D6) -> -0.20708955 | E27: =IF(E15=0," ",(E15-E6)/E6) -> 0.228471 | F27: =IF(F15=0," ",(F15-F6)/F6) -> 0.56679982 | G27: =IF(G15=0," ",(G15-G6)/G6) -> 0.60830527 | H27: =IF(H15=0," ",(H15-H6)/H6) -> 0.7448037 | I27: =IF(I15=0," ",(I15-I6)/I6) -> 0.85237701 | J27: =IF(J15=0," ",(J15-J6)/J6) -> 0.87733249 | ... O27: =IF(O15=0," ",(O15-O6)/O6) -> 0.20168168
B28: 2018 vs 2010 | C28: =IF(C15=0," ",(C15-C7)/C7) -> -0.24046948 | D28: =IF(D15=0," ",(D15-D7)/D7) -> -0.13456643 | E28: =IF(E15=0," ",(E15-E7)/E7) -> -0.063228712 | F28: =IF(F15=0," ",(F15-F7)/F7) -> -0.029766649 | G28: =IF(G15=0," ",(G15-G7)/G7) -> -0.031141401 | H28: =IF(H15=0," ",(H15-H7)/H7) -> -0.022512615 | I28: =IF(I15=0," ",(I15-I7)/I7) -> 0.042251723 | J28: =IF(J15=0," ",(J15-J7)/J7) -> 0.10702341 | ... O28: =IF(O15=0," ",(O15-O7)/O7) -> -0.0067386832
B29: 2018 vs 2011 | C29: =IF(C15=0," ",(C15-C8)/C8) -> -0.32712033 | D29: =IF(D15=0," ",(D15-D8)/D8) -> -0.28326494 | E29: =IF(E15=0," ",(E15-E8)/E8) -> -0.26921066 | F29: =IF(F15=0," ",(F15-F8)/F8) -> -0.3044335 | G29: =IF(G15=0," ",(G15-G8)/G8) -> -0.3659292 | H29: =IF(H15=0," ",(H15-H8)/H8) -> -0.37690722 | I29: =IF(I15=0," ",(I15-I8)/I8) -> -0.30980558 | J29: =IF(J15=0," ",(J15-J8)/J8) -> -0.3247654 | ... O29: =IF(O15=0," ",(O15-O8)/O8) -> -0.31590381
B30: 2018 vs 2012 | C30: =IF(C15=0," ",(C15-C9)/C9) -> -0.53219234 | D30: =IF(D15=0," ",(D15-D9)/D9) -> -0.47638604 | E30: =IF(E15=0," ",(E15-E9)/E9) -> -0.43031785 | F30: =IF(F15=0," ",(F15-F9)/F9) -> -0.44211774 | G30: =IF(G15=0," ",(G15-G9)/G9) -> -0.44671815 | H30: =IF(H15=0," ",(H15-H9)/H9) -> -0.42173747 | I30: =IF(I15=0," ",(I15-I9)/I9) -> -0.36260734 | J30: =IF(J15=0," ",(J15-J9)/J9) -> -0.29664258 | ... O30: =IF(O15=0," ",(O15-O9)/O9) -> -0.38891537
B31: 2018 vs 2013 | C31: =IF(C15=0," ",(C15-C10)/C10) -> -0.54552652 | D31: =IF(D15=0," ",(D15-D10)/D10) -> -0.49243631 | E31: =IF(E15=0," ",(E15-E10)/E10) -> -0.43877961 | F31: =IF(F15=0," ",(F15-F10)/F10) -> -0.4610687 | G31: =IF(G15=0," ",(G15-G10)/G10) -> -0.42334004 | H31: =IF(H15=0," ",(H15-H10)/H10) -> -0.35729477 | I31: =IF(I15=0," ",(I15-I10)/I10) -> -0.28377193 | J31: =IF(J15=0," ",(J15-J10)/J10) -> -0.23838012 | ... O31: =IF(O15=0," ",(O15-O10)/O10) -> -0.37632466
B32: 2018 vs 2014 | C32: =IF(C15=0," ",(C15-C11)/C11) -> -0.5030303 | D32: =IF(D15=0," ",(D15-D11)/D11) -> -0.46897126 | E32: =IF(E15=0," ",(E15-E11)/E11) -> -0.41798501 | F32: =IF(F15=0," ",(F15-F11)/F11) -> -0.40472175 | G32: =IF(G15=0," ",(G15-G11)/G11) -> -0.40687086 | H32: =IF(H15=0," ",(H15-H11)/H11) -> -0.3659253 | I32: =IF(I15=0," ",(I15-I11)/I11) -> -0.31501678 | J32: =IF(J15=0," ",(J15-J11)/J11) -> -0.31070387 | ... O32: =IF(O15=0," ",(O15-O11)/O11) -> -0.36773512
B33: 2018 vs 2015 | C33: =IF(C15=0," ",(C15-C12)/C12) -> -0.45098039 | D33: =IF(D15=0," ",(D15-D12)/D12) -> -0.35606061 | E33: =IF(E15=0," ",(E15-E12)/E12) -> -0.10727969 | F33: =IF(F15=0," ",(F15-F12)/F12) -> 0.011461318 | G33: =IF(G15=0," ",(G15-G12)/G12) -> 0.10400616 | H33: =IF(H15=0," ",(H15-H12)/H12) -> 0.14383043 | I33: =IF(I15=0," ",(I15-I12)/I12) -> 0.17566595 | J33: =IF(J15=0," ",(J15-J12)/J12) -> 0.10628342 | ... O33: =IF(O15=0," ",(O15-O12)/O12) -> 0.009334233
B34: 2018 vs 2017 | C34: =IF(C15=0," ",(C15-C14)/C14) -> 0.21610169 | D34: =IF(D15=0," ",(D15-D14)/D14) -> 0.19382022 | E34: =IF(E15=0," ",(E15-E14)/E14) -> 0.39243028 | F34: =IF(F15=0," ",(F15-F14)/F14) -> 0.30861909 | G34: =IF(G15=0," ",(G15-G14)/G14) -> 0.22688356 | H34: =IF(H15=0," ",(H15-H14)/H14) -> 0.20494418 | I34: =IF(I15=0," ",(I15-I14)/I14) -> 0.44641275 | J34: =IF(J15=0," ",(J15-J14)/J14) -> 0.64512922 | ... O34: =IF(O15=0," ",(O15-O14)/O14) -> 0.39677846
B35: 2019 vs 2018 | C35: =IF(C16=0," ",(C16-C15)/C15) -> 0.54181185 | D35: =IF(D16=0," ",(D16-D15)/D15) -> 0.29568627 | E35: =IF(E16=0," ",(E16-E15)/E15) -> 0.083690987 | F35: =IF(F16=0," ",(F16-F15)/F15) -> -0.058073654 | G35: =IF(G16=0," ",(G16-G15)/G15) -> -0.046755059 | H35: =IF(H16=0," ",(H16-H15)/H15) -> -0.029119788 | I35: =IF(I16=0," ",(I16-I15)/I15) -> -0.077770974 | J35: =IF(J16=0," ",(J16-J15)/J15) -> -0.097885196 | ... O35: =IF(O16=0," ",(O16-O15)/O15) -> -0.018830084
B36: 2020 vs 2019 | C36: =IF(C17=0," ",(C17-C16)/C16) -> -0.21977401 | D36: =IF(D17=0," ",(D17-D16)/D16) -> -0.20338983 | E36: =IF(E17=0," ",(E17-E16)/E16) -> -0.094389439 | F36: =IF(F17=0," ",(F17-F16)/F16) -> 0.0022556391 | G36: =IF(G17=0," ",(G17-G16)/G16) -> -0.14568082 | H36: =IF(H17=0," ",(H17-H16)/H16) -> -0.29447853 | I36: =IF(I17=0," ",(I17-I16)/I16) -> -0.41367862 | J36: =IF(J17=0," ",(J17-J16)/J16) -> -0.72605492 | ... O36: =IF(O17=0," ",(O17-O16)/O16) -> -0.35419032
B37: 2021 vs 2020 | C37: =IF(C18=0," ",(C18-C17)/C17) -> -0.4858798 | D37: =IF(D18=0," ",(D18-D17)/D17) -> -0.43920973 | E37: =IF(E18=0," ",(E18-E17)/E17) -> -0.3622449 | F37: =IF(F18=0," ",(F18-F17)/F17) -> -0.26106527 | G37: =IF(G18=0," ",(G18-G17)/G17) -> -0.12082262 | H37: =IF(H18=0," ",(H18-H17)/H17) -> 0.16714976 | I37: =IF(I18=0," ",(I18-I17)/I17) -> 0.3590034 | J37: =IF(J18=0," ",(J18-J17)/J17) -> 2.1246944 | ... O37: =IF(O18=0," ",(O18-O17)/O17) -> 0.2031827
B38: 2022 vs 2021 | C38: =IF(C19=0," ",(C19-C18)/C18) -> 1.4859155 | D38: =IF(D19=0," ",(D19-D18)/D18) -> 1.3401084 | E38: =IF(E19=0," ",(E19-E18)/E18) -> 0.76114286 | F38: =IF(F19=0," ",(F19-F18)/F18) -> 0.62538071 | G38: =IF(G19=0," ",(G19-G18)/G18) -> 0.9122807 | H38: =IF(H19=0," ",(H19-H18)/H18) -> 0.99089404 | I38: =IF(I19=0," ",(I19-I18)/I18) -> 1.4583333 | J38: =IF(J19=0," ",(J19-J18)/J18) -> 1.029734 | ... O38: =IF(O19=0," ",(O19-O18)/O18) -> 1.0296675
B39: 2023 vs 2022 | C39: =IF(C20=0," ",(C20-C19)/C19) -> 0.4509915 | D39: =IF(D20=0," ",(D20-D19)/D19) -> 0.51881876 | E39: =IF(E20=0," ",(E20-E19)/E19) -> 0.38870863 | F39: =IF(F20=0," ",(F20-F19)/F19) -> 0.34228607 | G39: =IF(G20=0," ",(G20-G19)/G19) -> 0.080530071 | H39: =IF(H20=0," ",(H20-H19)/H19) -> -0.17422037 | I39: =IF(I20=0," ",(I20-I19)/I19) -> -0.39694915 | J39: =IF(J20=0," ",(J20-J19)/J19) -> -0.36083269 | ... O39: =IF(O20=0," ",(O20-O19)/O19) -> -0.12291187
B40: 2024 vs 2023 | C40: =IF(C21=0," ",(C21-C20)/C20) -> -0.11479891 | D40: =IF(D21=0," ",(D21-D20)/D20) -> -0.15364087 | E40: =IF(E21=0," ",(E21-E20)/E20) -> -0.067757009 | F40: =IF(F21=0," ",(F21-F20)/F20) -> -0.13541182 | G40: =IF(G21=0," ",(G21-G20)/G20) -> -0.14528302 | H40: =IF(H21=0," ",(H21-H20)/H20) -> -0.052366566 | I40: =IF(I21=0," ",(I21-I20)/I20) -> 0.062394604 | J40: =IF(J21=0," ",(J21-J20)/J20) -> -0.014475271 | ... O40: =IF(O21=0," ",(O21-O20)/O20) -> -0.083942205
B41: 2025 vs 2024 | C41: =IF(C22=0," ",(C22-C21)/C21) -> -0.30833701 | D41: =IF(D22=0," ",(D22-D21)/D21) -> -0.30990991 | E41: =IF(E22=0," ",(E22-E21)/E21) -> -0.24511278 | F41: =IF(F22=0," ",(F22-F21)/F21) -> -0.16576964 | G41: =IF(G22=0," ",(G22-G21)/G21) | H41: =IF(H22=0," ",(H22-H21)/H21) | I41: =IF(I22=0," ",(I22-I21)/I21) | J41: =IF(J22=0," ",(J22-J21)/J21) | ... O41: =IF(O22=0," ",(O22-O21)/O21) -> -0.17246942
C43: Historical fuel factor

Sheet P&L Budget 2025
B1: PROPRIETORS STRATA PLAN # 50 - BUDGET 2025
B3: SUMMARY | D3: BUDGET 2025 | E3: ACTUAL 2024 | F3: ACTUAL 2023 | G3: ACTUAL 2022 | I3: B 2025 vs Act 2024 | J3: % | L3: B 2025 vs Act 2023 | M3: %
B5: Revenues | D5: ='[3]Income Statement'!R14 -> 3750267.3 | E5: 3553334.9 | F5: 3364420.9 | G5: 3020537.2 | I5: =D5-E5 -> 196932.35 | J5: =+I5/E5 -> 0.055421837 | L5: =D5-F5 -> 385846.4 | M5: =+L5/F5 -> 0.11468434
B6: TOTAL REVENUES | D6: =SUM(D5) -> 3750267.3 | E6: =SUM(E5) -> 3553334.9 | F6: =SUM(F5) -> 3364420.9 | G6: =SUM(G5) -> 3020537.2 | I6: =D6-E6 -> 196932.35 | J6: =+I6/E6 -> 0.055421837 | L6: =D6-F6 -> 385846.4 | M6: =+L6/F6 -> 0.11468434
I7: =D7-E7 -> 0 | L7: =D7-F7 -> 0
B8: Admin & General | D8: ='[3]Income Statement'!R20 -> 1397530.7 | E8: 1300689.8 | F8: 1223614.2 | G8: 1175693.6 | I8: =D8-E8 -> 96840.823 | J8: =+I8/E8 -> 0.074453433 | L8: =D8-F8 -> 173916.42 | M8: =+L8/F8 -> 0.14213338
B9: Maintenance | D9: ='[3]Income Statement'!R21 -> 1270839.6 | E9: 1380588.2 | F9: 1142249 | G9: 1124972.8 | I9: =D9-E9 -> -109748.56 | J9: =+I9/E9 -> -0.07949406 | L9: =D9-F9 -> 128590.66 | M9: =+L9/F9 -> 0.11257673
B10: Pool & Beach | D10: ='[3]Income Statement'!R22 -> 573073.04 | E10: 421533.01 | F10: 505209.97 | G10: 466558.88 | I10: =D10-E10 -> 151540.03 | J10: =+I10/E10 -> 0.35949742 | L10: =D10-F10 -> 67863.071 | M10: =+L10/F10 -> 0.13432647
B11: Common Areas | D11: ='[3]Income Statement'!R23 -> 91716.713 | E11: 86381.21 | F11: 95523.66 | G11: 89624.37 | I11: =D11-E11 -> 5335.5028 | J11: =+I11/E11 -> 0.061766938 | L11: =D11-F11 -> -3806.9472 | M11: =+L11/F11 -> -0.039853448
B12: Utilities | D12: ='[3]Income Statement'!R24 -> 417107.5 | E12: 392190.56 | F12: 389769.29 | G12: 337788.44 | I12: =D12-E12 -> 24916.94 | J12: =+I12/E12 -> 0.063532738 | L12: =D12-F12 -> 27338.21 | M12: =+L12/F12 -> 0.070139466
B13: TOTAL EXPENSES | D13: =SUM(D8:D12) -> 3750267.5 | E13: =SUM(E8:E12) -> 3581382.8 | F13: =SUM(F8:F12) -> 3356366.1 | G13: =SUM(G8:G12) -> 3194638.1 | I13: =D13-E13 -> 168884.74 | J13: =+I13/E13 -> 0.047156292 | L13: =D13-F13 -> 393901.42 | M13: =+L13/F13 -> 0.11735949
I14: =D14-E14 -> 0 | L14: =D14-F14 -> 0
B15: Insurance Assessment | D15: -1138588.8 | E15: 1202228 | F15: -1138588.8 | G15: -1140358 | I15: =D15-E15 -> -2340816.8 | J15: =+I15/E15 -> -1.9470656 | L15: =D15-F15 -> 0 | M15: =+L15/F15 -> 0
B16: Insurance Expenses | D16: 1138588.8 | E16: -1202228 | F16: 1138588.8 | G16: 1140358 | I16: =D16-E16 -> 2340816.8 | J16: =+I16/E16 -> -1.9470656 | L16: =D16-F16 -> 0 | M16: =+L16/F16 -> 0
B17: Management Fee | I17: =D17-E17 -> 0 | L17: =D17-F17 -> 0
B18: TOTAL INSURANCE | D18: =SUM(D15:D17) -> 0 | E18: =SUM(E15:E17) -> 0 | F18: =SUM(F15:F17) -> 0 | G18: =SUM(G15:G17) -> 0 | I18: =D18-E18 -> 0 | L18: =D18-F18 -> 0
I19: =D19-E19 -> 0 | L19: =D19-F19 -> 0
B20: Capex Reserve Assessment | D20: -197472 | E20: -197484 | F20: -197478 | G20: -193608 | I20: =D20-E20 -> 12 | J20: =+I20/E20 -> -6.0764416e-05 | L20: =D20-F20 -> 6 | M20: =+L20/F20 -> -3.0383131e-05
B21: Major Reserve Assessment | D21: -329076 | E21: -329172 | F21: -329176 | G21: -322680 | I21: =D21-E21 -> 96 | J21: =+I21/E21 -> -0.00029164084 | L21: =D21-F21 -> 100 | M21: =+L21/F21 -> -0.00030378885
B22: Reserve Fund | D22: 526548 | E22: 526656 | F22: 526654 | G22: 516288 | I22: =D22-E22 -> -108 | J22: =+I22/E22 -> -0.00020506744 | L22: =D22-F22 -> -106 | M22: =+L22/F22 -> -0.00020127066
B23: TOTAL RESERVE FUND | D23: =SUM(D20:D22) -> 0 | E23: =SUM(E20:E22) -> 0 | F23: =SUM(F20:F22) -> 0 | G23: =SUM(G20:G22) -> 0 | I23: =D23-E23 -> 0 | L23: =D23-F23 -> 0
I24: =D24-E24 -> 0 | L24: =D24-F24 -> 0
B25: INCOME/ (LOSS) | D25: =D6-D13-D18-D23 -> -0.27502599 | E25: =E6-E13-E18-E23 -> -28047.89 | F25: =F6-F13-F18-F23 -> 8054.74 | G25: =G6-G13-G18-G23 -> -174100.9 | I25: =D25-E25 -> 28047.615 | J25: =+I25/E25 -> -0.99999019 | L25: =D25-F25 -> -8055.015 | M25: =+L25/F25 -> -1.0000341
B28: ADMIN & GENERAL
B30: REVENUES | D30: =D3 -> BUDGET 2025 | E30: =E3 -> ACTUAL 2024 | F30: ACTUAL 2023 | G30: ACTUAL 2022 | I30: =I3 -> B 2025 vs Act 2024 | J30: =+J$3 -> % | L30: =L3 -> B 2025 vs Act 2023 | M30: %
B31: Strata Fees | D31: ='[3]Income Statement'!R53 -> 2999950.1 | E31: 2638335.1 | F31: 2724978 | G31: 2471484 | I31: =D31-E31 -> 361614.93 | J31: =+I31/E31 -> 0.13706179 | L31: =D31-F31 -> 274972.08 | M31: =+L31/F31 -> 0.100908
B32: Strata Garage Fees | D32: ='[3]Income Statement'!R54 -> 80221.44 | E32: 77136 | F32: 77171 | G32: 70140 | I32: =D32-E32 -> 3085.44 | J32: =+I32/E32 -> 0.04 | L32: =D32-F32 -> 3050.44 | M32: =+L32/F32 -> 0.03952832
B33: Maintenance Revenue | D33: ='[3]Income Statement'!R55 -> 548666.15 | E33: 739262.41 | F33: 445719.14 | G33: 368600 | I33: =D33-E33 -> -190596.26 | J33: =+I33/E33 -> -0.25781949 | L33: =D33-F33 -> 102947.01 | M33: =+L33/F33 -> 0.23096834
B34: Income from water | D34: ='[3]Income Statement'!R56 -> 20770 | E34: 14487.29 | F34: 19288.63 | G34: 20497.26 | I34: =D34-E34 -> 6282.71 | J34: =+I34/E34 -> 0.43367048 | L34: =D34-F34 -> 1481.37 | M34: =+L34/F34 -> 0.076800167
B35: Income from power | D35: ='[3]Income Statement'!R57 -> 67359.6 | E35: 50931.52 | F35: 64157.06 | G35: 66349.93 | I35: =D35-E35 -> 16428.08 | J35: =+I35/E35 -> 0.32255232 | L35: =D35-F35 -> 3202.54 | M35: =+L35/F35 -> 0.049917188
B36: Income from cable | D36: ='[3]Income Statement'!R58 -> 18000 | E36: 20175.84 | F36: 18000.94 | G36: 21635 | I36: =D36-E36 -> -2175.84 | J36: =+I36/E36 -> -0.10784384 | L36: =D36-F36 -> -0.94 | M36: =+L36/F36 -> -5.2219495e-05
B37: Income from pest control | D37: ='[3]Income Statement'!R59 -> 420 | E37: -1460.63 | F37: 378.73 | G37: 1625.04 | I37: =D37-E37 -> 1880.63 | J37: =+I37/E37 -> -1.2875472 | L37: =D37-F37 -> 41.27 | M37: =+L37/F37 -> 0.10896945
B38: Other Income | D38: ='[3]Income Statement'!R60 -> 8400 | E38: 7974.64 | F38: 8503.24 | G38: 0 | I38: =D38-E38 -> 425.36 | J38: =+I38/E38 -> 0.053339085 | L38: =D38-F38 -> -103.24 | M38: =+L38/F38 -> -0.012141254
B39: Interest Income | D39: ='[3]Income Statement'!R61 -> 6480 | E39: 6492.7 | F39: 6224.13 | G39: 205.97 | I39: =D39-E39 -> -12.7 | J39: =+I39/E39 -> -0.0019560429 | L39: =D39-F39 -> 255.87 | M39: =+L39/F39 -> 0.04110936
B40: TOTAL REVENUES | D40: =SUM(D31:D39) -> 3750267.3 | E40: =SUM(E31:E39) -> 3553334.9 | F40: =SUM(F31:F39) -> 3364420.9 | G40: =SUM(G31:G39) -> 3020537.2 | I40: =D40-E40 -> 196932.35 | J40: =+I40/E40 -> 0.055421837 | L40: =D40-F40 -> 385846.4 | M40: =+L40/F40 -> 0.11468434
B42: PAYROLL EXPENSES
B43: Security Payroll | D43: ='[3]Income Statement'!R70 -> 276535.76 | E43: 210772.32 | F43: 247197.2 | G43: 217644.37 | I43: =D43-E43 -> 65763.439 | J43: =+I43/E43 -> 0.31201174 | L43: =D43-F43 -> 29338.559 | M43: =+L43/F43 -> 0.11868484
B44: Supplemental pay | D44: ='[3]Income Statement'!R71 -> 22512 | E44: 46837.94 | F44: 24442.61 | G44: 25592.96 | I44: =D44-E44 -> -24325.94 | J44: =+I44/E44 -> -0.519364 | L44: =D44-F44 -> -1930.61 | M44: =+L44/F44 -> -0.078985427
B45: Employee meals | D45: ='[3]Income Statement'!R72 -> 22623.6 | E45: 15436.74 | F45: 21745.78 | G45: 20319.72 | I45: =D45-E45 -> 7186.86 | J45: =+I45/E45 -> 0.46556851 | L45: =D45-F45 -> 877.82 | M45: =+L45/F45 -> 0.040367372
B46: Bonus provision | I46: =D46-E46 -> 0 | L46: =D46-F46 -> 0
B47: Employee housing | I47: =D47-E47 -> 0 | L47: =D47-F47 -> 0
B48: Payroll taxes | D48: ='[3]Income Statement'!R74 -> 31362.277 | E48: 29021 | F48: 30470.61 | G48: 23029.07 | I48: =D48-E48 -> 2341.277 | J48: =+I48/E48 -> 0.080675271 | L48: =D48-F48 -> 891.66705 | M48: =+L48/F48 -> 0.029263183
I49: =D49-E49 -> 0 | L49: =D49-F49 -> 0
B50: TOTAL PAYROLL & BENEFITS | D50: =SUM(D43:D48) -> 353033.64 | E50: =SUM(E43:E48) -> 302068 | F50: =SUM(F43:F48) -> 323856.2 | G50: =SUM(G43:G48) -> 286586.12 | I50: =D50-E50 -> 50965.636 | J50: =+I50/E50 -> 0.16872239 | L50: =D50-F50 -> 29177.436 | M50: =+L50/F50 -> 0.090093802
B52: OTHER EXPENSES
B53: Bank Charges | D53: ='[3]Income Statement'!R80 -> 1860 | E53: 1860 | F53: 2180 | G53: 1964.2 | I53: =D53-E53 -> 0 | J53: =+I53/E53 -> 0 | L53: =D53-F53 -> -320 | M53: =+L53/F53 -> -0.14678899
B54: Work Permits | D54: ='[3]Income Statement'!R81 -> 39540.417 | E54: 24537 | F54: 24668.34 | G54: 24191.35 | I54: =D54-E54 -> 15003.417 | J54: =+I54/E54 -> 0.61146092 | L54: =D54-F54 -> 14872.077 | M54: =+L54/F54 -> 0.60288113
B55: Security Services & supplies | D55: ='[3]Income Statement'!R82 -> 140794 | E55: 135982.91 | F55: 53441.47 | G55: 54466.03 | I55: =D55-E55 -> 4811.09 | J55: =+I55/E55 -> 0.035380108 | L55: =D55-F55 -> 87352.53 | M55: =+L55/F55 -> 1.6345458
B56: Telephone | D56: ='[3]Income Statement'!R83 -> 606 | E56: 1421.74 | F56: 841.93 | G56: 688.66 | I56: =D56-E56 -> -815.74 | J56: =+I56/E56 -> -0.57376173 | L56: =D56-F56 -> -235.93 | M56: =+L56/F56 -> -0.2802252
B57: D & O Liability Insurance | D57: ='[3]Income Statement'!R84 -> 15588 | E57: 10656.82 | F57: 14504.15 | G57: 30254 | I57: =D57-E57 -> 4931.18 | J57: =+I57/E57 -> 0.46272528 | L57: =D57-F57 -> 1083.85 | M57: =+L57/F57 -> 0.074726889
B58: Gym | D58: ='[3]Income Statement'!R85 -> 51912 | E58: 56507.56 | F58: 51912 | G58: 49632.54 | I58: =D58-E58 -> -4595.56 | J58: =+I58/E58 -> -0.081326463 | L58: =D58-F58 -> 0 | M58: =+L58/F58 -> 0
B59: Management Fee | D59: ='[3]Income Statement'!R86 -> 777876.6 | E59: 755220.72 | F59: 733224 | G59: 698304 | I59: =D59-E59 -> 22655.88 | J59: =+I59/E59 -> 0.029999018 | L59: =D59-F59 -> 44652.6 | M59: =+L59/F59 -> 0.060898989
B60: Other expenses | D60: ='[3]Income Statement'!R87 -> 10716 | E60: 7301.68 | F60: 13385.77 | G60: 24006.65 | I60: =D60-E60 -> 3414.32 | J60: =+I60/E60 -> 0.46760745 | L60: =D60-F60 -> -2669.77 | M60: =+L60/F60 -> -0.19944837
B61: Travelling expenses | D61: ='[3]Income Statement'!R88 -> 5604 | E61: 5133.37 | F61: 5600.37 | G61: 5600.04 | I61: =D61-E61 -> 470.63 | J61: =+I61/E61 -> 0.091680514 | L61: =D61-F61 -> 3.63 | M61: =+L61/F61 -> 0.00064817146
B62: TOTAL OTHER EXPENSES | D62: =SUM(D53:D61) -> 1044497 | E62: =SUM(E53:E61) -> 998621.8 | F62: =SUM(F53:F61) -> 899758.03 | G62: =SUM(G53:G61) -> 889107.47 | I62: =D62-E62 -> 45875.217 | J62: =+I62/E62 -> 0.045938529 | L62: =D62-F62 -> 144738.99 | M62: =+L62/F62 -> 0.16086435
B64: DEPARTMENTAL INCOME
B65: Dpt. Income (Profit)/Loss | D65: =D40-D50-D62 -> 2352736.6 | E65: =E40-E50-E62 -> 2252645.1 | F65: =F40-F50-F62 -> 2140806.6 | G65: =G40-G50-G62 -> 1844843.6 | I65: =D65-E65 -> 100091.5 | J65: =+I65/E65 -> 0.044432874 | L65: =D65-F65 -> 211929.98 | M65: =+L65/F65 -> 0.098995385
B68: MAINTENANCE
B70: PAYROLL EXPENSES | D70: =D3 -> BUDGET 2025 | E70: =E3 -> ACTUAL 2024 | F70: ACTUAL 2023 | G70: ACTUAL 2022 | I70: =I3 -> B 2025 vs Act 2024 | J70: =+J$3 -> % | L70: =L3 -> B 2025 vs Act 2023 | M70: %
B71: Maintenance | D71: 249491.44 | E71: 213486.14 | F71: 228761.92 | G71: 221820.35 | I71: =D71-E71 -> 36005.302 | J71: =+I71/E71 -> 0.16865405 | L71: =D71-F71 -> 20729.522 | M71: =+L71/F71 -> 0.090616141
B72: Grounds | D72: 201334.42 | E72: 193860.13 | F72: 195186.71 | G72: 196184.29 | I72: =D72-E72 -> 7474.2878 | J72: =+I72/E72 -> 0.038555054 | L72: =D72-F72 -> 6147.7078 | M72: =+L72/F72 -> 0.031496549
B73: Sewage treatment plant | D73: 10839.72 | E73: 10524 | F73: 10020 | G73: 10008 | I73: =D73-E73 -> 315.72 | J73: =+I73/E73 -> 0.03 | L73: =D73-F73 -> 819.72 | M73: =+L73/F73 -> 0.081808383
B74: Supplemental pay | D74: 43074.6 | E74: 53948.37 | F74: 41092.66 | G74: 30750.81 | I74: =D74-E74 -> -10873.77 | J74: =+I74/E74 -> -0.20155882 | L74: =D74-F74 -> 1981.94 | M74: =+L74/F74 -> 0.048230998
B75: Employee Meals | D75: 33060 | E75: 22554.36 | F75: 28575.77 | G75: 26958.85 | I75: =D75-E75 -> 10505.64 | J75: =+I75/E75 -> 0.46579198 | L75: =D75-F75 -> 4484.23 | M75: =+L75/F75 -> 0.15692421
B76: Bonus provision | D76: 14244 | E76: 10782.37 | F76: 10783 | G76: 6468 | I76: =D76-E76 -> 3461.63 | J76: =+I76/E76 -> 0.32104537 | L76: =D76-F76 -> 3461 | M76: =+L76/F76 -> 0.32096819
B77: Employee housing | D77: 78740.04 | E77: 59895.88 | F77: 46157.34 | G77: 50420.05 | I77: =D77-E77 -> 18844.16 | J77: =+I77/E77 -> 0.3146153 | L77: =D77-F77 -> 32582.7 | M77: =+L77/F77 -> 0.70590506
B78: Payroll taxes | D78: 50492.496 | E78: 39005.65 | F78: 38031.78 | G78: 31416.48 | I78: =D78-E78 -> 11486.846 | J78: =+I78/E78 -> 0.29449186 | L78: =D78-F78 -> 12460.716 | M78: =+L78/F78 -> 0.32763958
I79: =D79-E79 -> 0 | L79: =D79-F79 -> 0
B80: TOTAL PAYROLL & BENEFITS | D80: =SUM(D71:D79) -> 681276.72 | E80: =SUM(E71:E79) -> 604056.9 | F80: =SUM(F71:F79) -> 598609.18 | G80: =SUM(G71:G79) -> 574026.83 | I80: =D80-E80 -> 77219.817 | J80: =+I80/E80 -> 0.12783534 | L80: =D80-F80 -> 82667.537 | M80: =+L80/F80 -> 0.13809935
B82: OTHER EXPENSES
B83: Automobile | D83: 13200 | E83: 3975.89 | F83: 11989.58 | G83: 7608.76 | I83: =D83-E83 -> 9224.11 | J83: =+I83/E83 -> 2.3200114 | L83: =D83-F83 -> 1210.42 | M83: =+L83/F83 -> 0.100956
B84: A/C related | D84: 25200 | E84: 23496.15 | F84: 11956.55 | G84: 4987.5 | I84: =D84-E84 -> 1703.85 | J84: =+I84/E84 -> 0.072516136 | L84: =D84-F84 -> 13243.45 | M84: =+L84/F84 -> 1.1076314
B85: Maintenance supplies | D85: 299868.88 | E85: 509417.01 | F85: 205542.41 | G85: 187548.62 | I85: =D85-E85 -> -209548.13 | J85: =+I85/E85 -> -0.4113489 | L85: =D85-F85 -> 94326.473 | M85: =+L85/F85 -> 0.45891489
B86: Office supplies | D86: 900 | E86: 0 | F86: 0 | G86: 0 | I86: =D86-E86 -> 900 | L86: =D86-F86 -> 900
B87: Uniforms | D87: 18480 | E87: 14752.65 | F87: 19284.51 | G87: 5677.94 | I87: =D87-E87 -> 3727.35 | J87: =+I87/E87 -> 0.2526563 | L87: =D87-F87 -> -804.51 | M87: =+L87/F87 -> -0.041717938
B88: Painting & decoration | D88: 16620 | E88: 15235.18 | F88: 15592.44 | G88: 19098.05 | I88: =D88-E88 -> 1384.82 | J88: =+I88/E88 -> 0.090896202 | L88: =D88-F88 -> 1027.56 | M88: =+L88/F88 -> 0.065901167
B89: Electrical & bulbs | D89: 13164 | E89: 2677.27 | F89: 13157.8 | G89: 11451.36 | I89: =D89-E89 -> 10486.73 | J89: =+I89/E89 -> 3.916949 | L89: =D89-F89 -> 6.2 | M89: =+L89/F89 -> 0.00047120339
B90: Locks & Keys | D90: 5004 | E90: 995.33 | F90: 1264.25 | G90: 17469.6 | I90: =D90-E90 -> 4008.67 | J90: =+I90/E90 -> 4.0274783 | L90: =D90-F90 -> 3739.75 | M90: =+L90/F90 -> 2.9580779
B91: Hurricane | E91: 0 | F91: 33003.63 | G91: 0.18 | I91: =D91-E91 -> 0 | L91: =D91-F91 -> -33003.63 | M91: =+L91/F91 -> -1
B92: Elevator | D92: 50000 | E92: 49880 | F92: 48562.5 | G92: 69433.75 | I92: =D92-E92 -> 120 | J92: =+I92/E92 -> 0.0024057739 | L92: =D92-F92 -> 1437.5 | M92: =+L92/F92 -> 0.02960103
B93: Garbage removal | D93: 38520 | E93: 38520 | F93: 39520 | G93: 32479.5 | I93: =D93-E93 -> 0 | J93: =+I93/E93 -> 0 | L93: =D93-F93 -> -1000 | M93: =+L93/F93 -> -0.025303644
B94: Telephone | D94: 5400 | E94: 5844.04 | F94: 4405.92 | G94: 1263.92 | I94: =D94-E94 -> -444.04 | J94: =+I94/E94 -> -0.075981684 | L94: =D94-F94 -> 994.08 | M94: =+L94/F94 -> 0.22562371
B95: Fire protection | D95: 7996 | E95: 8021.25 | F95: 15094.3 | G95: 7279.35 | I95: =D95-E95 -> -25.25 | J95: =+I95/E95 -> -0.0031478884 | L95: =D95-F95 -> -7098.3 | M95: =+L95/F95 -> -0.47026361
B96: Grounds & Landscaping | D96: 47280 | E96: 42012.06 | F96: 38679.95 | G96: 27220.52 | I96: =D96-E96 -> 5267.94 | J96: =+I96/E96 -> 0.12539114 | L96: =D96-F96 -> 8600.05 | M96: =+L96/F96 -> 0.22233871
B97: Other expenses | D97: 5688 | E97: 3004.06 | F97: 4918.95 | G97: 13057.63 | I97: =D97-E97 -> 2683.94 | J97: =+I97/E97 -> 0.89343755 | L97: =D97-F97 -> 769.05 | M97: =+L97/F97 -> 0.15634434
B98: Sewage treatment | D98: 75531 | E98: 58700.41 | F98: 80667.01 | G98: 146369.31 | I98: =D98-E98 -> 16830.59 | J98: =+I98/E98 -> 0.28672014 | L98: =D98-F98 -> -5136.01 | M98: =+L98/F98 -> -0.063669274
B99: TOTAL OTHER EXPENSES | D99: =SUM(D83:D98) -> 622851.88 | E99: =SUM(E83:E98) -> 776531.3 | F99: =SUM(F83:F98) -> 543639.8 | G99: =SUM(G83:G98) -> 550945.99 | I99: =D99-E99 -> -153679.42 | J99: =+I99/E99 -> -0.19790499 | L99: =D99-F99 -> 79212.083 | M99: =+L99/F99 -> 0.14570692
B101: DEPARTMENTAL INCOME
B102: Dpt. Income (Profit)/Loss | D102: =D80+D99 -> 1304128.6 | E102: =E80+E99 -> 1380588.2 | F102: =F80+F99 -> 1142249 | G102: =G80+G99 -> 1124972.8 | I102: =D102-E102 -> -76459.601 | J102: =+I102/E102 -> -0.055381902 | L102: =D102-F102 -> 161879.62 | M102: =+L102/F102 -> 0.14172008
B104: POOL & BEACH
B106: PAYROLL EXPENSES | D106: =D3 -> BUDGET 2025 | E106: =E3 -> ACTUAL 2024 | F106: ACTUAL 2023 | G106: ACTUAL 2022 | I106: =I3 -> B 2025 vs Act 2024 | J106: =+J$3 -> % | L106: =L3 -> B 2025 vs Act 2023 | M106: %
B107: Pool & Beach | D107: 235656.99 | E107: 190177.82 | F107: 215743.01 | G107: 213680.13 | I107: =D107-E107 -> 45479.172 | J107: =+I107/E107 -> 0.23914026 | L107: =D107-F107 -> 19913.982 | M107: =+L107/F107 -> 0.092304184
B108: Supplemental pay | D108: 30702.24 | E108: 27655.34 | F108: 29361.1 | G108: 17985.91 | I108: =D108-E108 -> 3046.9 | J108: =+I108/E108 -> 0.11017402 | L108: =D108-F108 -> 1341.14 | M108: =+L108/F108 -> 0.045677444
B109: Employee Meals | D109: 20400 | E109: 13635.49 | F109: 21179.28 | G109: 17295.174 | I109: =D109-E109 -> 6764.51 | J109: =+I109/E109 -> 0.49609585 | L109: =D109-F109 -> -779.28 | M109: =+L109/F109 -> -0.036794452
B110: Employee housing | D110: 14400 | E110: 11399.53 | F110: 17702.2 | G110: 25249.54 | I110: =D110-E110 -> 3000.47 | J110: =+I110/E110 -> 0.26320997 | L110: =D110-F110 -> -3302.2 | M110: =+L110/F110 -> -0.18654179
B111: Payroll taxes | D111: 26393.583 | E111: 28415.93 | F111: 29435.34 | G111: 21159.36 | I111: =D111-E111 -> -2022.3469 | J111: =+I111/E111 -> -0.071169476 | L111: =D111-F111 -> -3041.7569 | M111: =+L111/F111 -> -0.1033369
B112: Allocation Management Co. | D112: -140109.73 | E112: -135642.05 | F112: -156710.14 | G112: -147686 | I112: =D112-E112 -> -4467.6754 | J112: =+I112/E112 -> 0.032937244 | L112: =D112-F112 -> 16600.41 | M112: =+L112/F112 -> -0.10593067
I113: =D113-E113 -> 0 | L113: =D113-F113 -> 0
B114: TOTAL PAYROLL & BENEFITS | D114: =SUM(D107:D113) -> 187443.09 | E114: =SUM(E107:E113) -> 135642.05 | F114: =SUM(F107:F113) -> 156710.79 | G114: =SUM(G107:G113) -> 147684.11 | I114: =D114-E114 -> 51801.03 | J114: =+I114/E114 -> 0.38189506 | L114: =D114-F114 -> 30732.295 | M114: =+L114/F114 -> 0.19610835
B116: OTHER EXPENSES
...

Sheet Strata fees Breakdown
C2: INCREASE IN STRATA FEES
D4: Jan | E4: Feb | F4: Mar | G4: Apr | H4: May | I4: Jun | J4: Jul | K4: Aug | L4: Sep | M4: Oct | N4: Nov | O4: Dec | P4: Total
C5: Strata Fees 2023 | D5: 226553 | E5: 226553 | F5: 226552 | G5: 226553 | H5: 226553 | I5: 227442 | J5: 227464 | K5: 227463 | L5: 227462 | M5: 227461 | N5: 227461 | O5: 227461 | P5: =SUM(D5:O5) -> 2724978
C6: Strata Fees 2025 | D6: 228396 | E6: 228396 | F6: 228396 | G6: 228396 | H6: =(2999950-(D6+E6+F6+G6))/8 -> 260795.75 | I6: =H6 -> 260795.75 | J6: =I6 -> 260795.75 | K6: =J6 -> 260795.75 | L6: =K6 -> 260795.75 | M6: =L6 -> 260795.75 | N6: =M6 -> 260795.75 | O6: =N6 -> 260795.75 | P6: =SUM(D6:O6) -> 2999950 | Q6: =(P6/P5)-1 -> 0.10090797
C7: avg 166 units - 2023 | D7: =D5/166 -> 1364.7771 | E7: =E5/166 -> 1364.7771 | F7: =F5/166 -> 1364.7711 | G7: =G5/166 -> 1364.7771 | H7: =H5/166 -> 1364.7771 | I7: =I5/166 -> 1370.1325 | J7: =J5/166 -> 1370.2651 | K7: =K5/166 -> 1370.259 | ... O7: =O5/166 -> 1370.247 | P7: =SUM(D7:O7) -> 16415.53
C8: avg 166 units - 2025 | D8: =D6/166 -> 1375.8795 | E8: =E6/166 -> 1375.8795 | F8: =F6/166 -> 1375.8795 | G8: =G6/166 -> 1375.8795 | H8: =H6/166 -> 1571.0587 | I8: =I6/166 -> 1571.0587 | J8: =J6/166 -> 1571.0587 | K8: =K6/166 -> 1571.0587 | ... O8: =O6/166 -> 1571.0587 | P8: =SUM(D8:O8) -> 18071.988
C10: variance per unit/room | D10: =D8-D7 -> 11.10241 | E10: =E8-E7 -> 11.10241 | F10: =F8-F7 -> 11.108434 | G10: =G8-G7 -> 11.10241 | H10: =H8-H7 -> 206.28163 | I10: =I8-I7 -> 200.9262 | J10: =J8-J7 -> 200.79367 | K10: =K8-K7 -> 200.7997 | ... P10: =P8-P7 -> 1656.4578
C11: % | D11: =(D8/D7)-1 -> 0.0081349618 | E11: =(E8/E7)-1 -> 0.0081349618 | F11: =(F8/F7)-1 -> 0.0081394117 | G11: =(G8/G7)-1 -> 0.0081349618 | H11: =(H8/H7)-1 -> 0.15114675 | I11: =(I8/I7)-1 -> 0.14664728 | J11: =(J8/J7)-1 -> 0.14653637 | K11: =(K8/K7)-1 -> 0.14654142 | ... P11: =(P8/P7)-1 -> 0.10090797
C14: NOTES
C15: 1. Since the property was closed for 3 months in 2024, we have used 2023 (full year) to compared the increase impact for budget 2025
C16: 2. Strata fees not billed for the first 4 months will be billed prorated to owners commencing May 2025 at an average increase of $200 per unit.

Sheet Var Budget 2025
C2: Budget | D2: Actual
C3: 2025 | D3: 2023 | E3: Variance | F3: %
A5: Strata fees | C5: 2999950.1 | D5: 2724978 | E5: =C5-D5 -> 274972.08 | F5: =E5/D5 -> 0.100908
A7: Security expenses | C7: =353033.63+140794 -> 493827.63 | D7: =323856+53441 -> 377297 | E7: =C7-D7 -> 116530.63
A8: Housing | C8: =93140 -> 93140 | D8: 63860 | E8: =C8-D8 -> 29280
A9: Maintenance Revenues | C9: =248797 -> 248797 | D9: =445719-205542 -> 240177 | E9: =C9-D9 -> 8620
A10: Management Fee | C10: 777877 | D10: 733224 | E10: =C10-D10 -> 44653
A11: Payroll Expenses | C11: ='P&L Budget 2025'!D80+'P&L Budget 2025'!D114+'P&L Budget 2025'!D142 -> 952360.92 | D11: ='P&L Budget 2025'!F80+'P&L Budget 2025'!F114+'P&L Budget 2025'!F146 -> 846343.63 | E11: =C11-D11 -> 106017.29
A12: Miscellaneous & Hurricane | E12: =274972-305100 -> -30128
A14: Total | C14: =SUM(C7:C9) -> 835764.63 | D14: =SUM(D7:D9) -> 681334 | E14: =SUM(E7:E12) -> 274972.92

Sheet Security 
E2: 2025 Budget Increase - Security
B4: Contracted Security Manager - WCSS (Palms and Shore Club)
E5: Oversee all aspects of managing the security team
E6: Training, scheduling, disciplinaries, hires
E7: Reports, SOPs
B9: External Security | E9: Staff Parking Lot coverage initially from 2:30pm, now 4:00-11:30pm
E10: Staffing Gate / Vehicle and Bag Checks
E11: Sick/ Vacation Coverage
B13: Internal Security | E13: Beach
E14: Property Walks
E15: Lost and Found
E16: Loss Prevention
E17: Camera Surveillance
E18: Incident and Accident Reports
B20: Future Plans | E20: Incoming Assitant Security Manager (late June) - Jamaica/Present Detective/ Ex-Swat
E21: Recruitment of Security Director (Palms and Shore Club) - Reviewing CVs
E22: Recruitment of Gurkas - soldiers native to the Indian subcontinent
F23: Unique Army unit with a reputation of being amongst the finest and most feared soldiers in the world
E24: Immediate recutiment of internal security guards for the Staff Parking Area - to lower expenses
E25: Ultimately, to resume full management of the Security Team and no longer be contracted with WCSS
F26: once we are full staffed (2 managers & supervisors)
E27: Less reliance on External Security but still some for an important balance

Sheet Capital Budget 2025
C2: PROPRIETORS STRATA PLAN # 50
C4: CAPITAL EXPENDITURES - 2025 BUDGET
B6: PROJECT # | C6: CAPITAL RESERVE FUND | E6: Budget | G6: Actual | I6: Forecast | K6: Forecast | M6: Variance
E7: 2025 | G7: YTD 2025 | I7: remainder | K7: Total year | M7: to Budget | O7: Comments
B8: 25C-01 | C8: Landscaping Equipment / Plants / Fertilizers | E8: 14000 | G8: 0 | I8: =+E8-G8 -> 14000 | K8: =E8 -> 14000 | M8: =E8-G8 -> 14000
B9: 25C-02 | C9: Landscaping and Pathway Lighting | E9: 8000 | G9: 0 | I9: =+E9-G9 -> 8000 | K9: =E9 -> 8000 | M9: =E9-G9 -> 8000
B10: 25C-03 | C10: Irrigation/Cistern Motor (Gray Water - WWTP) | E10: 6500 | G10: 0 | I10: =+E10-G10 -> 6500 | K10: =E10 -> 6500 | M10: =E10-G10 -> 6500
B11: 25C-04 | C11: Cistern Cleaning and Repair | E11: 12000 | K11: =E11 -> 12000 | M11: =E11-G11 -> 12000
B12: 25C-05 | C12: Cistern Pump Motor (B3 - Booster Pump Room) | E12: 5000 | K12: =E12 -> 5000 | M12: =E12-G12 -> 5000
B13: 25C-06 | C13: Booster Pump Motor & Booster Pump Invereter | E13: =7000+2700 -> 9700 | K13: =E13 -> 9700 | M13: =E13-G13 -> 9700
B14: 25C-07 | C14: Buildings Gutter Repair & Cleaning (A&K) | E14: 15000 | M14: =E14-G14 -> 15000
B15: 25C-08 | C15: Buildings Exterior Cleaning | E15: 7500 | M15: =E15-G15 -> 7500
B16: 25C-09 | C16: Building Exterior Painting - Trellis, Patios | E16: 15000 | M16: =E16-G16 -> 15000
B17: 25C-10 | C17: Installation of Roof Ventilation Fans | E17: 8000 | K17: =E17 -> 8000 | M17: =E17-G17 -> 8000
B18: 25C-11 | C18: Pathway Signs | E18: 3500 | G18: 0 | I18: =+E18-G18 -> 3500 | K18: =E18 -> 3500 | M18: =E18-G18 -> 3500
B19: 25C-12 | C19: Gym Equipment - 2 New Cardio machines | E19: 16000 | G19: 0 | I19: =+E19-G19 -> 16000 | K19: =E19 -> 16000 | M19: =E19-G19 -> 16000
B20: 25C-13 | C20: Beach Furniture - General Refurbishment, Sling repair/replacement | E20: 10000 | G20: 0 | I20: =+E20-G20 -> 10000 | K20: =E20 -> 10000 | M20: =E20-G20 -> 10000
B21: 25C-14 | C21: Watersports Equipment- Single and Double Kayak, 2 Paddle Boards, Hobie Sail | E21: ='[10]Capex Detail'!E26 -> 6066.6 | G21: 0 | I21: =+E21-G21 -> 6066.6 | K21: =E21 -> 6066.6 | M21: =E21-G21 -> 6066.6
B22: 25C-15 | C22: Pool Furniture- 20 Umbrellas Canvas, Cushion Repairs and Repalcements | E22: 29711 | G22: 0 | I22: =+E22-G22 -> 29711 | K22: =E22 -> 29711 | M22: =E22-G22 -> 29711
B23: 25C-16 | C23: Pool Heater (2) | E23: 12000 | M23: =E23-G23 -> 12000
B24: 25C-17 | C24: Pool & Jacuzzi Heater Pool Room Re-Piping | E24: 15000 | G24: 0 | I24: =+E24-G24 -> 15000 | K24: =E24 -> 15000 | M24: =E24-G24 -> 15000
B25: 25C-18 | C25: Pool Filters (2) | E25: 6725 | G25: 0 | I25: =+E25-G25 -> 6725 | K25: =E25 -> 6725 | M25: =E25-G25 -> 6725
B26: 25C-19 | C26: Jacuzzi/Pool Pump | E26: 13000 | G26: 0 | I26: =+E26-G26 -> 13000 | K26: =E26 -> 13000 | M26: =E26-G26 -> 13000
B27: 25C-20 | C27: CCTV System Upgrade - including Roof Cam repalcement | E27: 10000 | G27: 0 | I27: =+E27-G27 -> 10000 | K27: =E27 -> 10000 | M27: =E27-G27 -> 10000
B28: 25C-21 | C28: 4" Water Main in Basement Upgrade (different section each year completed) | E28: 5000 | K28: =E28 -> 5000 | M28: =E28-G28 -> 5000
B29: 25C-22 | C29: Sewage Treatment Plant Motor (50/30/20) | E29: =7000*0.5 -> 3500 | M29: =E29-G29 -> 3500
B30: 25C-23 | C30: A/C Tools & Specialty Equipment, Recovery Pump and 5,550 # Pallet Jack | E30: 7000 | K30: =E30 -> 7000 | M30: =E30-G30 -> 7000
B31: 25C-24 | C31: Miscellaneous | E31: 12000 | G31: 0 | I31: =+E31-G31 -> 12000 | K31: =E31 -> 12000 | M31: =E31-G31 -> 12000
B32: 25C-25 | C32: Miscellaneous - MEP | E32: 6500 | K32: =E32 -> 6500
C33: TOTAL 2025 CAPITAL RESERVE FUND | E33: =SUM(E8:E32) -> 256702.6 | G33: =SUM(G8:G31) -> 0 | I33: =SUM(I8:I31) -> 150502.6 | K33: =SUM(K8:K32) -> 203702.6 | M33: =SUM(M8:M31) -> 250202.6
O35: 2025 Reserves Page 1 of 3

Sheet Major 2025 Budget..
C2: PROPRIETORS STRATA PLAN # 50
C4: MAJOR EXPENDITURES - 2025
E5: Budget | G5: Actual | I5: Forecast | K5: Forecast | M5: Variance to
B6: PROJECT | C6: MAJOR RESERVE FUND | E6: 2025 | G6: YTD 2025 | I6: remainder | K6: Total year | M6: Budget | P6: Comments
B7: 25M-01 | C7: Upgraded Beach Umbreallas and Additional New Chaises and Side Tables | E7: ='[10]Capex Detail'!E11 -> 165000 | I7: =+E7-G7 -> 165000 | K7: =G7+I7 -> 165000 | M7: =E7-G7 -> 165000
B8: 25M-02 | C8: Firepump Balance | E8: 28372 | I8: =+E8-G8 -> 28372 | K8: =G8+I8 -> 28372 | M8: =E8-G8 -> 28372 | P8: 8887.--fire pump supply installation - capex 24m-04- $28,371.00
B9: 25M-03 | C9: Water Instrusions | E9: 15000 | I9: =+E9-G9 -> 15000 | K9: =G9+I9 -> 15000 | M9: =E9-G9 -> 15000
B10: 25M-04 | C10: Work shop / Landscaping storage refurbish | E10: 20000 | I10: =+E10-G10 -> 20000 | K10: =G10+I10 -> 20000 | M10: =E10-G10 -> 20000
B11: 25M-05 | C11: Pool Exhaust Duct Replacement | E11: 50000 | I11: =+E11-G11 -> 50000 | K11: =G11+I11 -> 50000 | M11: =E11-G11 -> 50000
B12: 25M-06 | C12: Fire Alarm (IFS) | E12: 95000 | I12: =+E12-G12 -> 95000 | K12: =G12+I12 -> 95000 | M12: =E12-G12 -> 95000 | P12: 8806.-- strata - completion of fire alarm renovation- $85,792.00
K13: =+E13 -> 0 | M13: =+E13-G13 -> 0
C14: TOTAL 2025 MAJOR RESERVE FUND | E14: =SUM(E7:E13) -> 373372 | G14: =SUM(G7:G13) -> 0 | I14: =SUM(I7:I13) -> 373372 | K14: =SUM(K7:K13) -> 373372 | M14: =SUM(M7:M13) -> 373372
P16: 2025 Reserves Page 2 of 3
I17: Remove forecast remainder for 24M-05

Sheet Reserve Flow Budget 2025
I2: PROPRIETORS STRATA PLAN # 50
I4: RESERVE FUNDS 2025
B6: YEAR 2012 | I6: RESERVE FUNDS | M6: CAPITAL | N6: MAJOR | O6: TOTAL
B8: OPENING BALANCE 2012: | F8: -26726 | G8: -26726 | I8: OPENING BALANCE 2025: | M8: 17996.68 | N8: =838411.68+0.72 -> 838412.4 | O8: =SUM(M8:N8) -> 856409.08
B10: February | E10: 0.42 | F10: 6444 | G10: 6444 | I10: FUNDINGS AS OF JAN to DEC 2025 | M10: 197472 | N10: 329076 | O10: =SUM(M10:N10) -> 526548
B11: March | E11: 0.42 | F11: 6444 | G11: 6444
B12: April | E12: 0.42 | F12: 6444 | G12: 6444 | I12: FORECAST EXPENDITURES 2025 | M12: =-'[3]Capital 2025 Budget..'!E33 -> -256702.6 | N12: =-'[3]Major 2025 Budget..'!E14 -> -373372 | O12: =SUM(M12:N12) -> -630074.6
B13: May | E13: 0.42 | F13: 6444 | G13: 6444
B14: June | E14: 0.42 | F14: 6444 | G14: 6444 | I14: ENDING BALANCE DEC 2025 | M14: =SUM(M8:M12) -> -41233.92 | N14: =SUM(N8:N12) -> 794116.4 | O14: =SUM(M14:N14) -> 752882.48
B15: July | E15: 0.42 | F15: 6444 | G15: 6444

Sheet Capex Detail..
B2: BEACH FURNITURE CAPITAL 2025
B3: ITEM | C3: AMOUNT | D3: COST EACH | E3: TOTAL COST
B4: Beach Chaise | C4: 40 | D4: =681*1.45 -> 987.45 | E4: =C4*D4 -> 39498
B5: Slings and Repairs | C5: 50 | D5: =130*1.45 -> 188.5 | E5: =C5*D5 -> 9425
B6: Beach Side Tables | C6: 30 | D6: =271*1.45 -> 392.95 | E6: =C6*D6 -> 11788.5
B7: Umbrellas - 9' (Somerset Style - Greenwich - Aluminum) | C7: 120 | D7: =497*1.45 -> 720.65 | E7: =C7*D7 -> 86478
B8: Umbrella Augers | C8: 120 | D8: =76.25*1.45 -> 110.5625 | E8: =C8*D8 -> 13267.5
B9: Umbrella Canvas | C9: 8 | D9: =250*1.45 -> 362.5 | E9: =C9*D9 -> 2900
B10: Miscellaneous: | E10: 1643
B11: Total | E11: =SUM(E4:E10) -> 165000
B13: POOL FURNITURE CAPITAL 2025
B14: ITEM | C14: AMOUNT EACH | D14: COST EACH | E14: TOTAL COST
B15: Umbrella Base Fasteners | C15: 10 | D15: =12.95*1.55 -> 20.0725 | E15: =C15*D15 -> 200.725
B16: Umbrella Canvas | C16: 20 | D16: =135*1.45 -> 195.75 | E16: =C16*D16 -> 3915
B17: Cushions (New & Repairs) | C17: 30 | D17: 175 | E17: =C17*D17 -> 5250
B18: Total | E18: =SUM(E15:E17) -> 9365.725
B20: Non-motorize sports
B21: ITEM | C21: AMOUNT EACH | D21: COST EACH | E21: TOTAL COST
B22: Paddle Board | C22: 2 | D22: =675*1.6 -> 1080 | E22: =C22*D22 -> 2160
B23: Hobie Color Sail | C23: 1 | D23: =1070*1.58 -> 1690.6 | E23: =C23*D23 -> 1690.6
B24: Single Kayak (1) | C24: 1 | D24: =685*1.6 -> 1096 | E24: =C24*D24 -> 1096
B25: Double Kayak (1) | C25: 1 | D25: =700*1.6 -> 1120 | E25: =C25*D25 -> 1120
B26: Total | E26: =SUM(E22:E25) -> 6066.6
